Workbook
Name ____xlnm.Print_Area_2: #REF!
Name ____xlnm.Print_Area_3: #REF!
Name ____xlnm.Print_Area_3_1: #REF!
Name ____xlnm.Print_Titles_2: #REF!
Name ____xlnm.Print_Titles_3: #REF!
Name ___xlnm.Print_Area_2: #REF!
Name ___xlnm.Print_Area_3: #REF!
Name ___xlnm.Print_Area_3_1: #REF!
Name ___xlnm.Print_Titles_2: #REF!
Name ___xlnm.Print_Titles_3: #REF!
Name __Anonymous_Sheet_DB__0: 'CURVA ABC'!$B$11:$L$19
Name __Anonymous_Sheet_DB__0: PLANILHA_SINTÉTICA!$B$9:$L$441
Name __xlnm.Print_Area_1: INSUMOS!$A$1:$D$6
Name __xlnm.Print_Area_2: #REF!
Name __xlnm.Print_Area_2: #REF!
Name __xlnm.Print_Area_2: #REF!
Name __xlnm.Print_Area_2: #REF!
Name __xlnm.Print_Area_3: #REF!
Name __xlnm.Print_Area_3: #REF!
Name __xlnm.Print_Area_3: #REF!
Name __xlnm.Print_Area_3: #REF!
Name __xlnm.Print_Area_3_1: #REF!
Name __xlnm.Print_Area_3_1: #REF!
Name __xlnm.Print_Area_3_1: #REF!
Name __xlnm.Print_Titles_1: INSUMOS!$1:$2
Name __xlnm.Print_Titles_2: #REF!
Name __xlnm.Print_Titles_2: #REF!
Name __xlnm.Print_Titles_2: #REF!
Name __xlnm.Print_Titles_2: #REF!
Name __xlnm.Print_Titles_3: #REF!
Name __xlnm.Print_Titles_3: #REF!
Name __xlnm.Print_Titles_3: #REF!
Name __xlnm.Print_Titles_3: #REF!
Name _R10P: #REF!
Name _R10P: #REF!
Name _R10P: #REF!
Name _R10P: #REF!
Name _R10P: #REF!
Name _R10R: #REF!
Name _R10R: #REF!
Name _R10R: #REF!
Name _R10R: #REF!
Name _R10R: #REF!
Name _R11P: #REF!
Name _R11P: #REF!
Name _R11P: #REF!
Name _R11P: #REF!
Name _R11P: #REF!
Name _R11R: #REF!
Name _R11R: #REF!
Name _R11R: #REF!
Name _R11R: #REF!
Name _R11R: #REF!
Name _R12P: #REF!
Name _R12P: #REF!
Name _R12P: #REF!
Name _R12P: #REF!
Name _R12P: #REF!
Name _R12R: #REF!
Name _R12R: #REF!

Sheet DADOS
U2: ABATIÁ
U3: ADRIANÓPOLIS
U4: AGUDOS DO SUL
U5: ALMIRANTE TAMANDARÉ
U6: ALTAMIRA DO PARANÁ
U7: ALTO PARAÍSO
U8: ALTO PARANÁ
U9: ALTO PIQUIRI
B10: Identificação da Obra: | U10: ALTÔNIA
U11: ALVORADA DO SUL
B12: Objeto | D12: AMPLIÇÃO E REGULARIZAÇÃO DE UNIDADE MISTA DE SAÚDE | K12: Órgão | M12: SESA | U12: ALVORADA DO SUL
U13: AMAPORÃ
B14: Endereço | D14: RUA JOÃO FALAVIGNA, Nº171, QUADRA 13 LOTE 10 E 11 | U14: AMPÉRE
U15: ANAHY
B16: Município | D16: FLORAÍ | H16: Preço Máximo | M16: =IF('FOLHA FECHAMENTO'!G27<>" ",'FOLHA FECHAMENTO'!G27," ") -> 4620181.9 | U16: ANDIRÁ
U17: ÂNGULO
B18: Área Construída | D18: 1168.85 | H18: R$ / m² | M18: =IF(D18<>"",M16/D18," ") -> 3952.7586 | U18: ANTONINA
U19: ANTÔNIO OLINTO
B20: Data | D20: =TODAY() -> 46164 | U20: APUCARANA
U21: ARAPONGAS
B22: Identificação do Orçamentista: | U22: ARAPOTI
U23: ARAPUÃ
B24: Nome Completo | D24: ELSON HENRIQUE CAMPOS BENTO | U24: ARARUNA
U25: ARAUCÁRIA
B26: Profissão | D26: ARQUITETO E URBANISTA | U26: ARIRANHA DO IVAÍ
U27: ASSAÍ
B28: CREA / CAU N° | D28: A95.934-0 | U28: ASSIS CHATEAUBRIAND
U29: ASTORGA
B30: ART / RRT N° | D30: 15833094 | U30: ATALAIA
U31: BALSA NOVA
B32: Empresa | D32: APOIO ARQUITETURA EM PROJETOS | U32: BANDEIRANTES
U33: BARBOSA FERRAZ
B34: Telefone | D34: (44) 3639-4057 | U34: BARRACÃO
U35: BELA VISTA DA CAROBA
B36: E-mail | D36: apoioarquiteturaeengenharia@hotmail.com | U36: BITURUNA
U37: BOA ESPERANÇA
B38: Check-list da Documentação | U38: BOA ESPERANÇA DO IGUAÇU
U39: BOA VENTURA DE SÃO ROQUE
B40: Documento | H40: SIM | K40: NÃO | U40: BOA VISTA DA APARECIDA
U41: BOCAIÚVA DO SUL
B42: Folha de Fechamento | H42: X | U42: BOM JESUS DO SUL
U43: BOM SUCESSO
B44: Folha Resumo | H44: X | U44: BOM SUCESSO
U45: BOM SUCESSO
B46: Planilha Orçamentária | H46: X | U46: BOM SUCESSO DO SUL
U47: BORRAZÓPOLIS
B48: Cronograma Físico Financeiro | H48: X | U48: BRAGANEY
U49: BRASILÂNDIA DO SUL
B50: Composições Complementares (Analítica) | H50: X | U50: CAFEARA
U51: CAFELÂNDIA
B52: Cotações de Insumos / Proposta de Serviços Terceirizados | H52: X | U52: CAFEZAL DO SUL
U53: CALIFÓRNIA
B54: Curva ABC de Serviços | H54: X | U54: CAMBARÁ
U55: CAMBÉ
B56: Composição do BDI | H56: X | U56: CAMBIRA
U57: CAMPINA DA LAGOA
B58: ART ou RRT Quitada | H58: X | U58: CAMPINA DO SIMÃO
U59: CAMPINA GRANDE DO SUL
B60: Memória de Cálculo do Orçamento | H60: X | U60: CAMPO BONITO
U61: CAMPO DO TENENTE
B62: Lista de Projetos aprovados utilizados no Orçamento | H62: X | U62: CAMPO BONITO
U63: CÂNDIDO DE ABREU
B64: Termo de Responsabilidade: | H64: X | U64: CANDÓI
B65: Correto uso dos modelos e da tabela SECID | U65: CANTAGALO
U66: CAPANEMA
B67: Declaração de Liberação do Direito Autoral: | H67: X | U67: CAPITÃO LEÔNIDAS MARQUES
U68: CARAMBEÍ
U69: CARLÓPOLIS
U70: CASCAVEL
B71: =IF(DADOS!$D$24<>"",DADOS!$D$24," ") -> ELSON HENRIQUE CAMPOS BENTO | U71: CASTRO
B72: Responsável Técnico | U72: CATANDUVAS
B73: Carimbo e Assinatura | U73: CENTENÁRIO DO SUL
U74: CERRO AZUL
U75: CÉU AZUL
U76: CHOPINZINHO
U77: CIANORTE
U78: CIDADE GAÚCHA
U79: CLEVELÂNDIA
U80: COLOMBO
U81: COLORADO
U82: CONGONHINHAS
U83: CONSELHEIRO MAIRINCK
U84: CONTENDA
U85: CORBÉLIA
... U399: XAMBRÊ

Sheet FOLHA FECHAMENTO
O2: AMPLIAÇÃO
O3: CONSTRUÇÃO
O4: FABRICAÇÃO
O5: RECUPERAÇÃO
O6: REFORMA
O7: REPAROS
O8: CONSERVAÇÃO
A9: FOLHA RESUMO PARA FECHAMENTO DE ORÇAMENTO | K9: DATA: | L9: =IF(DADOS!D20<>"",DADOS!D20," ") -> 46164 | O9: DEMOLIÇÃO
A10: PRÓPRIO: | C10: =IF(DADOS!$D$12<>"",DADOS!$D$12," ") -> AMPLIÇÃO E REGULARIZAÇÃO DE UNIDADE MISTA DE SAÚDE | J10: TIPO DE OBRA/SERVIÇO: | K10: AMPLIAÇÃO | O10: INSTALAÇÃO
A11: ENDEREÇO: | C11: =IF(DADOS!D14<>"",DADOS!D14," ") -> RUA JOÃO FALAVIGNA, Nº171, QUADRA 13 LOTE 10 E 11 | J11: MUNICÍPIO: | K11: =IF(DADOS!$D$16<>"",DADOS!$D$16," ") -> FLORAÍ | O11: MANUTENÇÃO
A12: ORGÃO: | C12: =IF(DADOS!M12<>"",DADOS!M12," ") -> SESA | J12: PROTOCOLO: | K12: 25.677.165-9 | O12: MONTAGEM
O13: OPERAÇÃO
O14: AMPLIAÇÃO
A15: Nº LEVANTº: | F15: ORGANIZADO POR: | G15: =G16 -> ELSON HENRIQUE CAMPOS BENTO | O15: CONSERTO
F16: RESPONSÁVEL TÉCNICO: | G16: =IF(DADOS!D24<>"",DADOS!D24," ") -> ELSON HENRIQUE CAMPOS BENTO | K16: CREA / CAU: | L16: =IF(DADOS!D28<>"",DADOS!D28," ") -> A95.934-0
F17: NÚCLEO REGIONAL DAS CIDADES | G17: MARINGÁ | K17: ART / RRT N°: | L17: =IF(DADOS!D30<>"",DADOS!D30," ") -> 15833094 | O17: CAMPO MOURÃO
A18: OBSERVAÇÃO: | O18: CASCAVEL
O19: CURITIBA
O20: GUARAPUAVA
O21: LONDRINA
O22: MARINGÁ
E23: Custo total da obra: | F23: R$ | G23: =RESUMO!H49 -> 3873976.8 | O23: PATO BRANCO
O24: PONTA GROSSA
C25: BDI (%)= | D25: =BDI!$D$26 -> 0.21915079 | F25: R$ | G25: 1230690.1 | O25: SANTO ANTÔNIO DA PLATINA
O26: UMUARAMA
E27: Valor total da obra com BDI : | F27: R$ | G27: =RESUMO!I49 -> 4620181.9 | O27: UNIÃO DA VITÓRIA
E31: Prazo de execução : | F31: 540 | G31: DIAS CORRIDOS
E34: Relatório MAT+MO : | F34: MATERIAL = | H34: =IF(RESUMO!F50<>"",RESUMO!F50," ") -> 0.68847484
F36: MÃO-DE-OBRA = | H36: =IF(H34=0,"",1-H34) -> 0.31152516
A40: Referencial utilizado: | G40: SINAPI FEVEREIRO DE 2025 - NÃO DESONERADA
A42: Data-base: | G42: Vigência: SECID - MARÇO DE 2025
G44: Resolução SECID N° 027/2025
B54: _________________________ | G54: _______________________ | I54: __________________________
A55: =IF(DADOS!D24<>"",DADOS!D24,"") -> ELSON HENRIQUE CAMPOS BENTO
B56: Responsável Técnico | G56: Resp. Aprovação | I56: Gerente
B57: Carimbo e Assinatura | G57: Carimbo e Assinatura | I57: Carimbo e Assinatura

Sheet BDI
C7: PRÓPRIO: | D7: =IF(DADOS!$D$12<>"",DADOS!$D$12," ") -> AMPLIÇÃO E REGULARIZAÇÃO DE UNIDADE MISTA DE SAÚDE
C8: PRAZO DE OBRA: | D8: =IF('FOLHA FECHAMENTO'!F31<>"",'FOLHA FECHAMENTO'!F31," ") -> 540 | E8: DIAS CORRIDOS
C9: COMPOSIÇÃO DE BDI PARA EDIFICAÇÕES NÃO DESONERADA | H9: Vigência: 01/12/2015
A11: CUSTO TOTAL DO SERVIÇO (R$): | I11: ='FOLHA FECHAMENTO'!$G$23 -> 3873976.8
A12: ITEM | B12: DISCRIMINAÇÃO | C12: VALOR (R$) | D12: TAXA (%) | E12: OBSERVAÇÃO | F12: SITUAÇÃO DO INTERVALO ADMISSIVEL | G12: PARCELAS DO BDI (%)
G13: 1 Quartil | H13: Médio | I13: 3 Quartil
A14: 1 | B14: AC - ADMINISTRAÇÃO CENTRAL | C14: =D14*$I$11 -> 116219.3 | D14: 0.03 | F14: =IF(AND(D14>=G14,D14<=I14),"OK","DIFERE") -> OK | G14: 0.03 | H14: 0.04 | I14: 0.055 | J14: AC | K14: ADMINISTRAÇÃO CENTRAL
A15: 2 | B15: SG - SEGUROS + GARANTIA | C15: =D15*$I$11 -> 30991.814 | D15: 0.008 | F15: =IF(AND(D15>=G15,D15<=I15),"OK","DIFERE") -> OK | G15: 0.008 | H15: 0.008 | I15: 0.01 | J15: SG | K15: SEGUROS + GARANTIA
A16: 3 | B16: R - RISCOS | C16: =D16*$I$11 -> 49199.505 | D16: 0.0127 | F16: =IF(AND(D16>=G16,D16<=I16),"OK","DIFERE") -> OK | G16: 0.0097 | H16: 0.0127 | I16: 0.0127 | J16: R | K16: RISCOS
A17: 4 | B17: DF - DESPESAS FINANCEIRAS | C17: =D17*($I$11+C14+C15+C16) -> 50065.765 | D17: 0.0123 | F17: =IF(AND(D17>=G17,D17<=I17),"OK","DIFERE") -> OK | G17: 0.0059 | H17: 0.0123 | I17: 0.0139 | J17: DF | K17: DESPESAS FINANCEIRAS
A18: 5 | B18: L - LUCRO BRUTO | C18: =D18*($I$11+C14+C15+C16+C17) -> 288431.72 | D18: 0.07 | F18: =IF(AND(D18>=G18,D18<=I18),"OK","DIFERE") -> OK | G18: 0.0616 | H18: 0.074 | I18: 0.0896 | J18: L | K18: LUCRO BRUTO
A19: 6 | B19: I - IMPOSTOS | C19: =D19*$I$11*(1+D26) -> 314076.96 | D19: =SUM(D20:D23) -> 0.0665 | J19: I | K19: IMPOSTOS
A20: 6.1 | B20: PIS | D20: 0.0065
A21: 6.2 | B21: COFINS | D21: 0.03
A22: 6.3 | B22: ISS (CONFORME LEGISLAÇÃO MUNICIPAL) | D22: 0.03
A23: 6.4 | B23: CONTRIB.PREV. SOBRE REC. BRUTA - CPRB | D23: 0
A24: TOTAL DO BDI (R$) | C24: =SUM(C14:C19) -> 848985.07 | F24: Parâmetros do Acórdão 2.622/2013 - Plenário
A25: PREÇO DE VENDA (R$) | C25: =C24+I11 -> 4722961.9 | F25: Sem CPRB | G25: 0.2034 | H25: 0.2212 | I25: 0.25
A26: BDI (%) | D26: =(((1+$D14+$D15+$D16)*(1+$D17)*(1+$D18)/(1-$D19)))-1 -> 0.21915079 | E26: =IF(AND($D26>=$G26,$D26<=$I26),"OK","DIFERE") -> OK | F26: Com CPRB | G26: =((G25+1)*(1-E29))/((1-E29)-D23)-1 -> 0.2034 | H26: =((H25+1)*(1-E29))/((1-E29)-D23)-1 -> 0.2212 | I26: =((I25+1)*(1-E29))/((1-E29)-D23)-1 -> 0.25
F28: Equação Acordão TCU 2.622/2013 - Plenário
A32: Onde:
A33: AC: taxa de administração central;
A34: S: taxa de seguros;
A35: G: taxa de garantias;
A36: R: taxa de riscos;
A37: DF: taxa de despesas financeiras;
A38: L: taxa de lucro/remuneração;
A39: I: taxa de incidência de impostos (PIS, COFINS, ISS, CPRB).
F40: =IF(DADOS!$D$24<>"",DADOS!$D$24," ") -> ELSON HENRIQUE CAMPOS BENTO
F41: Responsável Técnico
F42: Carimbo e Assinatura

Sheet RESUMO
C7: ENDEREÇO: | D7: =IF(DADOS!D14<>"",DADOS!D14," ") -> RUA JOÃO FALAVIGNA, Nº171, QUADRA 13 LOTE 10 E 11 | G7: DATA: | H7: =IF(DADOS!$D$20<>"",DADOS!$D$20," ") -> 46164
C8: MUNICÍPIO: | D8: =IF(DADOS!$D$16<>"",DADOS!$D$16," ") -> FLORAÍ | G8: TIPO DE OBRA/SERVIÇO: | H8: =IF('FOLHA FECHAMENTO'!K10<>"",'FOLHA FECHAMENTO'!K10," ") -> AMPLIAÇÃO
C9: OBRA: | D9: =IF(DADOS!D12<>"",DADOS!D12," ") -> AMPLIÇÃO E REGULARIZAÇÃO DE UNIDADE MISTA DE SAÚDE | G9: RESP. TÉCNICO: | H9: =IF(DADOS!$D$24<>"",DADOS!$D$24," ") -> ELSON HENRIQUE CAMPOS BENTO
C10: ÓRGÃO PROP.: | D10: =IF(DADOS!M12<>"",DADOS!M12," ") -> SESA | G10: BDI: | H10: =IF(BDI!D26<>"",BDI!D26," ") -> 0.21915079
B12: ITEM | C12: DESCRIÇÃO | F12: SEM BDI | I12: TOTAL COM BDI | J12: %
F13: MATERIAL | G13: MÃO DE OBRA | H13: TOTAL
B14: 1 | C14: =IF($B14<>"",VLOOKUP($B14,PLANILHA_SINTÉTICA!$A:$L,3,0),"") -> ADMINISTRAÇÃO LOCAL | F14: =IF($B14<>"",VLOOKUP($B14,PLANILHA_SINTÉTICA!$A:$L,9,0),"") -> 7876.79 | G14: =IF($B14<>"",VLOOKUP($B14,PLANILHA_SINTÉTICA!$A:$L,10,0),"") -> 237081.6 | H14: =IF($B14<>"",VLOOKUP($B14,PLANILHA_SINTÉTICA!$A:$L,12,0),"") -> 244958.39 | I14: =IF($B14<>"",(1+$H$10)*$H14," ") -> 298641.21 | J14: =IF($B14<>"",IF(OR($B14="",H14=0),0,$I14/$I$49),"") -> 0.064638411
B15: 2 | C15: =IF($B15<>"",VLOOKUP($B15,PLANILHA_SINTÉTICA!$A:$L,3,0),"") -> SERVIÇOS PRELIMINARES | F15: =IF($B15<>"",VLOOKUP($B15,PLANILHA_SINTÉTICA!$A:$L,9,0),"") -> 54728.89 | G15: =IF($B15<>"",VLOOKUP($B15,PLANILHA_SINTÉTICA!$A:$L,10,0),"") -> 46390.35 | H15: =IF($B15<>"",VLOOKUP($B15,PLANILHA_SINTÉTICA!$A:$L,12,0),"") -> 101119.24 | I15: =IF($B15<>"",(1+$H$10)*$H15," ") -> 123279.6 | J15: =IF($B15<>"",IF(OR($B15="",H15=0),0,$I15/$I$49),"") -> 0.026682846
B16: 3 | C16: =IF($B16<>"",VLOOKUP($B16,PLANILHA_SINTÉTICA!$A:$L,3,0),"") -> EXECUÇÃO E COMPACTAÇÃO DE ATERRO | F16: =IF($B16<>"",VLOOKUP($B16,PLANILHA_SINTÉTICA!$A:$L,9,0),"") -> 2958.19 | G16: =IF($B16<>"",VLOOKUP($B16,PLANILHA_SINTÉTICA!$A:$L,10,0),"") -> 491.06 | H16: =IF($B16<>"",VLOOKUP($B16,PLANILHA_SINTÉTICA!$A:$L,12,0),"") -> 3449.25 | I16: =IF($B16<>"",(1+$H$10)*$H16," ") -> 4205.1559 | J16: =IF($B16<>"",IF(OR($B16="",H16=0),0,$I16/$I$49),"") -> 0.00091017106
B17: 4 | C17: =IF($B17<>"",VLOOKUP($B17,PLANILHA_SINTÉTICA!$A:$L,3,0),"") -> FUNDAÇÕES | F17: =IF($B17<>"",VLOOKUP($B17,PLANILHA_SINTÉTICA!$A:$L,9,0),"") -> 96874.98 | G17: =IF($B17<>"",VLOOKUP($B17,PLANILHA_SINTÉTICA!$A:$L,10,0),"") -> 31614.54 | H17: =IF($B17<>"",VLOOKUP($B17,PLANILHA_SINTÉTICA!$A:$L,12,0),"") -> 128489.52 | I17: =IF($B17<>"",(1+$H$10)*$H17," ") -> 156648.1 | J17: =IF($B17<>"",IF(OR($B17="",H17=0),0,$I17/$I$49),"") -> 0.03390518
B18: 5 | C18: =IF($B18<>"",VLOOKUP($B18,PLANILHA_SINTÉTICA!$A:$L,3,0),"") -> SUPERESTRUTURA | F18: =IF($B18<>"",VLOOKUP($B18,PLANILHA_SINTÉTICA!$A:$L,9,0),"") -> 99437.22 | G18: =IF($B18<>"",VLOOKUP($B18,PLANILHA_SINTÉTICA!$A:$L,10,0),"") -> 32252.75 | H18: =IF($B18<>"",VLOOKUP($B18,PLANILHA_SINTÉTICA!$A:$L,12,0),"") -> 131689.97 | I18: =IF($B18<>"",(1+$H$10)*$H18," ") -> 160549.93 | J18: =IF($B18<>"",IF(OR($B18="",H18=0),0,$I18/$I$49),"") -> 0.034749699
B19: 6 | C19: =IF($B19<>"",VLOOKUP($B19,PLANILHA_SINTÉTICA!$A:$L,3,0),"") -> VERGAS E CONTRAVERGAS | F19: =IF($B19<>"",VLOOKUP($B19,PLANILHA_SINTÉTICA!$A:$L,9,0),"") -> 14083.71 | G19: =IF($B19<>"",VLOOKUP($B19,PLANILHA_SINTÉTICA!$A:$L,10,0),"") -> 7701.41 | H19: =IF($B19<>"",VLOOKUP($B19,PLANILHA_SINTÉTICA!$A:$L,12,0),"") -> 21785.12 | I19: =IF($B19<>"",(1+$H$10)*$H19," ") -> 26559.346 | J19: =IF($B19<>"",IF(OR($B19="",H19=0),0,$I19/$I$49),"") -> 0.0057485499
B20: 7 | C20: =IF($B20<>"",VLOOKUP($B20,PLANILHA_SINTÉTICA!$A:$L,3,0),"") -> ALVENARIA E DIVISÓRIAS | F20: =IF($B20<>"",VLOOKUP($B20,PLANILHA_SINTÉTICA!$A:$L,9,0),"") -> 68802.6 | G20: =IF($B20<>"",VLOOKUP($B20,PLANILHA_SINTÉTICA!$A:$L,10,0),"") -> 59421.54 | H20: =IF($B20<>"",VLOOKUP($B20,PLANILHA_SINTÉTICA!$A:$L,12,0),"") -> 128224.14 | I20: =IF($B20<>"",(1+$H$10)*$H20," ") -> 156324.56 | J20: =IF($B20<>"",IF(OR($B20="",H20=0),0,$I20/$I$49),"") -> 0.033835153
B21: 8 | C21: =IF($B21<>"",VLOOKUP($B21,PLANILHA_SINTÉTICA!$A:$L,3,0),"") -> COBERTURA METÁLICA, CALHAS E RUFOS | F21: =IF($B21<>"",VLOOKUP($B21,PLANILHA_SINTÉTICA!$A:$L,9,0),"") -> 284570.82 | G21: =IF($B21<>"",VLOOKUP($B21,PLANILHA_SINTÉTICA!$A:$L,10,0),"") -> 48617.35 | H21: =IF($B21<>"",VLOOKUP($B21,PLANILHA_SINTÉTICA!$A:$L,12,0),"") -> 333188.17 | I21: =IF($B21<>"",(1+$H$10)*$H21," ") -> 406206.62 | J21: =IF($B21<>"",IF(OR($B21="",H21=0),0,$I21/$I$49),"") -> 0.087920049
B22: 9 | C22: =IF($B22<>"",VLOOKUP($B22,PLANILHA_SINTÉTICA!$A:$L,3,0),"") -> PORTAS | F22: =IF($B22<>"",VLOOKUP($B22,PLANILHA_SINTÉTICA!$A:$L,9,0),"") -> 134901.68 | G22: =IF($B22<>"",VLOOKUP($B22,PLANILHA_SINTÉTICA!$A:$L,10,0),"") -> 21560.57 | H22: =IF($B22<>"",VLOOKUP($B22,PLANILHA_SINTÉTICA!$A:$L,12,0),"") -> 156462.25 | I22: =IF($B22<>"",(1+$H$10)*$H22," ") -> 190751.08 | J22: =IF($B22<>"",IF(OR($B22="",H22=0),0,$I22/$I$49),"") -> 0.041286486
B23: 10 | C23: =IF($B23<>"",VLOOKUP($B23,PLANILHA_SINTÉTICA!$A:$L,3,0),"") -> JANELAS | F23: =IF($B23<>"",VLOOKUP($B23,PLANILHA_SINTÉTICA!$A:$L,9,0),"") -> 42440.15 | G23: =IF($B23<>"",VLOOKUP($B23,PLANILHA_SINTÉTICA!$A:$L,10,0),"") -> 3667.19 | H23: =IF($B23<>"",VLOOKUP($B23,PLANILHA_SINTÉTICA!$A:$L,12,0),"") -> 46107.34 | I23: =IF($B23<>"",(1+$H$10)*$H23," ") -> 56211.8 | J23: =IF($B23<>"",IF(OR($B23="",H23=0),0,$I23/$I$49),"") -> 0.012166577
B24: 11 | C24: =IF($B24<>"",VLOOKUP($B24,PLANILHA_SINTÉTICA!$A:$L,3,0),"") -> INSTALAÇÕES ELÉTRICAS | F24: =IF($B24<>"",VLOOKUP($B24,PLANILHA_SINTÉTICA!$A:$L,9,0),"") -> 447905.99 | G24: =IF($B24<>"",VLOOKUP($B24,PLANILHA_SINTÉTICA!$A:$L,10,0),"") -> 154847.56 | H24: =IF($B24<>"",VLOOKUP($B24,PLANILHA_SINTÉTICA!$A:$L,12,0),"") -> 602753.55 | I24: =IF($B24<>"",(1+$H$10)*$H24," ") -> 734847.47 | J24: =IF($B24<>"",IF(OR($B24="",H24=0),0,$I24/$I$49),"") -> 0.15905163
B25: 12 | C25: =IF($B25<>"",VLOOKUP($B25,PLANILHA_SINTÉTICA!$A:$L,3,0),"") -> INSTALAÇÕES DE LÓGICA, TELEFONE E TV | F25: =IF($B25<>"",VLOOKUP($B25,PLANILHA_SINTÉTICA!$A:$L,9,0),"") -> 38058.4 | G25: =IF($B25<>"",VLOOKUP($B25,PLANILHA_SINTÉTICA!$A:$L,10,0),"") -> 13970.02 | H25: =IF($B25<>"",VLOOKUP($B25,PLANILHA_SINTÉTICA!$A:$L,12,0),"") -> 52028.42 | I25: =IF($B25<>"",(1+$H$10)*$H25," ") -> 63430.489 | J25: =IF($B25<>"",IF(OR($B25="",H25=0),0,$I25/$I$49),"") -> 0.013729003
B26: 13 | C26: =IF($B26<>"",VLOOKUP($B26,PLANILHA_SINTÉTICA!$A:$L,3,0),"") -> INSTALAÇÕES DE SPDA | F26: =IF($B26<>"",VLOOKUP($B26,PLANILHA_SINTÉTICA!$A:$L,9,0),"") -> 63665.15 | G26: =IF($B26<>"",VLOOKUP($B26,PLANILHA_SINTÉTICA!$A:$L,10,0),"") -> 24637.57 | H26: =IF($B26<>"",VLOOKUP($B26,PLANILHA_SINTÉTICA!$A:$L,12,0),"") -> 88302.72 | I26: =IF($B26<>"",(1+$H$10)*$H26," ") -> 107654.33 | J26: =IF($B26<>"",IF(OR($B26="",H26=0),0,$I26/$I$49),"") -> 0.023300886
B27: 14 | C27: =IF($B27<>"",VLOOKUP($B27,PLANILHA_SINTÉTICA!$A:$L,3,0),"") -> INSTALAÇÕES CLIMATIZAÇÃO - AVAC | F27: =IF($B27<>"",VLOOKUP($B27,PLANILHA_SINTÉTICA!$A:$L,9,0),"") -> 328294.33 | G27: =IF($B27<>"",VLOOKUP($B27,PLANILHA_SINTÉTICA!$A:$L,10,0),"") -> 140697.57 | H27: =IF($B27<>"",VLOOKUP($B27,PLANILHA_SINTÉTICA!$A:$L,12,0),"") -> 468991.9 | I27: =H27 -> 468991.9 | J27: =IF($B27<>"",IF(OR($B27="",H27=0),0,$I27/$I$49),"") -> 0.1015094
B28: 15 | C28: =IF($B28<>"",VLOOKUP($B28,PLANILHA_SINTÉTICA!$A:$L,3,0),"") -> INSTALAÇÕES ELÉTRICAS - PREVENÇÃO DE INCÊNDIO | F28: =IF($B28<>"",VLOOKUP($B28,PLANILHA_SINTÉTICA!$A:$L,9,0),"") -> 18170 | G28: =IF($B28<>"",VLOOKUP($B28,PLANILHA_SINTÉTICA!$A:$L,10,0),"") -> 4702.36 | H28: =IF($B28<>"",VLOOKUP($B28,PLANILHA_SINTÉTICA!$A:$L,12,0),"") -> 22872.36 | I28: =IF($B28<>"",(1+$H$10)*$H28," ") -> 27884.856 | J28: =IF($B28<>"",IF(OR($B28="",H28=0),0,$I28/$I$49),"") -> 0.0060354454
B29: 16 | C29: =IF($B29<>"",VLOOKUP($B29,PLANILHA_SINTÉTICA!$A:$L,3,0),"") -> INSTALAÇÕES HIDROSSANITÁRIAS - ESGOTO | F29: =IF($B29<>"",VLOOKUP($B29,PLANILHA_SINTÉTICA!$A:$L,9,0),"") -> 17662.05 | G29: =IF($B29<>"",VLOOKUP($B29,PLANILHA_SINTÉTICA!$A:$L,10,0),"") -> 14230.21 | H29: =IF($B29<>"",VLOOKUP($B29,PLANILHA_SINTÉTICA!$A:$L,12,0),"") -> 31892.26 | I29: =IF($B29<>"",(1+$H$10)*$H29," ") -> 38881.474 | J29: =IF($B29<>"",IF(OR($B29="",H29=0),0,$I29/$I$49),"") -> 0.0084155721
B30: 17 | C30: =IF($B30<>"",VLOOKUP($B30,PLANILHA_SINTÉTICA!$A:$L,3,0),"") -> INSTALAÇÕES HIDROSSANITÁRIAS - ÁGUA FRIA | F30: =IF($B30<>"",VLOOKUP($B30,PLANILHA_SINTÉTICA!$A:$L,9,0),"") -> 25025.88 | G30: =IF($B30<>"",VLOOKUP($B30,PLANILHA_SINTÉTICA!$A:$L,10,0),"") -> 6767.49 | H30: =IF($B30<>"",VLOOKUP($B30,PLANILHA_SINTÉTICA!$A:$L,12,0),"") -> 31793.37 | I30: =IF($B30<>"",(1+$H$10)*$H30," ") -> 38760.912 | J30: =IF($B30<>"",IF(OR($B30="",H30=0),0,$I30/$I$49),"") -> 0.0083894775
B31: 18 | C31: =IF($B31<>"",VLOOKUP($B31,PLANILHA_SINTÉTICA!$A:$L,3,0),"") -> INSTALAÇÕES HIDROSSANITÁRIAS - ÁGUA PLUVIAL | F31: =IF($B31<>"",VLOOKUP($B31,PLANILHA_SINTÉTICA!$A:$L,9,0),"") -> 55342.19 | G31: =IF($B31<>"",VLOOKUP($B31,PLANILHA_SINTÉTICA!$A:$L,10,0),"") -> 17479.84 | H31: =IF($B31<>"",VLOOKUP($B31,PLANILHA_SINTÉTICA!$A:$L,12,0),"") -> 72822.03 | I31: =IF($B31<>"",(1+$H$10)*$H31," ") -> 88781.035 | J31: =IF($B31<>"",IF(OR($B31="",H31=0),0,$I31/$I$49),"") -> 0.019215918
B32: 19 | C32: =IF($B32<>"",VLOOKUP($B32,PLANILHA_SINTÉTICA!$A:$L,3,0),"") -> LOUÇAS E ACESSÓRIOS SANITÁRIOS | F32: =IF($B32<>"",VLOOKUP($B32,PLANILHA_SINTÉTICA!$A:$L,9,0),"") -> 63930.51 | G32: =IF($B32<>"",VLOOKUP($B32,PLANILHA_SINTÉTICA!$A:$L,10,0),"") -> 6653.22 | H32: =IF($B32<>"",VLOOKUP($B32,PLANILHA_SINTÉTICA!$A:$L,12,0),"") -> 70583.73 | I32: =IF($B32<>"",(1+$H$10)*$H32," ") -> 86052.21 | J32: =IF($B32<>"",IF(OR($B32="",H32=0),0,$I32/$I$49),"") -> 0.018625286
B33: 20 | C33: =IF($B33<>"",VLOOKUP($B33,PLANILHA_SINTÉTICA!$A:$L,3,0),"") -> PREVENÇÃO DE INCÊNDIO E PÂNICO - EXTINTORES E SINALIZAÇÃO DE EMERGÊNCIA | F33: =IF($B33<>"",VLOOKUP($B33,PLANILHA_SINTÉTICA!$A:$L,9,0),"") -> 8559.53 | G33: =IF($B33<>"",VLOOKUP($B33,PLANILHA_SINTÉTICA!$A:$L,10,0),"") -> 580.08 | H33: =IF($B33<>"",VLOOKUP($B33,PLANILHA_SINTÉTICA!$A:$L,12,0),"") -> 9139.61 | I33: =IF($B33<>"",(1+$H$10)*$H33," ") -> 11142.563 | J33: =IF($B33<>"",IF(OR($B33="",H33=0),0,$I33/$I$49),"") -> 0.0024117152
B34: 21 | C34: =IF($B34<>"",VLOOKUP($B34,PLANILHA_SINTÉTICA!$A:$L,3,0),"") -> INSTALAÇÃO DE GÁS | F34: =IF($B34<>"",VLOOKUP($B34,PLANILHA_SINTÉTICA!$A:$L,9,0),"") -> 31190.48 | G34: =IF($B34<>"",VLOOKUP($B34,PLANILHA_SINTÉTICA!$A:$L,10,0),"") -> 7355.58 | H34: =IF($B34<>"",VLOOKUP($B34,PLANILHA_SINTÉTICA!$A:$L,12,0),"") -> 38546.06 | I34: =IF($B34<>"",(1+$H$10)*$H34," ") -> 46993.46 | J34: =IF($B34<>"",IF(OR($B34="",H34=0),0,$I34/$I$49),"") -> 0.010171344
B35: 22 | C35: =IF($B35<>"",VLOOKUP($B35,PLANILHA_SINTÉTICA!$A:$L,3,0),"") -> REVESTIMENTO DE PISO | F35: =IF($B35<>"",VLOOKUP($B35,PLANILHA_SINTÉTICA!$A:$L,9,0),"") -> 68241.4 | G35: =IF($B35<>"",VLOOKUP($B35,PLANILHA_SINTÉTICA!$A:$L,10,0),"") -> 49432.39 | H35: =IF($B35<>"",VLOOKUP($B35,PLANILHA_SINTÉTICA!$A:$L,12,0),"") -> 117673.79 | I35: =IF($B35<>"",(1+$H$10)*$H35," ") -> 143462.09 | J35: =IF($B35<>"",IF(OR($B35="",H35=0),0,$I35/$I$49),"") -> 0.031051179
B36: 23 | C36: =IF($B36<>"",VLOOKUP($B36,PLANILHA_SINTÉTICA!$A:$L,3,0),"") -> REVESTIMENTO INTERNO | F36: =IF($B36<>"",VLOOKUP($B36,PLANILHA_SINTÉTICA!$A:$L,9,0),"") -> 40749.73 | G36: =IF($B36<>"",VLOOKUP($B36,PLANILHA_SINTÉTICA!$A:$L,10,0),"") -> 33608.83 | H36: =IF($B36<>"",VLOOKUP($B36,PLANILHA_SINTÉTICA!$A:$L,12,0),"") -> 74358.56 | I36: =IF($B36<>"",(1+$H$10)*$H36," ") -> 90654.297 | J36: =IF($B36<>"",IF(OR($B36="",H36=0),0,$I36/$I$49),"") -> 0.01962137
B37: 24 | C37: =IF($B37<>"",VLOOKUP($B37,PLANILHA_SINTÉTICA!$A:$L,3,0),"") -> REVESTIMENTO DE TETO | F37: =IF($B37<>"",VLOOKUP($B37,PLANILHA_SINTÉTICA!$A:$L,9,0),"") -> 24537.46 | G37: =IF($B37<>"",VLOOKUP($B37,PLANILHA_SINTÉTICA!$A:$L,10,0),"") -> 11653.31 | H37: =IF($B37<>"",VLOOKUP($B37,PLANILHA_SINTÉTICA!$A:$L,12,0),"") -> 36190.77 | I37: =IF($B37<>"",(1+$H$10)*$H37," ") -> 44122.006 | J37: =IF($B37<>"",IF(OR($B37="",H37=0),0,$I37/$I$49),"") -> 0.0095498417
B38: 25 | C38: =IF($B38<>"",VLOOKUP($B38,PLANILHA_SINTÉTICA!$A:$L,3,0),"") -> REVESTIMENTO EXTERNO | F38: =IF($B38<>"",VLOOKUP($B38,PLANILHA_SINTÉTICA!$A:$L,9,0),"") -> 40917.06 | G38: =IF($B38<>"",VLOOKUP($B38,PLANILHA_SINTÉTICA!$A:$L,10,0),"") -> 44391.88 | H38: =IF($B38<>"",VLOOKUP($B38,PLANILHA_SINTÉTICA!$A:$L,12,0),"") -> 85308.94 | I38: =IF($B38<>"",(1+$H$10)*$H38," ") -> 104004.46 | J38: =IF($B38<>"",IF(OR($B38="",H38=0),0,$I38/$I$49),"") -> 0.022510902
B39: 26 | C39: =IF($B39<>"",VLOOKUP($B39,PLANILHA_SINTÉTICA!$A:$L,3,0),"") -> PINTURA INTERNA | F39: =IF($B39<>"",VLOOKUP($B39,PLANILHA_SINTÉTICA!$A:$L,9,0),"") -> 61084.69 | G39: =IF($B39<>"",VLOOKUP($B39,PLANILHA_SINTÉTICA!$A:$L,10,0),"") -> 55011.95 | H39: =IF($B39<>"",VLOOKUP($B39,PLANILHA_SINTÉTICA!$A:$L,12,0),"") -> 116096.64 | I39: =IF($B39<>"",(1+$H$10)*$H39," ") -> 141539.31 | J39: =IF($B39<>"",IF(OR($B39="",H39=0),0,$I39/$I$49),"") -> 0.030635008
... B48: 35 | C48: =IF($B48<>"",VLOOKUP($B48,PLANILHA_SINTÉTICA!$A:$L,3,0),"") -> GERADOR DE ENERGIA | F48: =IF($B48<>"",VLOOKUP($B48,PLANILHA_SINTÉTICA!$A:$L,9,0),"") -> 330046.57 | G48: =IF($B48<>"",VLOOKUP($B48,PLANILHA_SINTÉTICA!$A:$L,10,0),"") -> 121.87 | H48: =IF($B48<>"",VLOOKUP($B48,PLANILHA_SINTÉTICA!$A:$L,12,0),"") -> 330168.44 | I48: =IF($B48<>"",(1+$H$10)*$H48," ") -> 402525.11 | J48: =IF($B48<>"",IF(OR($B48="",H48=0),0,$I48/$I$49),"") -> 0.087123218
B49: TOTAL (R$) GERAL DA OBRA | F49: =SUMIF(F14:F48,">0",F14:F48) -> 2667135.5 | G49: =SUMIF(G14:G48,">0",G14:G48) -> 1206841.2 | H49: =SUMIF(H14:H48,">0",H14:H48) -> 3873976.8 | I49: =SUM(I14:I48) -> 4620181.9 | J49: =SUM(J14:J48) -> 1
B50: PERCENTAGEM (%) | F50: =IF(H49=0,0,F49/$H$49) -> 0.68847484 | G50: =IF(H49=0,0,G49/$H$49) -> 0.31152516 | H50: =F50+G50 -> 1 | I50: - | J50: -
B52: PRAZO DE EXECUÇÃO (DIAS CORRIDOS): | E52: =IF('FOLHA FECHAMENTO'!F31<>"",'FOLHA FECHAMENTO'!F31," ") -> 540
C57: =IF(DADOS!$D$24<>"",DADOS!$D$24," ") -> ELSON HENRIQUE CAMPOS BENTO
D58: Ass. Responsável pelo Orçamento
D59: Carimbo

Sheet PLANILHA_SINTÉTICA
D1: PLANILHA DE SERVIÇOS SINTÉTICA NÃO DESONERADA
C2: SECRETARIA DE ESTADO DAS CIDADES | I2: PROTOCOLO Nº: | J2: =IF('FOLHA FECHAMENTO'!K12<>"",'FOLHA FECHAMENTO'!K12," ") -> 25.677.165-9
C3: DIRETORIA DE EDIFICAÇÕES | D3: ENDEREÇO: | E3: =IF(DADOS!D14<>"",DADOS!D14," ") -> RUA JOÃO FALAVIGNA, Nº171, QUADRA 13 LOTE 10 E 11 | I3: ORGÃO: | J3: =IF(DADOS!M12<>"",DADOS!M12," ") -> SESA | W3: Nº de COLUNAS
D4: MUNICIPIO: | E4: =IF(DADOS!$D$16<>"",DADOS!$D$16," ") -> FLORAÍ | I4: TIPO DE OBRA/SERVIÇO: | J4: =IF('FOLHA FECHAMENTO'!K10<>"",'FOLHA FECHAMENTO'!K10," ") -> AMPLIAÇÃO | T4: TOTAL MEDIDO
C5: TABELAS DE REFERÊNCIA: SINAPI/PR (FEVEREIRO/2025) E SECID (MARÇO/2025) NÃO DESONERADA | D5: LEVANTAMENTO Nº: | F5: =IF('FOLHA FECHAMENTO'!C15<>"",'FOLHA FECHAMENTO'!C15," ") | I5: ART N°: | J5: =IF(DADOS!D30<>"",DADOS!D30," ") -> 15833094 | O5: =((2+$W$5)-COLUMNS(O$7:$T$7))/2&"ª" -> 1ª | Q5: =((2+$W$5)-COLUMNS(Q$7:$T$7))/2&"ª" -> 2ª | S5: =((2+$W$5)-COLUMNS(S$7:$T$7))/2&"ª" -> 3ª | T5: ACUMULADO | W5: =COLUMNS($S7:$X7) -> 6
C6: =IF(DADOS!D12<>"",DADOS!D12," ") -> AMPLIÇÃO E REGULARIZAÇÃO DE UNIDADE MISTA DE SAÚDE | D6: RESPONSÁVEL TÉCNICO: | F6: =IF(DADOS!D24<>"",DADOS!D24," ") -> ELSON HENRIQUE CAMPOS BENTO | I6: REG. CREA: | J6: =IF(DADOS!D28<>"",DADOS!D28," ") -> A95.934-0 | N6: MEDIÇÃO | P6: MEDIÇÃO | R6: MEDIÇÃO | T6: 1ª | U6: MEDIÇÃO
N7: DATA: | O7: xx/xx/xxxx | P7: DATA: | Q7: xx/xx/xxxx | R7: DATA: | S7: xx/xx/xxxx | T7: DATA: | U7: =HLOOKUP(T6,$N$5:$T$8,3) -> xx/xx/xxxx | X7: VALOR R$ A MEDIR / DIFERENÇA DE TRUNCARONDAMENTO
A8: ITEM | B8: CÓDIGO DO SERVIÇO | C8: DESCRIÇÃO DO SERVIÇO | D8: UNIDADE DE MEDIDA | E8: QUANTI DADE | F8: MATERIAL | G8: MÃO DE OBRA | H8: CUSTO UNITÁRIO | I8: MATERIAL | J8: MÃO DE OBRA | K8: CUSTO TOTAL | L8: SUBTOTAL | N8: QUANT. | O8: CUSTO | P8: QUANT. | Q8: CUSTO | R8: QUANT. | S8: CUSTO | T8: QUANT. | U8: CUSTO | W8: QUANTIDADE A MEDIR
A9: 1 | C9: ADMINISTRAÇÃO LOCAL | I9: =TRUNC(SUMIF(I10:I10,">0",I10:I10),2) -> 7876.79 | J9: =TRUNC(SUMIF(J10:J10,">0",J10:J10),2) -> 237081.6 | L9: =SUMIF(I9:J9,">0",I9:J9) -> 244958.39
A10: 1.1 | B10: COMP 001 | C10: =IF($B10="","",IFERROR(VLOOKUP($B10,SERVIÇOS!$B:$G,2,0),IFERROR(VLOOKUP($B10,'COMPOSIÇÕES COMPLEMENTARES '!$C:$K,2,0),""))) -> ADMINISTRAÇÃO LOCAL DE OBRA - COMPOSTA POR MESTRE DE OBRAS (6H/D) E ENGENHEIRO CIVIL JUNIOR (2H/D) PARA UM CRONOGRAMA DE OBRAS DE 18 MESES | D10: =IF($B10="","",IFERROR(VLOOKUP($B10,SERVIÇOS!$B:$G,3,0),IFERROR(VLOOKUP($B10,'COMPOSIÇÕES COMPLEMENTARES '!$C:$K,3,0),""))) -> UND | E10: 1 | F10: =IF($B10="","",IFERROR(VLOOKUP($B10,SERVIÇOS!$B:$G,4,0),IFERROR(VLOOKUP($B10,'COMPOSIÇÕES COMPLEMENTARES '!$C:$K,6,0),""))) -> 7876.79 | G10: =IF($B10="","",IFERROR(VLOOKUP($B10,SERVIÇOS!$B:$G,5,0),IFERROR(VLOOKUP($B10,'COMPOSIÇÕES COMPLEMENTARES '!$C:$K,7,0),""))) -> 237081.6 | H10: =IF(E10="","",F10+G10) -> 244958.39 | I10: =IF(E10="","",TRUNC((E10*F10),2)) -> 7876.79 | J10: =IF(E10="","",TRUNC((E10*G10),2)) -> 237081.6 | K10: =IF(E10="","",TRUNC((E10*H10),2)) -> 244958.39 | O10: =IF(OR(N10="",$K10=""),"",(N10/$E10)*$K10) | Q10: =IF(OR(P10="",$K10=""),"",(P10/$E10)*$K10) | S10: =IF(OR(R10="",$K10=""),"",(R10/$E10)*$K10) | T10: =SUMIF($N$8:S$9,"QUANT.",N10:S10) -> 0 | U10: =SUMIF($N$8:$S$9,"CUSTO",N10:S10) -> 0 | V10: =IF(U10=0,"MEDIR",IF(K10-U10=0,"OK",IF(K10-U10>0,"MEDIR","ALERTA!"))) -> MEDIR | W10: =IF(T10="",0,E10-T10) -> 1 | X10: =IF(U10="",0,K10-U10) -> 244958.39 | AJ10: =B10-AK10 -> #VALUE! | AK10: 0
A11: 2 | C11: SERVIÇOS PRELIMINARES | I11: =TRUNC(SUMIF(I12:I25,">0",I12:I25),2) -> 54728.89 | J11: =TRUNC(SUMIF(J12:J25,">0",J12:J25),2) -> 46390.35 | L11: =SUMIF(I11:J11,">0",I11:J11) -> 101119.24
A12: 2.1 | B12: 103689 | C12: =IF($B12="","",IFERROR(VLOOKUP($B12,SERVIÇOS!$B:$G,2,0),IFERROR(VLOOKUP($B12,'COMPOSIÇÕES COMPLEMENTARES '!$C:$K,2,0),""))) -> FORNECIMENTO E INSTALAÇÃO DE PLACA DE OBRA COM CHAPA GALVANIZADA E ESTRUTURA DE MADEIRA. AF_03/2022_PS | D12: =IF($B12="","",IFERROR(VLOOKUP($B12,SERVIÇOS!$B:$G,3,0),IFERROR(VLOOKUP($B12,'COMPOSIÇÕES COMPLEMENTARES '!$C:$K,3,0),""))) -> M2 | E12: 8 | F12: =IF($B12="","",IFERROR(VLOOKUP($B12,SERVIÇOS!$B:$G,4,0),IFERROR(VLOOKUP($B12,'COMPOSIÇÕES COMPLEMENTARES '!$C:$K,6,0),""))) -> 432.67 | G12: =IF($B12="","",IFERROR(VLOOKUP($B12,SERVIÇOS!$B:$G,5,0),IFERROR(VLOOKUP($B12,'COMPOSIÇÕES COMPLEMENTARES '!$C:$K,7,0),""))) -> 38.23 | H12: =IF(E12="","",F12+G12) -> 470.9 | I12: =IF(E12="","",TRUNC((E12*F12),2)) -> 3461.36 | J12: =IF(E12="","",TRUNC((E12*G12),2)) -> 305.84 | K12: =IF(E12="","",TRUNC((E12*H12),2)) -> 3767.2 | O12: =IF(OR(N12="",$K12=""),"",(N12/$E12)*$K12) | Q12: =IF(OR(P12="",$K12=""),"",(P12/$E12)*$K12) | S12: =IF(OR(R12="",$K12=""),"",(R12/$E12)*$K12) | T12: =SUMIF($N$8:S$9,"QUANT.",N12:S12) -> 0 | U12: =SUMIF($N$8:$S$9,"CUSTO",N12:S12) -> 0 | V12: =IF(B12<>"",IF(U12=0,"MEDIR",IF(K12-U12=0,"OK",IF(K12-U12>0,"MEDIR","ALERTA!"))),"") -> MEDIR | W12: =IF(T12="",0,E12-T12) -> 8 | X12: =IF(U12="",0,K12-U12) -> 3767.2 | AJ12: =B12-AK12 -> 103689 | AK12: 0
A13: 2.2 | B13: 97625 | C13: =IF($B13="","",IFERROR(VLOOKUP($B13,SERVIÇOS!$B:$G,2,0),IFERROR(VLOOKUP($B13,'COMPOSIÇÕES COMPLEMENTARES '!$C:$K,2,0),""))) -> DEMOLIÇÃO DE ALVENARIA PARA QUALQUER TIPO DE BLOCO, DE FORMA MECANIZADA, SEM REAPROVEITAMENTO. AF_09/2023 | D13: =IF($B13="","",IFERROR(VLOOKUP($B13,SERVIÇOS!$B:$G,3,0),IFERROR(VLOOKUP($B13,'COMPOSIÇÕES COMPLEMENTARES '!$C:$K,3,0),""))) -> M3 | E13: 112.29 | F13: =IF($B13="","",IFERROR(VLOOKUP($B13,SERVIÇOS!$B:$G,4,0),IFERROR(VLOOKUP($B13,'COMPOSIÇÕES COMPLEMENTARES '!$C:$K,6,0),""))) -> 50.49 | G13: =IF($B13="","",IFERROR(VLOOKUP($B13,SERVIÇOS!$B:$G,5,0),IFERROR(VLOOKUP($B13,'COMPOSIÇÕES COMPLEMENTARES '!$C:$K,7,0),""))) -> 10.07 | H13: =IF(E13="","",F13+G13) -> 60.56 | I13: =IF(E13="","",TRUNC((E13*F13),2)) -> 5669.52 | J13: =IF(E13="","",TRUNC((E13*G13),2)) -> 1130.76 | K13: =IF(E13="","",TRUNC((E13*H13),2)) -> 6800.28 | O13: =IF(OR(N13="",$K13=""),"",(N13/$E13)*$K13) | Q13: =IF(OR(P13="",$K13=""),"",(P13/$E13)*$K13) | S13: =IF(OR(R13="",$K13=""),"",(R13/$E13)*$K13) | T13: =SUMIF($N$8:S$9,"QUANT.",N13:S13) -> 0 | U13: =SUMIF($N$8:$S$9,"CUSTO",N13:S13) -> 0 | V13: =IF(B13<>"",IF(U13=0,"MEDIR",IF(K13-U13=0,"OK",IF(K13-U13>0,"MEDIR","ALERTA!"))),"") -> MEDIR | W13: =IF(T13="",0,E13-T13) -> 112.29 | X13: =IF(U13="",0,K13-U13) -> 6800.28
A14: 2.3 | B14: 104789 | C14: =IF($B14="","",IFERROR(VLOOKUP($B14,SERVIÇOS!$B:$G,2,0),IFERROR(VLOOKUP($B14,'COMPOSIÇÕES COMPLEMENTARES '!$C:$K,2,0),""))) -> DEMOLIÇÃO DE PISO DE CONCRETO SIMPLES, DE FORMA MANUAL, SEM REAPROVEITAMENTO. AF_09/2023 | D14: =IF($B14="","",IFERROR(VLOOKUP($B14,SERVIÇOS!$B:$G,3,0),IFERROR(VLOOKUP($B14,'COMPOSIÇÕES COMPLEMENTARES '!$C:$K,3,0),""))) -> M3 | E14: =(774.36*0.05)+(85.27*0.1) -> 47.245 | F14: =IF($B14="","",IFERROR(VLOOKUP($B14,SERVIÇOS!$B:$G,4,0),IFERROR(VLOOKUP($B14,'COMPOSIÇÕES COMPLEMENTARES '!$C:$K,6,0),""))) -> 82.57 | G14: =IF($B14="","",IFERROR(VLOOKUP($B14,SERVIÇOS!$B:$G,5,0),IFERROR(VLOOKUP($B14,'COMPOSIÇÕES COMPLEMENTARES '!$C:$K,7,0),""))) -> 185.24 | H14: =IF(E14="","",F14+G14) -> 267.81 | I14: =IF(E14="","",TRUNC((E14*F14),2)) -> 3901.01 | J14: =IF(E14="","",TRUNC((E14*G14),2)) -> 8751.66 | K14: =IF(E14="","",TRUNC((E14*H14),2)) -> 12652.68 | O14: =IF(OR(N14="",$K14=""),"",(N14/$E14)*$K14) | Q14: =IF(OR(P14="",$K14=""),"",(P14/$E14)*$K14) | S14: =IF(OR(R14="",$K14=""),"",(R14/$E14)*$K14) | T14: =SUMIF($N$8:S$9,"QUANT.",N14:S14) -> 0 | U14: =SUMIF($N$8:$S$9,"CUSTO",N14:S14) -> 0 | V14: =IF(B14<>"",IF(U14=0,"MEDIR",IF(K14-U14=0,"OK",IF(K14-U14>0,"MEDIR","ALERTA!"))),"") -> MEDIR | W14: =IF(T14="",0,E14-T14) -> 47.245 | X14: =IF(U14="",0,K14-U14) -> 12652.68 | AJ14: =B14-AK14 -> 104789 | AK14: 0
A15: 2.4 | B15: 97649 | C15: =IF($B15="","",IFERROR(VLOOKUP($B15,SERVIÇOS!$B:$G,2,0),IFERROR(VLOOKUP($B15,'COMPOSIÇÕES COMPLEMENTARES '!$C:$K,2,0),""))) -> REMOÇÃO DE TELHAS DE FIBROCIMENTO, METÁLICA E CERÂMICA, DE FORMA MECANIZADA, COM USO DE GUINDASTE, SEM REAPROVEITAMENTO. AF_09/2023 | D15: =IF($B15="","",IFERROR(VLOOKUP($B15,SERVIÇOS!$B:$G,3,0),IFERROR(VLOOKUP($B15,'COMPOSIÇÕES COMPLEMENTARES '!$C:$K,3,0),""))) -> M2 | E15: 1157.73 | F15: =IF($B15="","",IFERROR(VLOOKUP($B15,SERVIÇOS!$B:$G,4,0),IFERROR(VLOOKUP($B15,'COMPOSIÇÕES COMPLEMENTARES '!$C:$K,6,0),""))) -> 2.18 | G15: =IF($B15="","",IFERROR(VLOOKUP($B15,SERVIÇOS!$B:$G,5,0),IFERROR(VLOOKUP($B15,'COMPOSIÇÕES COMPLEMENTARES '!$C:$K,7,0),""))) -> 3.67 | H15: =IF(E15="","",F15+G15) -> 5.85 | I15: =IF(E15="","",TRUNC((E15*F15),2)) -> 2523.85 | J15: =IF(E15="","",TRUNC((E15*G15),2)) -> 4248.86 | K15: =IF(E15="","",TRUNC((E15*H15),2)) -> 6772.72
A16: 2.5 | B16: 97650 | C16: =IF($B16="","",IFERROR(VLOOKUP($B16,SERVIÇOS!$B:$G,2,0),IFERROR(VLOOKUP($B16,'COMPOSIÇÕES COMPLEMENTARES '!$C:$K,2,0),""))) -> REMOÇÃO DE TRAMA DE MADEIRA PARA COBERTURA, DE FORMA MANUAL, SEM REAPROVEITAMENTO. AF_09/2023 | D16: =IF($B16="","",IFERROR(VLOOKUP($B16,SERVIÇOS!$B:$G,3,0),IFERROR(VLOOKUP($B16,'COMPOSIÇÕES COMPLEMENTARES '!$C:$K,3,0),""))) -> M2 | E16: =E15 -> 1157.73 | F16: =IF($B16="","",IFERROR(VLOOKUP($B16,SERVIÇOS!$B:$G,4,0),IFERROR(VLOOKUP($B16,'COMPOSIÇÕES COMPLEMENTARES '!$C:$K,6,0),""))) -> 3.09 | G16: =IF($B16="","",IFERROR(VLOOKUP($B16,SERVIÇOS!$B:$G,5,0),IFERROR(VLOOKUP($B16,'COMPOSIÇÕES COMPLEMENTARES '!$C:$K,7,0),""))) -> 7.22 | H16: =IF(E16="","",F16+G16) -> 10.31 | I16: =IF(E16="","",TRUNC((E16*F16),2)) -> 3577.38 | J16: =IF(E16="","",TRUNC((E16*G16),2)) -> 8358.81 | K16: =IF(E16="","",TRUNC((E16*H16),2)) -> 11936.19
A17: 2.6 | B17: 97629 | C17: =IF($B17="","",IFERROR(VLOOKUP($B17,SERVIÇOS!$B:$G,2,0),IFERROR(VLOOKUP($B17,'COMPOSIÇÕES COMPLEMENTARES '!$C:$K,2,0),""))) -> DEMOLIÇÃO DE LAJES, EM CONCRETO ARMADO, DE FORMA MECANIZADA COM MARTELETE, SEM REAPROVEITAMENTO. AF_09/2023 | D17: =IF($B17="","",IFERROR(VLOOKUP($B17,SERVIÇOS!$B:$G,3,0),IFERROR(VLOOKUP($B17,'COMPOSIÇÕES COMPLEMENTARES '!$C:$K,3,0),""))) -> M3 | E17: =62.57*0.2 -> 12.514 | F17: =IF($B17="","",IFERROR(VLOOKUP($B17,SERVIÇOS!$B:$G,4,0),IFERROR(VLOOKUP($B17,'COMPOSIÇÕES COMPLEMENTARES '!$C:$K,6,0),""))) -> 33.36 | G17: =IF($B17="","",IFERROR(VLOOKUP($B17,SERVIÇOS!$B:$G,5,0),IFERROR(VLOOKUP($B17,'COMPOSIÇÕES COMPLEMENTARES '!$C:$K,7,0),""))) -> 77.83 | H17: =IF(E17="","",F17+G17) -> 111.19 | I17: =IF(E17="","",TRUNC((E17*F17),2)) -> 417.46 | J17: =IF(E17="","",TRUNC((E17*G17),2)) -> 973.96 | K17: =IF(E17="","",TRUNC((E17*H17),2)) -> 1391.43
A18: 2.7 | B18: 97634 | C18: =IF($B18="","",IFERROR(VLOOKUP($B18,SERVIÇOS!$B:$G,2,0),IFERROR(VLOOKUP($B18,'COMPOSIÇÕES COMPLEMENTARES '!$C:$K,2,0),""))) -> DEMOLIÇÃO DE REVESTIMENTO CERÂMICO, DE FORMA MECANIZADA COM MARTELETE, SEM REAPROVEITAMENTO. AF_09/2023 | D18: =IF($B18="","",IFERROR(VLOOKUP($B18,SERVIÇOS!$B:$G,3,0),IFERROR(VLOOKUP($B18,'COMPOSIÇÕES COMPLEMENTARES '!$C:$K,3,0),""))) -> M2 | E18: =114.84+312.31+193.26 -> 620.41 | F18: =IF($B18="","",IFERROR(VLOOKUP($B18,SERVIÇOS!$B:$G,4,0),IFERROR(VLOOKUP($B18,'COMPOSIÇÕES COMPLEMENTARES '!$C:$K,6,0),""))) -> 2.71 | G18: =IF($B18="","",IFERROR(VLOOKUP($B18,SERVIÇOS!$B:$G,5,0),IFERROR(VLOOKUP($B18,'COMPOSIÇÕES COMPLEMENTARES '!$C:$K,7,0),""))) -> 6.29 | H18: =IF(E18="","",F18+G18) -> 9 | I18: =IF(E18="","",TRUNC((E18*F18),2)) -> 1681.31 | J18: =IF(E18="","",TRUNC((E18*G18),2)) -> 3902.37 | K18: =IF(E18="","",TRUNC((E18*H18),2)) -> 5583.69
A19: 2.8 | B19: 97645 | C19: =IF($B19="","",IFERROR(VLOOKUP($B19,SERVIÇOS!$B:$G,2,0),IFERROR(VLOOKUP($B19,'COMPOSIÇÕES COMPLEMENTARES '!$C:$K,2,0),""))) -> REMOÇÃO DE JANELAS, DE FORMA MANUAL, SEM REAPROVEITAMENTO. AF_09/2023 | D19: =IF($B19="","",IFERROR(VLOOKUP($B19,SERVIÇOS!$B:$G,3,0),IFERROR(VLOOKUP($B19,'COMPOSIÇÕES COMPLEMENTARES '!$C:$K,3,0),""))) -> M2 | E19: =(3*1.5*1.2)+(2*2*1)+(3*1*0.5)+(1*0.6*0.6)+(1*1.5*1)+(1.5*1.1)+(2*2*1.6)+(4*0.3*0.5) -> 21.41 | F19: =IF($B19="","",IFERROR(VLOOKUP($B19,SERVIÇOS!$B:$G,4,0),IFERROR(VLOOKUP($B19,'COMPOSIÇÕES COMPLEMENTARES '!$C:$K,6,0),""))) -> 9.9 | G19: =IF($B19="","",IFERROR(VLOOKUP($B19,SERVIÇOS!$B:$G,5,0),IFERROR(VLOOKUP($B19,'COMPOSIÇÕES COMPLEMENTARES '!$C:$K,7,0),""))) -> 23.24 | H19: =IF(E19="","",F19+G19) -> 33.14 | I19: =IF(E19="","",TRUNC((E19*F19),2)) -> 211.95 | J19: =IF(E19="","",TRUNC((E19*G19),2)) -> 497.56 | K19: =IF(E19="","",TRUNC((E19*H19),2)) -> 709.52
A20: 2.9 | B20: 97644 | C20: =IF($B20="","",IFERROR(VLOOKUP($B20,SERVIÇOS!$B:$G,2,0),IFERROR(VLOOKUP($B20,'COMPOSIÇÕES COMPLEMENTARES '!$C:$K,2,0),""))) -> REMOÇÃO DE PORTAS, DE FORMA MANUAL, SEM REAPROVEITAMENTO. AF_09/2023 | D20: =IF($B20="","",IFERROR(VLOOKUP($B20,SERVIÇOS!$B:$G,3,0),IFERROR(VLOOKUP($B20,'COMPOSIÇÕES COMPLEMENTARES '!$C:$K,3,0),""))) -> M2 | E20: =(6*0.6*2.1)+(0.9*2.1)+(1*2.1)+(1*1*2.1)+(1*2.5*2.1)+(2*2*2.1)+(0.6*2.1)+(0.9*2.1)+(0.7*2.1)+(36*0.8*2.1)+(3*1.5*2.1)+(6*1*2.1)+(1*2*2.5) -> 119.45 | F20: =IF($B20="","",IFERROR(VLOOKUP($B20,SERVIÇOS!$B:$G,4,0),IFERROR(VLOOKUP($B20,'COMPOSIÇÕES COMPLEMENTARES '!$C:$K,6,0),""))) -> 3.83 | G20: =IF($B20="","",IFERROR(VLOOKUP($B20,SERVIÇOS!$B:$G,5,0),IFERROR(VLOOKUP($B20,'COMPOSIÇÕES COMPLEMENTARES '!$C:$K,7,0),""))) -> 9 | H20: =IF(E20="","",F20+G20) -> 12.83 | I20: =IF(E20="","",TRUNC((E20*F20),2)) -> 457.49 | J20: =IF(E20="","",TRUNC((E20*G20),2)) -> 1075.05 | K20: =IF(E20="","",TRUNC((E20*H20),2)) -> 1532.54
A21: 2.10 | B21: 100978 | C21: =IF($B21="","",IFERROR(VLOOKUP($B21,SERVIÇOS!$B:$G,2,0),IFERROR(VLOOKUP($B21,'COMPOSIÇÕES COMPLEMENTARES '!$C:$K,2,0),""))) -> CARGA, MANOBRA E DESCARGA DE SOLOS E MATERIAIS GRANULARES EM CAMINHÃO BASCULANTE 10 M³ - CARGA COM ESCAVADEIRA HIDRÁULICA (CAÇAMBA DE 1,20 M³ / 155 HP) E DESCARGA LIVRE (UNIDADE: M3). AF_07/2020 | D21: =IF($B21="","",IFERROR(VLOOKUP($B21,SERVIÇOS!$B:$G,3,0),IFERROR(VLOOKUP($B21,'COMPOSIÇÕES COMPLEMENTARES '!$C:$K,3,0),""))) -> M3 | E21: =E13+E14+(E15*0.05)+(E16*0.15)+E17+(E18*0.01)+(E19*0.1)+(E20*0.1) -> 423.8851 | F21: =IF($B21="","",IFERROR(VLOOKUP($B21,SERVIÇOS!$B:$G,4,0),IFERROR(VLOOKUP($B21,'COMPOSIÇÕES COMPLEMENTARES '!$C:$K,6,0),""))) -> 6.4 | G21: =IF($B21="","",IFERROR(VLOOKUP($B21,SERVIÇOS!$B:$G,5,0),IFERROR(VLOOKUP($B21,'COMPOSIÇÕES COMPLEMENTARES '!$C:$K,7,0),""))) -> 1.14 | H21: =IF(E21="","",F21+G21) -> 7.54 | I21: =IF(E21="","",TRUNC((E21*F21),2)) -> 2712.86 | J21: =IF(E21="","",TRUNC((E21*G21),2)) -> 483.22 | K21: =IF(E21="","",TRUNC((E21*H21),2)) -> 3196.09
A22: 2.11 | B22: 98459 | C22: =IF($B22="","",IFERROR(VLOOKUP($B22,SERVIÇOS!$B:$G,2,0),IFERROR(VLOOKUP($B22,'COMPOSIÇÕES COMPLEMENTARES '!$C:$K,2,0),""))) -> TAPUME COM TELHA METÁLICA. AF_03/2024 | D22: =IF($B22="","",IFERROR(VLOOKUP($B22,SERVIÇOS!$B:$G,3,0),IFERROR(VLOOKUP($B22,'COMPOSIÇÕES COMPLEMENTARES '!$C:$K,3,0),""))) -> M2 | E22: 71.4 | F22: =IF($B22="","",IFERROR(VLOOKUP($B22,SERVIÇOS!$B:$G,4,0),IFERROR(VLOOKUP($B22,'COMPOSIÇÕES COMPLEMENTARES '!$C:$K,6,0),""))) -> 62.82 | G22: =IF($B22="","",IFERROR(VLOOKUP($B22,SERVIÇOS!$B:$G,5,0),IFERROR(VLOOKUP($B22,'COMPOSIÇÕES COMPLEMENTARES '!$C:$K,7,0),""))) -> 32.06 | H22: =IF(E22="","",F22+G22) -> 94.88 | I22: =IF(E22="","",TRUNC((E22*F22),2)) -> 4485.34 | J22: =IF(E22="","",TRUNC((E22*G22),2)) -> 2289.08 | K22: =IF(E22="","",TRUNC((E22*H22),2)) -> 6774.43
A23: 2.12 | B23: COMP 038 | C23: =IF($B23="","",IFERROR(VLOOKUP($B23,SERVIÇOS!$B:$G,2,0),IFERROR(VLOOKUP($B23,'COMPOSIÇÕES COMPLEMENTARES '!$C:$K,2,0),""))) -> EXECUÇÃO DE DEPÓSITO EM CANTEIRO DE OBRA EM CHAPA DE MADEIRA COMPENSADA, NÃO INCLUSO MOBILIÁRIO | D23: =IF($B23="","",IFERROR(VLOOKUP($B23,SERVIÇOS!$B:$G,3,0),IFERROR(VLOOKUP($B23,'COMPOSIÇÕES COMPLEMENTARES '!$C:$K,3,0),""))) -> M2 | E23: 16 | F23: =IF($B23="","",IFERROR(VLOOKUP($B23,SERVIÇOS!$B:$G,4,0),IFERROR(VLOOKUP($B23,'COMPOSIÇÕES COMPLEMENTARES '!$C:$K,6,0),""))) -> 538.18 | G23: =IF($B23="","",IFERROR(VLOOKUP($B23,SERVIÇOS!$B:$G,5,0),IFERROR(VLOOKUP($B23,'COMPOSIÇÕES COMPLEMENTARES '!$C:$K,7,0),""))) -> 183.46 | H23: =IF(E23="","",F23+G23) -> 721.64 | I23: =IF(E23="","",TRUNC((E23*F23),2)) -> 8610.88 | J23: =IF(E23="","",TRUNC((E23*G23),2)) -> 2935.36 | K23: =IF(E23="","",TRUNC((E23*H23),2)) -> 11546.24
A24: 2.13 | B24: COMP 039 | C24: =IF($B24="","",IFERROR(VLOOKUP($B24,SERVIÇOS!$B:$G,2,0),IFERROR(VLOOKUP($B24,'COMPOSIÇÕES COMPLEMENTARES '!$C:$K,2,0),""))) -> EXECUÇÃO DE SANITÁRIO E VESTIÁRIO EM CANTEIRO DE OBRA EM CHAPA DE MADEIRA COMPENSADA, INCLUSO VASO SANITÁRIO E LAVATÓRIO | D24: =IF($B24="","",IFERROR(VLOOKUP($B24,SERVIÇOS!$B:$G,3,0),IFERROR(VLOOKUP($B24,'COMPOSIÇÕES COMPLEMENTARES '!$C:$K,3,0),""))) -> M2 | E24: 12 | F24: =IF($B24="","",IFERROR(VLOOKUP($B24,SERVIÇOS!$B:$G,4,0),IFERROR(VLOOKUP($B24,'COMPOSIÇÕES COMPLEMENTARES '!$C:$K,6,0),""))) -> 766.55 | G24: =IF($B24="","",IFERROR(VLOOKUP($B24,SERVIÇOS!$B:$G,5,0),IFERROR(VLOOKUP($B24,'COMPOSIÇÕES COMPLEMENTARES '!$C:$K,7,0),""))) -> 363.28 | H24: =IF(E24="","",F24+G24) -> 1129.83 | I24: =IF(E24="","",TRUNC((E24*F24),2)) -> 9198.6 | J24: =IF(E24="","",TRUNC((E24*G24),2)) -> 4359.36 | K24: =IF(E24="","",TRUNC((E24*H24),2)) -> 13557.96
A25: 2.14 | B25: 99059 | C25: =IF($B25="","",IFERROR(VLOOKUP($B25,SERVIÇOS!$B:$G,2,0),IFERROR(VLOOKUP($B25,'COMPOSIÇÕES COMPLEMENTARES '!$C:$K,2,0),""))) -> LOCAÇÃO CONVENCIONAL DE OBRA, UTILIZANDO GABARITO DE TÁBUAS CORRIDAS PONTALETADAS A CADA 2,00M - 2 UTILIZAÇÕES. AF_03/2024 | D25: =IF($B25="","",IFERROR(VLOOKUP($B25,SERVIÇOS!$B:$G,3,0),IFERROR(VLOOKUP($B25,'COMPOSIÇÕES COMPLEMENTARES '!$C:$K,3,0),""))) -> M | E25: =4.1+4.1+4+4.41+1.9+3.7+2.2+5.1+5.1+4.06+4.06+4.06+5.1+10.55+8.29+8.38+3.65+3.65+1.9+9+7.6+5.85+4.8+4.8+5.85+3+3.9+3.5+3.35+2.73+4+2.35+2.35+2.9+6.8+10+7+8+8 -> 194.09 | F25: =IF($B25="","",IFERROR(VLOOKUP($B25,SERVIÇOS!$B:$G,4,0),IFERROR(VLOOKUP($B25,'COMPOSIÇÕES COMPLEMENTARES '!$C:$K,6,0),""))) -> 40.29 | G25: =IF($B25="","",IFERROR(VLOOKUP($B25,SERVIÇOS!$B:$G,5,0),IFERROR(VLOOKUP($B25,'COMPOSIÇÕES COMPLEMENTARES '!$C:$K,7,0),""))) -> 36.47 | H25: =IF(E25="","",F25+G25) -> 76.76 | I25: =IF(E25="","",TRUNC((E25*F25),2)) -> 7819.88 | J25: =IF(E25="","",TRUNC((E25*G25),2)) -> 7078.46 | K25: =IF(E25="","",TRUNC((E25*H25),2)) -> 14898.34
A26: 3 | C26: EXECUÇÃO E COMPACTAÇÃO DE ATERRO | I26: =TRUNC(SUMIF(I27:I28,">0",I27:I28),2) -> 2958.19 | J26: =TRUNC(SUMIF(J27:J28,">0",J27:J28),2) -> 491.06 | L26: =SUMIF(I26:J26,">0",I26:J26) -> 3449.25
A27: 3.1 | B27: 101218 | C27: =IF($B27="","",IFERROR(VLOOKUP($B27,SERVIÇOS!$B:$G,2,0),IFERROR(VLOOKUP($B27,'COMPOSIÇÕES COMPLEMENTARES '!$C:$K,2,0),""))) -> ESCAVAÇÃO VERTICAL PARA EDIFICAÇÃO, COM CARGA, DESCARGA E TRANSPORTE DE SOLO DE 1ª CATEGORIA, COM ESCAVADEIRA HIDRÁULICA (CAÇAMBA: 0,8 M³ / 111 HP), FROTA DE 5 CAMINHÕES BASCULANTES DE 18 M³, DMT DE 4 KM E VELOCIDADE MÉDIA 22 KM/H. AF_05/2020 | D27: =IF($B27="","",IFERROR(VLOOKUP($B27,SERVIÇOS!$B:$G,3,0),IFERROR(VLOOKUP($B27,'COMPOSIÇÕES COMPLEMENTARES '!$C:$K,3,0),""))) -> M3 | E27: =107.22 -> 107.22 | F27: =IF($B27="","",IFERROR(VLOOKUP($B27,SERVIÇOS!$B:$G,4,0),IFERROR(VLOOKUP($B27,'COMPOSIÇÕES COMPLEMENTARES '!$C:$K,6,0),""))) -> 20.48 | G27: =IF($B27="","",IFERROR(VLOOKUP($B27,SERVIÇOS!$B:$G,5,0),IFERROR(VLOOKUP($B27,'COMPOSIÇÕES COMPLEMENTARES '!$C:$K,7,0),""))) -> 2.57 | H27: =IF(E27="","",F27+G27) -> 23.05 | I27: =IF(E27="","",TRUNC((E27*F27),2)) -> 2195.86 | J27: =IF(E27="","",TRUNC((E27*G27),2)) -> 275.55 | K27: =IF(E27="","",TRUNC((E27*H27),2)) -> 2471.42
A28: 3.2 | B28: 105561 | C28: =IF($B28="","",IFERROR(VLOOKUP($B28,SERVIÇOS!$B:$G,2,0),IFERROR(VLOOKUP($B28,'COMPOSIÇÕES COMPLEMENTARES '!$C:$K,2,0),""))) -> EXECUÇÃO E COMPACTAÇÃO DE CORPO DE ATERRO DE ATERRO (95% DE ENERGIA DO PROCTOR NORMAL) COM SOLO PREDOMINANTEMENTE ARENOSO, EM CAMADAS COM ESPESSURA DE 10 CM - EXCLUSIVE ESCAVAÇÃO, CARGA E TRANSPORTE E SOLO. AF_09/2024 | D28: =IF($B28="","",IFERROR(VLOOKUP($B28,SERVIÇOS!$B:$G,3,0),IFERROR(VLOOKUP($B28,'COMPOSIÇÕES COMPLEMENTARES '!$C:$K,3,0),""))) -> M3 | E28: 107.22 | F28: =IF($B28="","",IFERROR(VLOOKUP($B28,SERVIÇOS!$B:$G,4,0),IFERROR(VLOOKUP($B28,'COMPOSIÇÕES COMPLEMENTARES '!$C:$K,6,0),""))) -> 7.11 | G28: =IF($B28="","",IFERROR(VLOOKUP($B28,SERVIÇOS!$B:$G,5,0),IFERROR(VLOOKUP($B28,'COMPOSIÇÕES COMPLEMENTARES '!$C:$K,7,0),""))) -> 2.01 | H28: =IF(E28="","",F28+G28) -> 9.12 | I28: =IF(E28="","",TRUNC((E28*F28),2)) -> 762.33 | J28: =IF(E28="","",TRUNC((E28*G28),2)) -> 215.51 | K28: =IF(E28="","",TRUNC((E28*H28),2)) -> 977.84
A29: 4 | C29: FUNDAÇÕES | I29: =TRUNC(SUMIF(I30:I40,">0",I30:I40),2) -> 96874.98 | J29: =TRUNC(SUMIF(J30:J40,">0",J30:J40),2) -> 31614.54 | L29: =SUMIF(I29:J29,">0",I29:J29) -> 128489.52
A30: 4.1 | B30: 100896 | C30: =IF($B30="","",IFERROR(VLOOKUP($B30,SERVIÇOS!$B:$G,2,0),IFERROR(VLOOKUP($B30,'COMPOSIÇÕES COMPLEMENTARES '!$C:$K,2,0),""))) -> ESTACA ESCAVADA MECANICAMENTE, SEM FLUIDO ESTABILIZANTE, COM 25CM DE DIÂMETRO, CONCRETO LANÇADO POR CAMINHÃO BETONEIRA (EXCLUSIVE MOBILIZAÇÃO E DESMOBILIZAÇÃO). AF_01/2020 | D30: =IF($B30="","",IFERROR(VLOOKUP($B30,SERVIÇOS!$B:$G,3,0),IFERROR(VLOOKUP($B30,'COMPOSIÇÕES COMPLEMENTARES '!$C:$K,3,0),""))) -> M | E30: 560 | F30: =IF($B30="","",IFERROR(VLOOKUP($B30,SERVIÇOS!$B:$G,4,0),IFERROR(VLOOKUP($B30,'COMPOSIÇÕES COMPLEMENTARES '!$C:$K,6,0),""))) -> 54.01 | G30: =IF($B30="","",IFERROR(VLOOKUP($B30,SERVIÇOS!$B:$G,5,0),IFERROR(VLOOKUP($B30,'COMPOSIÇÕES COMPLEMENTARES '!$C:$K,7,0),""))) -> 7.79 | H30: =IF(E30="","",F30+G30) -> 61.8 | I30: =IF(E30="","",TRUNC((E30*F30),2)) -> 30245.6 | J30: =IF(E30="","",TRUNC((E30*G30),2)) -> 4362.4 | K30: =IF(E30="","",TRUNC((E30*H30),2)) -> 34608 | O30: =IF(OR(N30="",$K30=""),"",(N30/$E30)*$K30) | Q30: =IF(OR(P30="",$K30=""),"",(P30/$E30)*$K30) | S30: =IF(OR(R30="",$K30=""),"",(R30/$E30)*$K30) | T30: =SUMIF($N$8:S$9,"QUANT.",N30:S30) -> 0 | U30: =SUMIF($N$8:$S$9,"CUSTO",N30:S30) -> 0 | V30: =IF(B30<>"",IF(U30=0,"MEDIR",IF(K30-U30=0,"OK",IF(K30-U30>0,"MEDIR","ALERTA!"))),"") -> MEDIR | W30: =IF(T30="",0,E30-T30) -> 560 | X30: =IF(U30="",0,K30-U30) -> 34608 | AJ30: =B30-AK30 -> 100896 | AK30: 0
A31: 4.2 | B31: 95583 | C31: =IF($B31="","",IFERROR(VLOOKUP($B31,SERVIÇOS!$B:$G,2,0),IFERROR(VLOOKUP($B31,'COMPOSIÇÕES COMPLEMENTARES '!$C:$K,2,0),""))) -> MONTAGEM DE ARMADURA TRANSVERSAL DE ESTACAS DE SEÇÃO CIRCULAR, DIÂMETRO = 5,0 MM. AF_09/2021_PS | D31: =IF($B31="","",IFERROR(VLOOKUP($B31,SERVIÇOS!$B:$G,3,0),IFERROR(VLOOKUP($B31,'COMPOSIÇÕES COMPLEMENTARES '!$C:$K,3,0),""))) -> KG | E31: 181.4 | F31: =IF($B31="","",IFERROR(VLOOKUP($B31,SERVIÇOS!$B:$G,4,0),IFERROR(VLOOKUP($B31,'COMPOSIÇÕES COMPLEMENTARES '!$C:$K,6,0),""))) -> 11.05 | G31: =IF($B31="","",IFERROR(VLOOKUP($B31,SERVIÇOS!$B:$G,5,0),IFERROR(VLOOKUP($B31,'COMPOSIÇÕES COMPLEMENTARES '!$C:$K,7,0),""))) -> 6.99 | H31: =IF(E31="","",F31+G31) -> 18.04 | I31: =IF(E31="","",TRUNC((E31*F31),2)) -> 2004.47 | J31: =IF(E31="","",TRUNC((E31*G31),2)) -> 1267.98 | K31: =IF(E31="","",TRUNC((E31*H31),2)) -> 3272.45 | O31: =IF(OR(N31="",$K31=""),"",(N31/$E31)*$K31) | Q31: =IF(OR(P31="",$K31=""),"",(P31/$E31)*$K31) | S31: =IF(OR(R31="",$K31=""),"",(R31/$E31)*$K31) | T31: =SUMIF($N$8:S$9,"QUANT.",N31:S31) -> 0 | U31: =SUMIF($N$8:$S$9,"CUSTO",N31:S31) -> 0 | V31: =IF(B31<>"",IF(U31=0,"MEDIR",IF(K31-U31=0,"OK",IF(K31-U31>0,"MEDIR","ALERTA!"))),"") -> MEDIR | W31: =IF(T31="",0,E31-T31) -> 181.4 | X31: =IF(U31="",0,K31-U31) -> 3272.45
A32: 4.3 | B32: 95577 | C32: =IF($B32="","",IFERROR(VLOOKUP($B32,SERVIÇOS!$B:$G,2,0),IFERROR(VLOOKUP($B32,'COMPOSIÇÕES COMPLEMENTARES '!$C:$K,2,0),""))) -> MONTAGEM DE ARMADURA DE ESTACAS, DIÂMETRO = 10,0 MM. AF_09/2021_PS | D32: =IF($B32="","",IFERROR(VLOOKUP($B32,SERVIÇOS!$B:$G,3,0),IFERROR(VLOOKUP($B32,'COMPOSIÇÕES COMPLEMENTARES '!$C:$K,3,0),""))) -> KG | E32: 913.1 | F32: =IF($B32="","",IFERROR(VLOOKUP($B32,SERVIÇOS!$B:$G,4,0),IFERROR(VLOOKUP($B32,'COMPOSIÇÕES COMPLEMENTARES '!$C:$K,6,0),""))) -> 9.65 | G32: =IF($B32="","",IFERROR(VLOOKUP($B32,SERVIÇOS!$B:$G,5,0),IFERROR(VLOOKUP($B32,'COMPOSIÇÕES COMPLEMENTARES '!$C:$K,7,0),""))) -> 1.2 | H32: =IF(E32="","",F32+G32) -> 10.85 | I32: =IF(E32="","",TRUNC((E32*F32),2)) -> 8811.41 | J32: =IF(E32="","",TRUNC((E32*G32),2)) -> 1095.72 | K32: =IF(E32="","",TRUNC((E32*H32),2)) -> 9907.13 | O32: =IF(OR(N32="",$K32=""),"",(N32/$E32)*$K32) | Q32: =IF(OR(P32="",$K32=""),"",(P32/$E32)*$K32) | S32: =IF(OR(R32="",$K32=""),"",(R32/$E32)*$K32) | T32: =SUMIF($N$8:S$9,"QUANT.",N32:S32) -> 0 | U32: =SUMIF($N$8:$S$9,"CUSTO",N32:S32) -> 0 | V32: =IF(B32<>"",IF(U32=0,"MEDIR",IF(K32-U32=0,"OK",IF(K32-U32>0,"MEDIR","ALERTA!"))),"") -> MEDIR | W32: =IF(T32="",0,E32-T32) -> 913.1 | X32: =IF(U32="",0,K32-U32) -> 9907.13
A33: 4.4 | B33: 96527 | C33: =IF($B33="","",IFERROR(VLOOKUP($B33,SERVIÇOS!$B:$G,2,0),IFERROR(VLOOKUP($B33,'COMPOSIÇÕES COMPLEMENTARES '!$C:$K,2,0),""))) -> ESCAVAÇÃO MANUAL PARA VIGA BALDRAME OU SAPATA CORRIDA (INCLUINDO ESCAVAÇÃO PARA COLOCAÇÃO DE FÔRMAS). AF_01/2024 | D33: =IF($B33="","",IFERROR(VLOOKUP($B33,SERVIÇOS!$B:$G,3,0),IFERROR(VLOOKUP($B33,'COMPOSIÇÕES COMPLEMENTARES '!$C:$K,3,0),""))) -> M3 | E33: 13.98 | F33: =IF($B33="","",IFERROR(VLOOKUP($B33,SERVIÇOS!$B:$G,4,0),IFERROR(VLOOKUP($B33,'COMPOSIÇÕES COMPLEMENTARES '!$C:$K,6,0),""))) -> 41.61 | G33: =IF($B33="","",IFERROR(VLOOKUP($B33,SERVIÇOS!$B:$G,5,0),IFERROR(VLOOKUP($B33,'COMPOSIÇÕES COMPLEMENTARES '!$C:$K,7,0),""))) -> 96.35 | H33: =IF(E33="","",F33+G33) -> 137.96 | I33: =IF(E33="","",TRUNC((E33*F33),2)) -> 581.7 | J33: =IF(E33="","",TRUNC((E33*G33),2)) -> 1346.97 | K33: =IF(E33="","",TRUNC((E33*H33),2)) -> 1928.68 | O33: =IF(OR(N33="",$K33=""),"",(N33/$E33)*$K33) | Q33: =IF(OR(P33="",$K33=""),"",(P33/$E33)*$K33) | S33: =IF(OR(R33="",$K33=""),"",(R33/$E33)*$K33) | T33: =SUMIF($N$8:S$9,"QUANT.",N33:S33) -> 0 | U33: =SUMIF($N$8:$S$9,"CUSTO",N33:S33) -> 0 | V33: =IF(B33<>"",IF(U33=0,"MEDIR",IF(K33-U33=0,"OK",IF(K33-U33>0,"MEDIR","ALERTA!"))),"") -> MEDIR | W33: =IF(T33="",0,E33-T33) -> 13.98 | X33: =IF(U33="",0,K33-U33) -> 1928.68
A34: 4.5 | B34: 96536 | C34: =IF($B34="","",IFERROR(VLOOKUP($B34,SERVIÇOS!$B:$G,2,0),IFERROR(VLOOKUP($B34,'COMPOSIÇÕES COMPLEMENTARES '!$C:$K,2,0),""))) -> FABRICAÇÃO, MONTAGEM E DESMONTAGEM DE FÔRMA PARA VIGA BALDRAME, EM MADEIRA SERRADA, E=25 MM, 4 UTILIZAÇÕES. AF_01/2024 | D34: =IF($B34="","",IFERROR(VLOOKUP($B34,SERVIÇOS!$B:$G,3,0),IFERROR(VLOOKUP($B34,'COMPOSIÇÕES COMPLEMENTARES '!$C:$K,3,0),""))) -> M2 | E34: 260.47 | F34: =IF($B34="","",IFERROR(VLOOKUP($B34,SERVIÇOS!$B:$G,4,0),IFERROR(VLOOKUP($B34,'COMPOSIÇÕES COMPLEMENTARES '!$C:$K,6,0),""))) -> 35.03 | G34: =IF($B34="","",IFERROR(VLOOKUP($B34,SERVIÇOS!$B:$G,5,0),IFERROR(VLOOKUP($B34,'COMPOSIÇÕES COMPLEMENTARES '!$C:$K,7,0),""))) -> 41.54 | H34: =IF(E34="","",F34+G34) -> 76.57 | I34: =IF(E34="","",TRUNC((E34*F34),2)) -> 9124.26 | J34: =IF(E34="","",TRUNC((E34*G34),2)) -> 10819.92 | K34: =IF(E34="","",TRUNC((E34*H34),2)) -> 19944.18 | O34: =IF(OR(N34="",$K34=""),"",(N34/$E34)*$K34) | Q34: =IF(OR(P34="",$K34=""),"",(P34/$E34)*$K34) | S34: =IF(OR(R34="",$K34=""),"",(R34/$E34)*$K34) | T34: =SUMIF($N$8:S$9,"QUANT.",N34:S34) -> 0 | U34: =SUMIF($N$8:$S$9,"CUSTO",N34:S34) -> 0 | V34: =IF(B34<>"",IF(U34=0,"MEDIR",IF(K34-U34=0,"OK",IF(K34-U34>0,"MEDIR","ALERTA!"))),"") -> MEDIR | W34: =IF(T34="",0,E34-T34) -> 260.47 | X34: =IF(U34="",0,K34-U34) -> 19944.18
A35: 4.6 | B35: 104916 | C35: =IF($B35="","",IFERROR(VLOOKUP($B35,SERVIÇOS!$B:$G,2,0),IFERROR(VLOOKUP($B35,'COMPOSIÇÕES COMPLEMENTARES '!$C:$K,2,0),""))) -> ARMAÇÃO DE SAPATA ISOLADA, VIGA BALDRAME E SAPATA CORRIDA UTILIZANDO AÇO CA-60 DE 5 MM - MONTAGEM. AF_01/2024 | D35: =IF($B35="","",IFERROR(VLOOKUP($B35,SERVIÇOS!$B:$G,3,0),IFERROR(VLOOKUP($B35,'COMPOSIÇÕES COMPLEMENTARES '!$C:$K,3,0),""))) -> KG | E35: 277.2 | F35: =IF($B35="","",IFERROR(VLOOKUP($B35,SERVIÇOS!$B:$G,4,0),IFERROR(VLOOKUP($B35,'COMPOSIÇÕES COMPLEMENTARES '!$C:$K,6,0),""))) -> 11.41 | G35: =IF($B35="","",IFERROR(VLOOKUP($B35,SERVIÇOS!$B:$G,5,0),IFERROR(VLOOKUP($B35,'COMPOSIÇÕES COMPLEMENTARES '!$C:$K,7,0),""))) -> 7.66 | H35: =IF(E35="","",F35+G35) -> 19.07 | I35: =IF(E35="","",TRUNC((E35*F35),2)) -> 3162.85 | J35: =IF(E35="","",TRUNC((E35*G35),2)) -> 2123.35 | K35: =IF(E35="","",TRUNC((E35*H35),2)) -> 5286.2 | O35: =IF(OR(N35="",$K35=""),"",(N35/$E35)*$K35) | Q35: =IF(OR(P35="",$K35=""),"",(P35/$E35)*$K35) | S35: =IF(OR(R35="",$K35=""),"",(R35/$E35)*$K35) | T35: =SUMIF($N$8:S$9,"QUANT.",N35:S35) -> 0 | U35: =SUMIF($N$8:$S$9,"CUSTO",N35:S35) -> 0 | V35: =IF(B35<>"",IF(U35=0,"MEDIR",IF(K35-U35=0,"OK",IF(K35-U35>0,"MEDIR","ALERTA!"))),"") -> MEDIR | W35: =IF(T35="",0,E35-T35) -> 277.2 | X35: =IF(U35="",0,K35-U35) -> 5286.2
A36: 4.7 | B36: 104917 | C36: =IF($B36="","",IFERROR(VLOOKUP($B36,SERVIÇOS!$B:$G,2,0),IFERROR(VLOOKUP($B36,'COMPOSIÇÕES COMPLEMENTARES '!$C:$K,2,0),""))) -> ARMAÇÃO DE SAPATA ISOLADA, VIGA BALDRAME E SAPATA CORRIDA UTILIZANDO AÇO CA-50 DE 6,3 MM - MONTAGEM. AF_01/2024 | D36: =IF($B36="","",IFERROR(VLOOKUP($B36,SERVIÇOS!$B:$G,3,0),IFERROR(VLOOKUP($B36,'COMPOSIÇÕES COMPLEMENTARES '!$C:$K,3,0),""))) -> KG | E36: 0.3 | F36: =IF($B36="","",IFERROR(VLOOKUP($B36,SERVIÇOS!$B:$G,4,0),IFERROR(VLOOKUP($B36,'COMPOSIÇÕES COMPLEMENTARES '!$C:$K,6,0),""))) -> 11.55 | G36: =IF($B36="","",IFERROR(VLOOKUP($B36,SERVIÇOS!$B:$G,5,0),IFERROR(VLOOKUP($B36,'COMPOSIÇÕES COMPLEMENTARES '!$C:$K,7,0),""))) -> 5.56 | H36: =IF(E36="","",F36+G36) -> 17.11 | I36: =IF(E36="","",TRUNC((E36*F36),2)) -> 3.46 | J36: =IF(E36="","",TRUNC((E36*G36),2)) -> 1.66 | K36: =IF(E36="","",TRUNC((E36*H36),2)) -> 5.13 | O36: =IF(OR(N36="",$K36=""),"",(N36/$E36)*$K36) | Q36: =IF(OR(P36="",$K36=""),"",(P36/$E36)*$K36) | S36: =IF(OR(R36="",$K36=""),"",(R36/$E36)*$K36) | T36: =SUMIF($N$8:S$9,"QUANT.",N36:S36) -> 0 | U36: =SUMIF($N$8:$S$9,"CUSTO",N36:S36) -> 0 | V36: =IF(B36<>"",IF(U36=0,"MEDIR",IF(K36-U36=0,"OK",IF(K36-U36>0,"MEDIR","ALERTA!"))),"") -> MEDIR | W36: =IF(T36="",0,E36-T36) -> 0.3 | X36: =IF(U36="",0,K36-U36) -> 5.13 | AJ36: =B36-AK36 -> 104917 | AK36: 0
A37: 4.8 | B37: 104918 | C37: =IF($B37="","",IFERROR(VLOOKUP($B37,SERVIÇOS!$B:$G,2,0),IFERROR(VLOOKUP($B37,'COMPOSIÇÕES COMPLEMENTARES '!$C:$K,2,0),""))) -> ARMAÇÃO DE SAPATA ISOLADA, VIGA BALDRAME E SAPATA CORRIDA UTILIZANDO AÇO CA-50 DE 8 MM - MONTAGEM. AF_01/2024 | D37: =IF($B37="","",IFERROR(VLOOKUP($B37,SERVIÇOS!$B:$G,3,0),IFERROR(VLOOKUP($B37,'COMPOSIÇÕES COMPLEMENTARES '!$C:$K,3,0),""))) -> KG | E37: 602 | F37: =IF($B37="","",IFERROR(VLOOKUP($B37,SERVIÇOS!$B:$G,4,0),IFERROR(VLOOKUP($B37,'COMPOSIÇÕES COMPLEMENTARES '!$C:$K,6,0),""))) -> 11.34 | G37: =IF($B37="","",IFERROR(VLOOKUP($B37,SERVIÇOS!$B:$G,5,0),IFERROR(VLOOKUP($B37,'COMPOSIÇÕES COMPLEMENTARES '!$C:$K,7,0),""))) -> 4.08 | H37: =IF(E37="","",F37+G37) -> 15.42 | I37: =IF(E37="","",TRUNC((E37*F37),2)) -> 6826.68 | J37: =IF(E37="","",TRUNC((E37*G37),2)) -> 2456.16 | K37: =IF(E37="","",TRUNC((E37*H37),2)) -> 9282.84 | O37: =IF(OR(N37="",$K37=""),"",(N37/$E37)*$K37) | Q37: =IF(OR(P37="",$K37=""),"",(P37/$E37)*$K37) | S37: =IF(OR(R37="",$K37=""),"",(R37/$E37)*$K37) | T37: =SUMIF($N$8:S$9,"QUANT.",N37:S37) -> 0 | U37: =SUMIF($N$8:$S$9,"CUSTO",N37:S37) -> 0 | V37: =IF(B37<>"",IF(U37=0,"MEDIR",IF(K37-U37=0,"OK",IF(K37-U37>0,"MEDIR","ALERTA!"))),"") -> MEDIR | W37: =IF(T37="",0,E37-T37) -> 602 | X37: =IF(U37="",0,K37-U37) -> 9282.84 | AJ37: =B37-AK37 -> 104918 | AK37: 0
A38: 4.9 | B38: 104919 | C38: =IF($B38="","",IFERROR(VLOOKUP($B38,SERVIÇOS!$B:$G,2,0),IFERROR(VLOOKUP($B38,'COMPOSIÇÕES COMPLEMENTARES '!$C:$K,2,0),""))) -> ARMAÇÃO DE SAPATA ISOLADA, VIGA BALDRAME E SAPATA CORRIDA UTILIZANDO AÇO CA-50 DE 10 MM - MONTAGEM. AF_01/2024 | D38: =IF($B38="","",IFERROR(VLOOKUP($B38,SERVIÇOS!$B:$G,3,0),IFERROR(VLOOKUP($B38,'COMPOSIÇÕES COMPLEMENTARES '!$C:$K,3,0),""))) -> KG | E38: 5.5 | F38: =IF($B38="","",IFERROR(VLOOKUP($B38,SERVIÇOS!$B:$G,4,0),IFERROR(VLOOKUP($B38,'COMPOSIÇÕES COMPLEMENTARES '!$C:$K,6,0),""))) -> 10.45 | G38: =IF($B38="","",IFERROR(VLOOKUP($B38,SERVIÇOS!$B:$G,5,0),IFERROR(VLOOKUP($B38,'COMPOSIÇÕES COMPLEMENTARES '!$C:$K,7,0),""))) -> 3.1 | H38: =IF(E38="","",F38+G38) -> 13.55 | I38: =IF(E38="","",TRUNC((E38*F38),2)) -> 57.47 | J38: =IF(E38="","",TRUNC((E38*G38),2)) -> 17.05 | K38: =IF(E38="","",TRUNC((E38*H38),2)) -> 74.52 | O38: =IF(OR(N38="",$K38=""),"",(N38/$E38)*$K38) | Q38: =IF(OR(P38="",$K38=""),"",(P38/$E38)*$K38) | S38: =IF(OR(R38="",$K38=""),"",(R38/$E38)*$K38) | T38: =SUMIF($N$8:S$9,"QUANT.",N38:S38) -> 0 | U38: =SUMIF($N$8:$S$9,"CUSTO",N38:S38) -> 0 | V38: =IF(B38<>"",IF(U38=0,"MEDIR",IF(K38-U38=0,"OK",IF(K38-U38>0,"MEDIR","ALERTA!"))),"") -> MEDIR | W38: =IF(T38="",0,E38-T38) -> 5.5 | X38: =IF(U38="",0,K38-U38) -> 74.52 | AJ38: =B38-AK38 -> 104919 | AK38: 0
A39: 4.10 | B39: COMP 003 | C39: =IF($B39="","",IFERROR(VLOOKUP($B39,SERVIÇOS!$B:$G,2,0),IFERROR(VLOOKUP($B39,'COMPOSIÇÕES COMPLEMENTARES '!$C:$K,2,0),""))) -> CONCRETAGEM DE BLOCOS DE COROAMENTO E VIGAS BALDRAMES, FCK 25 MPA, COM USO DE BOMBA DE LANÇAMENTO, ADENSAMENTO E ACABAMENTO | D39: =IF($B39="","",IFERROR(VLOOKUP($B39,SERVIÇOS!$B:$G,3,0),IFERROR(VLOOKUP($B39,'COMPOSIÇÕES COMPLEMENTARES '!$C:$K,3,0),""))) -> M3 | E39: 13.98 | F39: =IF($B39="","",IFERROR(VLOOKUP($B39,SERVIÇOS!$B:$G,4,0),IFERROR(VLOOKUP($B39,'COMPOSIÇÕES COMPLEMENTARES '!$C:$K,6,0),""))) -> 585.98 | G39: =IF($B39="","",IFERROR(VLOOKUP($B39,SERVIÇOS!$B:$G,5,0),IFERROR(VLOOKUP($B39,'COMPOSIÇÕES COMPLEMENTARES '!$C:$K,7,0),""))) -> 20.63 | H39: =IF(E39="","",F39+G39) -> 606.61 | I39: =IF(E39="","",TRUNC((E39*F39),2)) -> 8192 | J39: =IF(E39="","",TRUNC((E39*G39),2)) -> 288.4 | K39: =IF(E39="","",TRUNC((E39*H39),2)) -> 8480.4 | O39: =IF(OR(N39="",$K39=""),"",(N39/$E39)*$K39) | Q39: =IF(OR(P39="",$K39=""),"",(P39/$E39)*$K39) | S39: =IF(OR(R39="",$K39=""),"",(R39/$E39)*$K39) | T39: =SUMIF($N$8:S$9,"QUANT.",N39:S39) -> 0 | U39: =SUMIF($N$8:$S$9,"CUSTO",N39:S39) -> 0 | V39: =IF(B39<>"",IF(U39=0,"MEDIR",IF(K39-U39=0,"OK",IF(K39-U39>0,"MEDIR","ALERTA!"))),"") -> MEDIR | W39: =IF(T39="",0,E39-T39) -> 13.98 | X39: =IF(U39="",0,K39-U39) -> 8480.4 | AJ39: =B39-AK39 -> #VALUE! | AK39: 0
A40: 4.11 | B40: 98546 | C40: =IF($B40="","",IFERROR(VLOOKUP($B40,SERVIÇOS!$B:$G,2,0),IFERROR(VLOOKUP($B40,'COMPOSIÇÕES COMPLEMENTARES '!$C:$K,2,0),""))) -> IMPERMEABILIZAÇÃO DE SUPERFÍCIE COM MANTA ASFÁLTICA, UMA CAMADA, INCLUSIVE APLICAÇÃO DE PRIMER ASFÁLTICO, E=4MM. AF_09/2023 | D40: =IF($B40="","",IFERROR(VLOOKUP($B40,SERVIÇOS!$B:$G,3,0),IFERROR(VLOOKUP($B40,'COMPOSIÇÕES COMPLEMENTARES '!$C:$K,3,0),""))) -> M2 | E40: 260.47 | F40: =IF($B40="","",IFERROR(VLOOKUP($B40,SERVIÇOS!$B:$G,4,0),IFERROR(VLOOKUP($B40,'COMPOSIÇÕES COMPLEMENTARES '!$C:$K,6,0),""))) -> 106.98 | G40: =IF($B40="","",IFERROR(VLOOKUP($B40,SERVIÇOS!$B:$G,5,0),IFERROR(VLOOKUP($B40,'COMPOSIÇÕES COMPLEMENTARES '!$C:$K,7,0),""))) -> 30.08 | H40: =IF(E40="","",F40+G40) -> 137.06 | I40: =IF(E40="","",TRUNC((E40*F40),2)) -> 27865.08 | J40: =IF(E40="","",TRUNC((E40*G40),2)) -> 7834.93 | K40: =IF(E40="","",TRUNC((E40*H40),2)) -> 35700.01 | O40: =IF(OR(N40="",$K40=""),"",(N40/$E40)*$K40) | Q40: =IF(OR(P40="",$K40=""),"",(P40/$E40)*$K40) | S40: =IF(OR(R40="",$K40=""),"",(R40/$E40)*$K40) | T40: =SUMIF($N$8:S$9,"QUANT.",N40:S40) -> 0 | U40: =SUMIF($N$8:$S$9,"CUSTO",N40:S40) -> 0 | V40: =IF(B40<>"",IF(U40=0,"MEDIR",IF(K40-U40=0,"OK",IF(K40-U40>0,"MEDIR","ALERTA!"))),"") -> MEDIR | W40: =IF(T40="",0,E40-T40) -> 260.47 | X40: =IF(U40="",0,K40-U40) -> 35700.01 | AJ40: =B40-AK40 -> 98546 | AK40: 0
A41: 5 | C41: SUPERESTRUTURA | I41: =TRUNC(SUMIF(I42:I56,">0",I42:I56),2) -> 99437.22 | J41: =TRUNC(SUMIF(J42:J56,">0",J42:J56),2) -> 32252.75 | L41: =SUMIF(I41:J41,">0",I41:J41) -> 131689.97
A42: 5.1 | B42: 92423 | C42: =IF($B42="","",IFERROR(VLOOKUP($B42,SERVIÇOS!$B:$G,2,0),IFERROR(VLOOKUP($B42,'COMPOSIÇÕES COMPLEMENTARES '!$C:$K,2,0),""))) -> MONTAGEM E DESMONTAGEM DE FÔRMA DE PILARES RETANGULARES E ESTRUTURAS SIMILARES, PÉ-DIREITO SIMPLES, EM CHAPA DE MADEIRA COMPENSADA RESINADA, 6 UTILIZAÇÕES. AF_09/2020 | D42: =IF($B42="","",IFERROR(VLOOKUP($B42,SERVIÇOS!$B:$G,3,0),IFERROR(VLOOKUP($B42,'COMPOSIÇÕES COMPLEMENTARES '!$C:$K,3,0),""))) -> M2 | E42: 271.4 | F42: =IF($B42="","",IFERROR(VLOOKUP($B42,SERVIÇOS!$B:$G,4,0),IFERROR(VLOOKUP($B42,'COMPOSIÇÕES COMPLEMENTARES '!$C:$K,6,0),""))) -> 49.92 | G42: =IF($B42="","",IFERROR(VLOOKUP($B42,SERVIÇOS!$B:$G,5,0),IFERROR(VLOOKUP($B42,'COMPOSIÇÕES COMPLEMENTARES '!$C:$K,7,0),""))) -> 32.13 | H42: =IF(E42="","",F42+G42) -> 82.05 | I42: =IF(E42="","",TRUNC((E42*F42),2)) -> 13548.28 | J42: =IF(E42="","",TRUNC((E42*G42),2)) -> 8720.08 | K42: =IF(E42="","",TRUNC((E42*H42),2)) -> 22268.37 | O42: =IF(OR(N42="",$K42=""),"",(N42/$E42)*$K42) | Q42: =IF(OR(P42="",$K42=""),"",(P42/$E42)*$K42) | S42: =IF(OR(R42="",$K42=""),"",(R42/$E42)*$K42) | T42: =SUMIF($N$8:S$9,"QUANT.",N42:S42) -> 0 | U42: =SUMIF($N$8:$S$9,"CUSTO",N42:S42) -> 0 | V42: =IF(B42<>"",IF(U42=0,"MEDIR",IF(K42-U42=0,"OK",IF(K42-U42>0,"MEDIR","ALERTA!"))),"") -> MEDIR | W42: =IF(T42="",0,E42-T42) -> 271.4 | X42: =IF(U42="",0,K42-U42) -> 22268.37 | AJ42: =B42-AK42 -> 92423 | AK42: 0
A43: 5.2 | B43: 92459 | C43: =IF($B43="","",IFERROR(VLOOKUP($B43,SERVIÇOS!$B:$G,2,0),IFERROR(VLOOKUP($B43,'COMPOSIÇÕES COMPLEMENTARES '!$C:$K,2,0),""))) -> MONTAGEM E DESMONTAGEM DE FÔRMA DE VIGA, ESCORAMENTO COM GARFO DE MADEIRA, PÉ-DIREITO SIMPLES, EM CHAPA DE MADEIRA RESINADA, 6 UTILIZAÇÕES. AF_09/2020 | D43: =IF($B43="","",IFERROR(VLOOKUP($B43,SERVIÇOS!$B:$G,3,0),IFERROR(VLOOKUP($B43,'COMPOSIÇÕES COMPLEMENTARES '!$C:$K,3,0),""))) -> M2 | E43: 239.22 | F43: =IF($B43="","",IFERROR(VLOOKUP($B43,SERVIÇOS!$B:$G,4,0),IFERROR(VLOOKUP($B43,'COMPOSIÇÕES COMPLEMENTARES '!$C:$K,6,0),""))) -> 87.87 | G43: =IF($B43="","",IFERROR(VLOOKUP($B43,SERVIÇOS!$B:$G,5,0),IFERROR(VLOOKUP($B43,'COMPOSIÇÕES COMPLEMENTARES '!$C:$K,7,0),""))) -> 49.93 | H43: =IF(E43="","",F43+G43) -> 137.8 | I43: =IF(E43="","",TRUNC((E43*F43),2)) -> 21020.26 | J43: =IF(E43="","",TRUNC((E43*G43),2)) -> 11944.25 | K43: =IF(E43="","",TRUNC((E43*H43),2)) -> 32964.51 | O43: =IF(OR(N43="",$K43=""),"",(N43/$E43)*$K43) | Q43: =IF(OR(P43="",$K43=""),"",(P43/$E43)*$K43) | S43: =IF(OR(R43="",$K43=""),"",(R43/$E43)*$K43) | T43: =SUMIF($N$8:S$9,"QUANT.",N43:S43) -> 0 | U43: =SUMIF($N$8:$S$9,"CUSTO",N43:S43) -> 0 | V43: =IF(B43<>"",IF(U43=0,"MEDIR",IF(K43-U43=0,"OK",IF(K43-U43>0,"MEDIR","ALERTA!"))),"") -> MEDIR | W43: =IF(T43="",0,E43-T43) -> 239.22 | X43: =IF(U43="",0,K43-U43) -> 32964.51 | AJ43: =B43-AK43 -> 92459 | AK43: 0
A44: 5.3 | B44: 92522 | C44: =IF($B44="","",IFERROR(VLOOKUP($B44,SERVIÇOS!$B:$G,2,0),IFERROR(VLOOKUP($B44,'COMPOSIÇÕES COMPLEMENTARES '!$C:$K,2,0),""))) -> MONTAGEM E DESMONTAGEM DE FÔRMA DE LAJE MACIÇA, PÉ-DIREITO SIMPLES, EM CHAPA DE MADEIRA COMPENSADA RESINADA, 8 UTILIZAÇÕES. AF_09/2020 | D44: =IF($B44="","",IFERROR(VLOOKUP($B44,SERVIÇOS!$B:$G,3,0),IFERROR(VLOOKUP($B44,'COMPOSIÇÕES COMPLEMENTARES '!$C:$K,3,0),""))) -> M2 | E44: 19.12 | F44: =IF($B44="","",IFERROR(VLOOKUP($B44,SERVIÇOS!$B:$G,4,0),IFERROR(VLOOKUP($B44,'COMPOSIÇÕES COMPLEMENTARES '!$C:$K,6,0),""))) -> 29.65 | G44: =IF($B44="","",IFERROR(VLOOKUP($B44,SERVIÇOS!$B:$G,5,0),IFERROR(VLOOKUP($B44,'COMPOSIÇÕES COMPLEMENTARES '!$C:$K,7,0),""))) -> 17.11 | H44: =IF(E44="","",F44+G44) -> 46.76 | I44: =IF(E44="","",TRUNC((E44*F44),2)) -> 566.9 | J44: =IF(E44="","",TRUNC((E44*G44),2)) -> 327.14 | K44: =IF(E44="","",TRUNC((E44*H44),2)) -> 894.05 | O44: =IF(OR(N44="",$K44=""),"",(N44/$E44)*$K44) | Q44: =IF(OR(P44="",$K44=""),"",(P44/$E44)*$K44) | S44: =IF(OR(R44="",$K44=""),"",(R44/$E44)*$K44) | T44: =SUMIF($N$8:S$9,"QUANT.",N44:S44) -> 0 | U44: =SUMIF($N$8:$S$9,"CUSTO",N44:S44) -> 0 | V44: =IF(B44<>"",IF(U44=0,"MEDIR",IF(K44-U44=0,"OK",IF(K44-U44>0,"MEDIR","ALERTA!"))),"") -> MEDIR | W44: =IF(T44="",0,E44-T44) -> 19.12 | X44: =IF(U44="",0,K44-U44) -> 894.05 | AJ44: =B44-AK44 -> 92522 | AK44: 0
A45: 5.4 | B45: 92759 | C45: =IF($B45="","",IFERROR(VLOOKUP($B45,SERVIÇOS!$B:$G,2,0),IFERROR(VLOOKUP($B45,'COMPOSIÇÕES COMPLEMENTARES '!$C:$K,2,0),""))) -> ARMAÇÃO DE PILAR OU VIGA DE ESTRUTURA CONVENCIONAL DE CONCRETO ARMADO UTILIZANDO AÇO CA-60 DE 5,0 MM - MONTAGEM. AF_06/2022 | D45: =IF($B45="","",IFERROR(VLOOKUP($B45,SERVIÇOS!$B:$G,3,0),IFERROR(VLOOKUP($B45,'COMPOSIÇÕES COMPLEMENTARES '!$C:$K,3,0),""))) -> KG | E45: =312.9+271.7 -> 584.6 | F45: =IF($B45="","",IFERROR(VLOOKUP($B45,SERVIÇOS!$B:$G,4,0),IFERROR(VLOOKUP($B45,'COMPOSIÇÕES COMPLEMENTARES '!$C:$K,6,0),""))) -> 10.51 | G45: =IF($B45="","",IFERROR(VLOOKUP($B45,SERVIÇOS!$B:$G,5,0),IFERROR(VLOOKUP($B45,'COMPOSIÇÕES COMPLEMENTARES '!$C:$K,7,0),""))) -> 5.06 | H45: =IF(E45="","",F45+G45) -> 15.57 | I45: =IF(E45="","",TRUNC((E45*F45),2)) -> 6144.14 | J45: =IF(E45="","",TRUNC((E45*G45),2)) -> 2958.07 | K45: =IF(E45="","",TRUNC((E45*H45),2)) -> 9102.22 | O45: =IF(OR(N45="",$K45=""),"",(N45/$E45)*$K45) | Q45: =IF(OR(P45="",$K45=""),"",(P45/$E45)*$K45) | S45: =IF(OR(R45="",$K45=""),"",(R45/$E45)*$K45) | T45: =SUMIF($N$8:S$9,"QUANT.",N45:S45) -> 0 | U45: =SUMIF($N$8:$S$9,"CUSTO",N45:S45) -> 0 | V45: =IF(B45<>"",IF(U45=0,"MEDIR",IF(K45-U45=0,"OK",IF(K45-U45>0,"MEDIR","ALERTA!"))),"") -> MEDIR | W45: =IF(T45="",0,E45-T45) -> 584.6 | X45: =IF(U45="",0,K45-U45) -> 9102.22 | AJ45: =B45-AK45 -> 92759 | AK45: 0
A46: 5.5 | B46: 92760 | C46: =IF($B46="","",IFERROR(VLOOKUP($B46,SERVIÇOS!$B:$G,2,0),IFERROR(VLOOKUP($B46,'COMPOSIÇÕES COMPLEMENTARES '!$C:$K,2,0),""))) -> ARMAÇÃO DE PILAR OU VIGA DE ESTRUTURA CONVENCIONAL DE CONCRETO ARMADO UTILIZANDO AÇO CA-50 DE 6,3 MM - MONTAGEM. AF_06/2022 | D46: =IF($B46="","",IFERROR(VLOOKUP($B46,SERVIÇOS!$B:$G,3,0),IFERROR(VLOOKUP($B46,'COMPOSIÇÕES COMPLEMENTARES '!$C:$K,3,0),""))) -> KG | E46: =46.5 -> 46.5 | F46: =IF($B46="","",IFERROR(VLOOKUP($B46,SERVIÇOS!$B:$G,4,0),IFERROR(VLOOKUP($B46,'COMPOSIÇÕES COMPLEMENTARES '!$C:$K,6,0),""))) -> 10.78 | G46: =IF($B46="","",IFERROR(VLOOKUP($B46,SERVIÇOS!$B:$G,5,0),IFERROR(VLOOKUP($B46,'COMPOSIÇÕES COMPLEMENTARES '!$C:$K,7,0),""))) -> 3.36 | H46: =IF(E46="","",F46+G46) -> 14.14 | I46: =IF(E46="","",TRUNC((E46*F46),2)) -> 501.27 | J46: =IF(E46="","",TRUNC((E46*G46),2)) -> 156.24 | K46: =IF(E46="","",TRUNC((E46*H46),2)) -> 657.51 | O46: =IF(OR(N46="",$K46=""),"",(N46/$E46)*$K46) | Q46: =IF(OR(P46="",$K46=""),"",(P46/$E46)*$K46) | S46: =IF(OR(R46="",$K46=""),"",(R46/$E46)*$K46) | T46: =SUMIF($N$8:S$9,"QUANT.",N46:S46) -> 0 | U46: =SUMIF($N$8:$S$9,"CUSTO",N46:S46) -> 0 | V46: =IF(B46<>"",IF(U46=0,"MEDIR",IF(K46-U46=0,"OK",IF(K46-U46>0,"MEDIR","ALERTA!"))),"") -> MEDIR | W46: =IF(T46="",0,E46-T46) -> 46.5 | X46: =IF(U46="",0,K46-U46) -> 657.51 | AJ46: =B46-AK46 -> 92760 | AK46: 0
A47: 5.6 | B47: 92761 | C47: =IF($B47="","",IFERROR(VLOOKUP($B47,SERVIÇOS!$B:$G,2,0),IFERROR(VLOOKUP($B47,'COMPOSIÇÕES COMPLEMENTARES '!$C:$K,2,0),""))) -> ARMAÇÃO DE PILAR OU VIGA DE ESTRUTURA CONVENCIONAL DE CONCRETO ARMADO UTILIZANDO AÇO CA-50 DE 8,0 MM - MONTAGEM. AF_06/2022 | D47: =IF($B47="","",IFERROR(VLOOKUP($B47,SERVIÇOS!$B:$G,3,0),IFERROR(VLOOKUP($B47,'COMPOSIÇÕES COMPLEMENTARES '!$C:$K,3,0),""))) -> KG | E47: 548.6 | F47: =IF($B47="","",IFERROR(VLOOKUP($B47,SERVIÇOS!$B:$G,4,0),IFERROR(VLOOKUP($B47,'COMPOSIÇÕES COMPLEMENTARES '!$C:$K,6,0),""))) -> 10.68 | G47: =IF($B47="","",IFERROR(VLOOKUP($B47,SERVIÇOS!$B:$G,5,0),IFERROR(VLOOKUP($B47,'COMPOSIÇÕES COMPLEMENTARES '!$C:$K,7,0),""))) -> 2.21 | H47: =IF(E47="","",F47+G47) -> 12.89 | I47: =IF(E47="","",TRUNC((E47*F47),2)) -> 5859.04 | J47: =IF(E47="","",TRUNC((E47*G47),2)) -> 1212.4 | K47: =IF(E47="","",TRUNC((E47*H47),2)) -> 7071.45 | O47: =IF(OR(N47="",$K47=""),"",(N47/$E47)*$K47) | Q47: =IF(OR(P47="",$K47=""),"",(P47/$E47)*$K47) | S47: =IF(OR(R47="",$K47=""),"",(R47/$E47)*$K47) | T47: =SUMIF($N$8:S$9,"QUANT.",N47:S47) -> 0 | U47: =SUMIF($N$8:$S$9,"CUSTO",N47:S47) -> 0 | V47: =IF(B47<>"",IF(U47=0,"MEDIR",IF(K47-U47=0,"OK",IF(K47-U47>0,"MEDIR","ALERTA!"))),"") -> MEDIR | W47: =IF(T47="",0,E47-T47) -> 548.6 | X47: =IF(U47="",0,K47-U47) -> 7071.45 | AJ47: =B47-AK47 -> 92761 | AK47: 0
A48: 5.7 | B48: 92762 | C48: =IF($B48="","",IFERROR(VLOOKUP($B48,SERVIÇOS!$B:$G,2,0),IFERROR(VLOOKUP($B48,'COMPOSIÇÕES COMPLEMENTARES '!$C:$K,2,0),""))) -> ARMAÇÃO DE PILAR OU VIGA DE ESTRUTURA CONVENCIONAL DE CONCRETO ARMADO UTILIZANDO AÇO CA-50 DE 10,0 MM - MONTAGEM. AF_06/2022 | D48: =IF($B48="","",IFERROR(VLOOKUP($B48,SERVIÇOS!$B:$G,3,0),IFERROR(VLOOKUP($B48,'COMPOSIÇÕES COMPLEMENTARES '!$C:$K,3,0),""))) -> KG | E48: =910.1+132.4 -> 1042.5 | F48: =IF($B48="","",IFERROR(VLOOKUP($B48,SERVIÇOS!$B:$G,4,0),IFERROR(VLOOKUP($B48,'COMPOSIÇÕES COMPLEMENTARES '!$C:$K,6,0),""))) -> 9.85 | G48: =IF($B48="","",IFERROR(VLOOKUP($B48,SERVIÇOS!$B:$G,5,0),IFERROR(VLOOKUP($B48,'COMPOSIÇÕES COMPLEMENTARES '!$C:$K,7,0),""))) -> 1.46 | H48: =IF(E48="","",F48+G48) -> 11.31 | I48: =IF(E48="","",TRUNC((E48*F48),2)) -> 10268.62 | J48: =IF(E48="","",TRUNC((E48*G48),2)) -> 1522.05 | K48: =IF(E48="","",TRUNC((E48*H48),2)) -> 11790.67 | O48: =IF(OR(N48="",$K48=""),"",(N48/$E48)*$K48) | Q48: =IF(OR(P48="",$K48=""),"",(P48/$E48)*$K48) | S48: =IF(OR(R48="",$K48=""),"",(R48/$E48)*$K48) | T48: =SUMIF($N$8:S$9,"QUANT.",N48:S48) -> 0 | U48: =SUMIF($N$8:$S$9,"CUSTO",N48:S48) -> 0 | V48: =IF(B48<>"",IF(U48=0,"MEDIR",IF(K48-U48=0,"OK",IF(K48-U48>0,"MEDIR","ALERTA!"))),"") -> MEDIR | W48: =IF(T48="",0,E48-T48) -> 1042.5 | X48: =IF(U48="",0,K48-U48) -> 11790.67 | AJ48: =B48-AK48 -> 92762 | AK48: 0
A49: 5.9 | B49: 92768 | C49: =IF($B49="","",IFERROR(VLOOKUP($B49,SERVIÇOS!$B:$G,2,0),IFERROR(VLOOKUP($B49,'COMPOSIÇÕES COMPLEMENTARES '!$C:$K,2,0),""))) -> ARMAÇÃO DE LAJE DE ESTRUTURA CONVENCIONAL DE CONCRETO ARMADO UTILIZANDO AÇO CA-60 DE 5,0 MM - MONTAGEM. AF_06/2022 | D49: =IF($B49="","",IFERROR(VLOOKUP($B49,SERVIÇOS!$B:$G,3,0),IFERROR(VLOOKUP($B49,'COMPOSIÇÕES COMPLEMENTARES '!$C:$K,3,0),""))) -> KG | E49: 86.3 | F49: =IF($B49="","",IFERROR(VLOOKUP($B49,SERVIÇOS!$B:$G,4,0),IFERROR(VLOOKUP($B49,'COMPOSIÇÕES COMPLEMENTARES '!$C:$K,6,0),""))) -> 10.48 | G49: =IF($B49="","",IFERROR(VLOOKUP($B49,SERVIÇOS!$B:$G,5,0),IFERROR(VLOOKUP($B49,'COMPOSIÇÕES COMPLEMENTARES '!$C:$K,7,0),""))) -> 4.33 | H49: =IF(E49="","",F49+G49) -> 14.81 | I49: =IF(E49="","",TRUNC((E49*F49),2)) -> 904.42 | J49: =IF(E49="","",TRUNC((E49*G49),2)) -> 373.67 | K49: =IF(E49="","",TRUNC((E49*H49),2)) -> 1278.1 | O49: =IF(OR(N49="",$K49=""),"",(N49/$E49)*$K49) | Q49: =IF(OR(P49="",$K49=""),"",(P49/$E49)*$K49) | S49: =IF(OR(R49="",$K49=""),"",(R49/$E49)*$K49) | T49: =SUMIF($N$8:S$9,"QUANT.",N49:S49) -> 0 | U49: =SUMIF($N$8:$S$9,"CUSTO",N49:S49) -> 0 | V49: =IF(B49<>"",IF(U49=0,"MEDIR",IF(K49-U49=0,"OK",IF(K49-U49>0,"MEDIR","ALERTA!"))),"") -> MEDIR | W49: =IF(T49="",0,E49-T49) -> 86.3 | X49: =IF(U49="",0,K49-U49) -> 1278.1 | AJ49: =B49-AK49 -> 92768 | AK49: 0
A50: 5.10 | B50: 92769 | C50: =IF($B50="","",IFERROR(VLOOKUP($B50,SERVIÇOS!$B:$G,2,0),IFERROR(VLOOKUP($B50,'COMPOSIÇÕES COMPLEMENTARES '!$C:$K,2,0),""))) -> ARMAÇÃO DE LAJE DE ESTRUTURA CONVENCIONAL DE CONCRETO ARMADO UTILIZANDO AÇO CA-50 DE 6,3 MM - MONTAGEM. AF_06/2022 | D50: =IF($B50="","",IFERROR(VLOOKUP($B50,SERVIÇOS!$B:$G,3,0),IFERROR(VLOOKUP($B50,'COMPOSIÇÕES COMPLEMENTARES '!$C:$K,3,0),""))) -> KG | E50: 93.8 | F50: =IF($B50="","",IFERROR(VLOOKUP($B50,SERVIÇOS!$B:$G,4,0),IFERROR(VLOOKUP($B50,'COMPOSIÇÕES COMPLEMENTARES '!$C:$K,6,0),""))) -> 10.66 | G50: =IF($B50="","",IFERROR(VLOOKUP($B50,SERVIÇOS!$B:$G,5,0),IFERROR(VLOOKUP($B50,'COMPOSIÇÕES COMPLEMENTARES '!$C:$K,7,0),""))) -> 2.76 | H50: =IF(E50="","",F50+G50) -> 13.42 | I50: =IF(E50="","",TRUNC((E50*F50),2)) -> 999.9 | J50: =IF(E50="","",TRUNC((E50*G50),2)) -> 258.88 | K50: =IF(E50="","",TRUNC((E50*H50),2)) -> 1258.79 | O50: =IF(OR(N50="",$K50=""),"",(N50/$E50)*$K50) | Q50: =IF(OR(P50="",$K50=""),"",(P50/$E50)*$K50) | S50: =IF(OR(R50="",$K50=""),"",(R50/$E50)*$K50) | T50: =SUMIF($N$8:S$9,"QUANT.",N50:S50) -> 0 | U50: =SUMIF($N$8:$S$9,"CUSTO",N50:S50) -> 0 | V50: =IF(B50<>"",IF(U50=0,"MEDIR",IF(K50-U50=0,"OK",IF(K50-U50>0,"MEDIR","ALERTA!"))),"") -> MEDIR | W50: =IF(T50="",0,E50-T50) -> 93.8 | X50: =IF(U50="",0,K50-U50) -> 1258.79 | AJ50: =B50-AK50 -> 92769 | AK50: 0
A51: 5.11 | B51: 92770 | C51: =IF($B51="","",IFERROR(VLOOKUP($B51,SERVIÇOS!$B:$G,2,0),IFERROR(VLOOKUP($B51,'COMPOSIÇÕES COMPLEMENTARES '!$C:$K,2,0),""))) -> ARMAÇÃO DE LAJE DE ESTRUTURA CONVENCIONAL DE CONCRETO ARMADO UTILIZANDO AÇO CA-50 DE 8,0 MM - MONTAGEM. AF_06/2022 | D51: =IF($B51="","",IFERROR(VLOOKUP($B51,SERVIÇOS!$B:$G,3,0),IFERROR(VLOOKUP($B51,'COMPOSIÇÕES COMPLEMENTARES '!$C:$K,3,0),""))) -> KG | E51: 7.6 | F51: =IF($B51="","",IFERROR(VLOOKUP($B51,SERVIÇOS!$B:$G,4,0),IFERROR(VLOOKUP($B51,'COMPOSIÇÕES COMPLEMENTARES '!$C:$K,6,0),""))) -> 10.52 | G51: =IF($B51="","",IFERROR(VLOOKUP($B51,SERVIÇOS!$B:$G,5,0),IFERROR(VLOOKUP($B51,'COMPOSIÇÕES COMPLEMENTARES '!$C:$K,7,0),""))) -> 1.71 | H51: =IF(E51="","",F51+G51) -> 12.23 | I51: =IF(E51="","",TRUNC((E51*F51),2)) -> 79.95 | J51: =IF(E51="","",TRUNC((E51*G51),2)) -> 12.99 | K51: =IF(E51="","",TRUNC((E51*H51),2)) -> 92.94 | O51: =IF(OR(N51="",$K51=""),"",(N51/$E51)*$K51) | Q51: =IF(OR(P51="",$K51=""),"",(P51/$E51)*$K51) | S51: =IF(OR(R51="",$K51=""),"",(R51/$E51)*$K51) | T51: =SUMIF($N$8:S$9,"QUANT.",N51:S51) -> 0 | U51: =SUMIF($N$8:$S$9,"CUSTO",N51:S51) -> 0 | V51: =IF(B51<>"",IF(U51=0,"MEDIR",IF(K51-U51=0,"OK",IF(K51-U51>0,"MEDIR","ALERTA!"))),"") -> MEDIR | W51: =IF(T51="",0,E51-T51) -> 7.6 | X51: =IF(U51="",0,K51-U51) -> 92.94
A52: 5.12 | B52: 92771 | C52: =IF($B52="","",IFERROR(VLOOKUP($B52,SERVIÇOS!$B:$G,2,0),IFERROR(VLOOKUP($B52,'COMPOSIÇÕES COMPLEMENTARES '!$C:$K,2,0),""))) -> ARMAÇÃO DE LAJE DE ESTRUTURA CONVENCIONAL DE CONCRETO ARMADO UTILIZANDO AÇO CA-50 DE 10,0 MM - MONTAGEM. AF_06/2022 | D52: =IF($B52="","",IFERROR(VLOOKUP($B52,SERVIÇOS!$B:$G,3,0),IFERROR(VLOOKUP($B52,'COMPOSIÇÕES COMPLEMENTARES '!$C:$K,3,0),""))) -> KG | E52: 3.2 | F52: =IF($B52="","",IFERROR(VLOOKUP($B52,SERVIÇOS!$B:$G,4,0),IFERROR(VLOOKUP($B52,'COMPOSIÇÕES COMPLEMENTARES '!$C:$K,6,0),""))) -> 9.68 | G52: =IF($B52="","",IFERROR(VLOOKUP($B52,SERVIÇOS!$B:$G,5,0),IFERROR(VLOOKUP($B52,'COMPOSIÇÕES COMPLEMENTARES '!$C:$K,7,0),""))) -> 1.03 | H52: =IF(E52="","",F52+G52) -> 10.71 | I52: =IF(E52="","",TRUNC((E52*F52),2)) -> 30.97 | J52: =IF(E52="","",TRUNC((E52*G52),2)) -> 3.29 | K52: =IF(E52="","",TRUNC((E52*H52),2)) -> 34.27 | O52: =IF(OR(N52="",$K52=""),"",(N52/$E52)*$K52) | Q52: =IF(OR(P52="",$K52=""),"",(P52/$E52)*$K52) | S52: =IF(OR(R52="",$K52=""),"",(R52/$E52)*$K52) | T52: =SUMIF($N$8:S$9,"QUANT.",N52:S52) -> 0 | U52: =SUMIF($N$8:$S$9,"CUSTO",N52:S52) -> 0 | V52: =IF(B52<>"",IF(U52=0,"MEDIR",IF(K52-U52=0,"OK",IF(K52-U52>0,"MEDIR","ALERTA!"))),"") -> MEDIR | W52: =IF(T52="",0,E52-T52) -> 3.2 | X52: =IF(U52="",0,K52-U52) -> 34.27
A53: 5.13 | B53: 103672 | C53: =IF($B53="","",IFERROR(VLOOKUP($B53,SERVIÇOS!$B:$G,2,0),IFERROR(VLOOKUP($B53,'COMPOSIÇÕES COMPLEMENTARES '!$C:$K,2,0),""))) -> CONCRETAGEM DE PILARES, FCK = 25 MPA, COM USO DE BOMBA - LANÇAMENTO, ADENSAMENTO E ACABAMENTO. AF_02/2022_PS | D53: =IF($B53="","",IFERROR(VLOOKUP($B53,SERVIÇOS!$B:$G,3,0),IFERROR(VLOOKUP($B53,'COMPOSIÇÕES COMPLEMENTARES '!$C:$K,3,0),""))) -> M3 | E53: =11.64 -> 11.64 | F53: =IF($B53="","",IFERROR(VLOOKUP($B53,SERVIÇOS!$B:$G,4,0),IFERROR(VLOOKUP($B53,'COMPOSIÇÕES COMPLEMENTARES '!$C:$K,6,0),""))) -> 570.53 | G53: =IF($B53="","",IFERROR(VLOOKUP($B53,SERVIÇOS!$B:$G,5,0),IFERROR(VLOOKUP($B53,'COMPOSIÇÕES COMPLEMENTARES '!$C:$K,7,0),""))) -> 38.55 | H53: =IF(E53="","",F53+G53) -> 609.08 | I53: =IF(E53="","",TRUNC((E53*F53),2)) -> 6640.96 | J53: =IF(E53="","",TRUNC((E53*G53),2)) -> 448.72 | K53: =IF(E53="","",TRUNC((E53*H53),2)) -> 7089.69 | O53: =IF(OR(N53="",$K53=""),"",(N53/$E53)*$K53) | Q53: =IF(OR(P53="",$K53=""),"",(P53/$E53)*$K53) | S53: =IF(OR(R53="",$K53=""),"",(R53/$E53)*$K53) | T53: =SUMIF($N$8:S$9,"QUANT.",N53:S53) -> 0 | U53: =SUMIF($N$8:$S$9,"CUSTO",N53:S53) -> 0 | V53: =IF(B53<>"",IF(U53=0,"MEDIR",IF(K53-U53=0,"OK",IF(K53-U53>0,"MEDIR","ALERTA!"))),"") -> MEDIR | W53: =IF(T53="",0,E53-T53) -> 11.64 | X53: =IF(U53="",0,K53-U53) -> 7089.69 | AJ53: =B53-AK53 -> 103672 | AK53: 0
A54: 5.14 | B54: 103675 | C54: =IF($B54="","",IFERROR(VLOOKUP($B54,SERVIÇOS!$B:$G,2,0),IFERROR(VLOOKUP($B54,'COMPOSIÇÕES COMPLEMENTARES '!$C:$K,2,0),""))) -> CONCRETAGEM DE VIGAS E LAJES, FCK=25 MPA, PARA LAJES MACIÇAS OU NERVURADAS COM USO DE BOMBA - LANÇAMENTO, ADENSAMENTO E ACABAMENTO. AF_02/2022_PS | D54: =IF($B54="","",IFERROR(VLOOKUP($B54,SERVIÇOS!$B:$G,3,0),IFERROR(VLOOKUP($B54,'COMPOSIÇÕES COMPLEMENTARES '!$C:$K,3,0),""))) -> M3 | E54: =7.53+14.25 -> 21.78 | F54: =IF($B54="","",IFERROR(VLOOKUP($B54,SERVIÇOS!$B:$G,4,0),IFERROR(VLOOKUP($B54,'COMPOSIÇÕES COMPLEMENTARES '!$C:$K,6,0),""))) -> 569.81 | G54: =IF($B54="","",IFERROR(VLOOKUP($B54,SERVIÇOS!$B:$G,5,0),IFERROR(VLOOKUP($B54,'COMPOSIÇÕES COMPLEMENTARES '!$C:$K,7,0),""))) -> 40.32 | H54: =IF(E54="","",F54+G54) -> 610.13 | I54: =IF(E54="","",TRUNC((E54*F54),2)) -> 12410.46 | J54: =IF(E54="","",TRUNC((E54*G54),2)) -> 878.16 | K54: =IF(E54="","",TRUNC((E54*H54),2)) -> 13288.63 | O54: =IF(OR(N54="",$K54=""),"",(N54/$E54)*$K54) | Q54: =IF(OR(P54="",$K54=""),"",(P54/$E54)*$K54) | S54: =IF(OR(R54="",$K54=""),"",(R54/$E54)*$K54) | T54: =SUMIF($N$8:S$9,"QUANT.",N54:S54) -> 0 | U54: =SUMIF($N$8:$S$9,"CUSTO",N54:S54) -> 0 | V54: =IF(B54<>"",IF(U54=0,"MEDIR",IF(K54-U54=0,"OK",IF(K54-U54>0,"MEDIR","ALERTA!"))),"") -> MEDIR | W54: =IF(T54="",0,E54-T54) -> 21.78 | X54: =IF(U54="",0,K54-U54) -> 13288.63 | AJ54: =B54-AK54 -> 103675 | AK54: 0
A55: 5.15 | B55: COMP 004 | C55: =IF($B55="","",IFERROR(VLOOKUP($B55,SERVIÇOS!$B:$G,2,0),IFERROR(VLOOKUP($B55,'COMPOSIÇÕES COMPLEMENTARES '!$C:$K,2,0),""))) -> LAJE PRÉ-MOLDADA UNIDIRECIONAL, BIAPOIADA, PARA TETO, ENCHIMENTO EM CERÂMICA, VIGOTA CONVENCIONAL, ALTURA TOTAL DA LAJE 12,00CM (ENCHIMENTO+CAPA)= (8+4) | D55: =IF($B55="","",IFERROR(VLOOKUP($B55,SERVIÇOS!$B:$G,3,0),IFERROR(VLOOKUP($B55,'COMPOSIÇÕES COMPLEMENTARES '!$C:$K,3,0),""))) -> M2 | E55: 83.55 | F55: =IF($B55="","",IFERROR(VLOOKUP($B55,SERVIÇOS!$B:$G,4,0),IFERROR(VLOOKUP($B55,'COMPOSIÇÕES COMPLEMENTARES '!$C:$K,6,0),""))) -> 167.23 | G55: =IF($B55="","",IFERROR(VLOOKUP($B55,SERVIÇOS!$B:$G,5,0),IFERROR(VLOOKUP($B55,'COMPOSIÇÕES COMPLEMENTARES '!$C:$K,7,0),""))) -> 27.57 | H55: =IF(E55="","",F55+G55) -> 194.8 | I55: =IF(E55="","",TRUNC((E55*F55),2)) -> 13972.06 | J55: =IF(E55="","",TRUNC((E55*G55),2)) -> 2303.47 | K55: =IF(E55="","",TRUNC((E55*H55),2)) -> 16275.54 | O55: =IF(OR(N55="",$K55=""),"",(N55/$E55)*$K55) | Q55: =IF(OR(P55="",$K55=""),"",(P55/$E55)*$K55) | S55: =IF(OR(R55="",$K55=""),"",(R55/$E55)*$K55) | T55: =SUMIF($N$8:S$9,"QUANT.",N55:S55) -> 0 | U55: =SUMIF($N$8:$S$9,"CUSTO",N55:S55) -> 0 | V55: =IF(B55<>"",IF(U55=0,"MEDIR",IF(K55-U55=0,"OK",IF(K55-U55>0,"MEDIR","ALERTA!"))),"") -> MEDIR | W55: =IF(T55="",0,E55-T55) -> 83.55 | X55: =IF(U55="",0,K55-U55) -> 16275.54 | AJ55: =B55-AK55 -> #VALUE! | AK55: 0
A56: 5.16 | B56: COMP 040 | C56: =IF($B56="","",IFERROR(VLOOKUP($B56,SERVIÇOS!$B:$G,2,0),IFERROR(VLOOKUP($B56,'COMPOSIÇÕES COMPLEMENTARES '!$C:$K,2,0),""))) -> LAJE PRÉ-MOLDADA UNIDIRECIONAL, BIAPOIADA, PARA TETO, ENCHIMENTO EM CERÂMICA, VIGOTA CONVENCIONAL, ALTURA TOTAL DA LAJE 16,00CM (ENCHIMENTO+CAPA)= (12+4) | D56: =IF($B56="","",IFERROR(VLOOKUP($B56,SERVIÇOS!$B:$G,3,0),IFERROR(VLOOKUP($B56,'COMPOSIÇÕES COMPLEMENTARES '!$C:$K,3,0),""))) -> M2 | E56: 39 | F56: =IF($B56="","",IFERROR(VLOOKUP($B56,SERVIÇOS!$B:$G,4,0),IFERROR(VLOOKUP($B56,'COMPOSIÇÕES COMPLEMENTARES '!$C:$K,6,0),""))) -> 166.41 | G56: =IF($B56="","",IFERROR(VLOOKUP($B56,SERVIÇOS!$B:$G,5,0),IFERROR(VLOOKUP($B56,'COMPOSIÇÕES COMPLEMENTARES '!$C:$K,7,0),""))) -> 29.06 | H56: =IF(E56="","",F56+G56) -> 195.47 | I56: =IF(E56="","",TRUNC((E56*F56),2)) -> 6489.99 | J56: =IF(E56="","",TRUNC((E56*G56),2)) -> 1133.34 | K56: =IF(E56="","",TRUNC((E56*H56),2)) -> 7623.33 | O56: =IF(OR(N56="",$K56=""),"",(N56/$E56)*$K56) | Q56: =IF(OR(P56="",$K56=""),"",(P56/$E56)*$K56) | S56: =IF(OR(R56="",$K56=""),"",(R56/$E56)*$K56) | T56: =SUMIF($N$8:S$9,"QUANT.",N56:S56) -> 0 | U56: =SUMIF($N$8:$S$9,"CUSTO",N56:S56) -> 0 | V56: =IF(B56<>"",IF(U56=0,"MEDIR",IF(K56-U56=0,"OK",IF(K56-U56>0,"MEDIR","ALERTA!"))),"") -> MEDIR | W56: =IF(T56="",0,E56-T56) -> 39 | X56: =IF(U56="",0,K56-U56) -> 7623.33
A57: 6 | C57: VERGAS E CONTRAVERGAS | I57: =TRUNC(SUMIF(I58:I59,">0",I58:I59),2) -> 14083.71 | J57: =TRUNC(SUMIF(J58:J59,">0",J58:J59),2) -> 7701.41 | L57: =SUMIF(I57:J57,">0",I57:J57) -> 21785.12
A58: 6.1 | B58: 93187 | C58: =IF($B58="","",IFERROR(VLOOKUP($B58,SERVIÇOS!$B:$G,2,0),IFERROR(VLOOKUP($B58,'COMPOSIÇÕES COMPLEMENTARES '!$C:$K,2,0),""))) -> VERGA MOLDADA IN LOCO EM CONCRETO, ESPESSURA DE *20* CM. AF_03/2024 | D58: =IF($B58="","",IFERROR(VLOOKUP($B58,SERVIÇOS!$B:$G,3,0),IFERROR(VLOOKUP($B58,'COMPOSIÇÕES COMPLEMENTARES '!$C:$K,3,0),""))) -> M | E58: =128.6+8.33+52.4+17.1 -> 206.43 | F58: =IF($B58="","",IFERROR(VLOOKUP($B58,SERVIÇOS!$B:$G,4,0),IFERROR(VLOOKUP($B58,'COMPOSIÇÕES COMPLEMENTARES '!$C:$K,6,0),""))) -> 53.94 | G58: =IF($B58="","",IFERROR(VLOOKUP($B58,SERVIÇOS!$B:$G,5,0),IFERROR(VLOOKUP($B58,'COMPOSIÇÕES COMPLEMENTARES '!$C:$K,7,0),""))) -> 30.83 | H58: =IF(E58="","",F58+G58) -> 84.77 | I58: =IF(E58="","",TRUNC((E58*F58),2)) -> 11134.83 | J58: =IF(E58="","",TRUNC((E58*G58),2)) -> 6364.23 | K58: =IF(E58="","",TRUNC((E58*H58),2)) -> 17499.07 | O58: =IF(OR(N58="",$K58=""),"",(N58/$E58)*$K58) | Q58: =IF(OR(P58="",$K58=""),"",(P58/$E58)*$K58) | S58: =IF(OR(R58="",$K58=""),"",(R58/$E58)*$K58) | T58: =SUMIF($N$8:S$9,"QUANT.",N58:S58) -> 0 | U58: =SUMIF($N$8:$S$9,"CUSTO",N58:S58) -> 0 | V58: =IF(B58<>"",IF(U58=0,"MEDIR",IF(K58-U58=0,"OK",IF(K58-U58>0,"MEDIR","ALERTA!"))),"") -> MEDIR | W58: =IF(T58="",0,E58-T58) -> 206.43 | X58: =IF(U58="",0,K58-U58) -> 17499.07 | AJ58: =B58-AK58 -> 93187 | AK58: 0
A59: 6.2 | B59: 93197 | C59: =IF($B59="","",IFERROR(VLOOKUP($B59,SERVIÇOS!$B:$G,2,0),IFERROR(VLOOKUP($B59,'COMPOSIÇÕES COMPLEMENTARES '!$C:$K,2,0),""))) -> CONTRAVERGA MOLDADA IN LOCO EM CONCRETO, ESPESSURA DE *20* CM. AF_03/2024 | D59: =IF($B59="","",IFERROR(VLOOKUP($B59,SERVIÇOS!$B:$G,3,0),IFERROR(VLOOKUP($B59,'COMPOSIÇÕES COMPLEMENTARES '!$C:$K,3,0),""))) -> M | E59: =52.4+17.1 -> 69.5 | F59: =IF($B59="","",IFERROR(VLOOKUP($B59,SERVIÇOS!$B:$G,4,0),IFERROR(VLOOKUP($B59,'COMPOSIÇÕES COMPLEMENTARES '!$C:$K,6,0),""))) -> 42.43 | G59: =IF($B59="","",IFERROR(VLOOKUP($B59,SERVIÇOS!$B:$G,5,0),IFERROR(VLOOKUP($B59,'COMPOSIÇÕES COMPLEMENTARES '!$C:$K,7,0),""))) -> 19.24 | H59: =IF(E59="","",F59+G59) -> 61.67 | I59: =IF(E59="","",TRUNC((E59*F59),2)) -> 2948.88 | J59: =IF(E59="","",TRUNC((E59*G59),2)) -> 1337.18 | K59: =IF(E59="","",TRUNC((E59*H59),2)) -> 4286.06 | O59: =IF(OR(N59="",$K59=""),"",(N59/$E59)*$K59) | Q59: =IF(OR(P59="",$K59=""),"",(P59/$E59)*$K59) | S59: =IF(OR(R59="",$K59=""),"",(R59/$E59)*$K59) | T59: =SUMIF($N$8:S$9,"QUANT.",N59:S59) -> 0 | U59: =SUMIF($N$8:$S$9,"CUSTO",N59:S59) -> 0 | V59: =IF(B59<>"",IF(U59=0,"MEDIR",IF(K59-U59=0,"OK",IF(K59-U59>0,"MEDIR","ALERTA!"))),"") -> MEDIR | W59: =IF(T59="",0,E59-T59) -> 69.5 | X59: =IF(U59="",0,K59-U59) -> 4286.06 | AJ59: =B59-AK59 -> 93197 | AK59: 0
A60: 7 | C60: ALVENARIA E DIVISÓRIAS | I60: =TRUNC(SUMIF(I61:I62,">0",I61:I62),2) -> 68802.6 | J60: =TRUNC(SUMIF(J61:J62,">0",J61:J62),2) -> 59421.54 | L60: =SUMIF(I60:J60,">0",I60:J60) -> 128224.14
A61: 7.1 | B61: 103330 | C61: =IF($B61="","",IFERROR(VLOOKUP($B61,SERVIÇOS!$B:$G,2,0),IFERROR(VLOOKUP($B61,'COMPOSIÇÕES COMPLEMENTARES '!$C:$K,2,0),""))) -> ALVENARIA DE VEDAÇÃO DE BLOCOS CERÂMICOS FURADOS NA HORIZONTAL DE 11,5X19X19 CM (ESPESSURA 11,5 CM) E ARGAMASSA DE ASSENTAMENTO COM PREPARO EM BETONEIRA. AF_12/2021 | D61: =IF($B61="","",IFERROR(VLOOKUP($B61,SERVIÇOS!$B:$G,3,0),IFERROR(VLOOKUP($B61,'COMPOSIÇÕES COMPLEMENTARES '!$C:$K,3,0),""))) -> M2 | E61: 1277.1 | F61: =IF($B61="","",IFERROR(VLOOKUP($B61,SERVIÇOS!$B:$G,4,0),IFERROR(VLOOKUP($B61,'COMPOSIÇÕES COMPLEMENTARES '!$C:$K,6,0),""))) -> 48.73 | G61: =IF($B61="","",IFERROR(VLOOKUP($B61,SERVIÇOS!$B:$G,5,0),IFERROR(VLOOKUP($B61,'COMPOSIÇÕES COMPLEMENTARES '!$C:$K,7,0),""))) -> 45.95 | H61: =IF(E61="","",F61+G61) -> 94.68 | I61: =IF(E61="","",TRUNC((E61*F61),2)) -> 62233.08 | J61: =IF(E61="","",TRUNC((E61*G61),2)) -> 58682.74 | K61: =IF(E61="","",TRUNC((E61*H61),2)) -> 120915.82 | O61: =IF(OR(N61="",$K61=""),"",(N61/$E61)*$K61) | Q61: =IF(OR(P61="",$K61=""),"",(P61/$E61)*$K61) | S61: =IF(OR(R61="",$K61=""),"",(R61/$E61)*$K61) | T61: =SUMIF($N$8:S$9,"QUANT.",N61:S61) -> 0 | U61: =SUMIF($N$8:$S$9,"CUSTO",N61:S61) -> 0 | V61: =IF(B61<>"",IF(U61=0,"MEDIR",IF(K61-U61=0,"OK",IF(K61-U61>0,"MEDIR","ALERTA!"))),"") -> MEDIR | W61: =IF(T61="",0,E61-T61) -> 1277.1 | X61: =IF(U61="",0,K61-U61) -> 120915.82 | AJ61: =B61-AK61 -> 103330 | AK61: 0
A62: 7.3 | B62: 102253 | C62: =IF($B62="","",IFERROR(VLOOKUP($B62,SERVIÇOS!$B:$G,2,0),IFERROR(VLOOKUP($B62,'COMPOSIÇÕES COMPLEMENTARES '!$C:$K,2,0),""))) -> DIVISORIA SANITÁRIA, TIPO CABINE, EM GRANITO CINZA POLIDO, ESP = 3CM, ASSENTADO COM ARGAMASSA COLANTE AC III-E, EXCLUSIVE FERRAGENS. AF_01/2021 | D62: =IF($B62="","",IFERROR(VLOOKUP($B62,SERVIÇOS!$B:$G,3,0),IFERROR(VLOOKUP($B62,'COMPOSIÇÕES COMPLEMENTARES '!$C:$K,3,0),""))) -> M2 | E62: 7.75 | F62: =IF($B62="","",IFERROR(VLOOKUP($B62,SERVIÇOS!$B:$G,4,0),IFERROR(VLOOKUP($B62,'COMPOSIÇÕES COMPLEMENTARES '!$C:$K,6,0),""))) -> 847.68 | G62: =IF($B62="","",IFERROR(VLOOKUP($B62,SERVIÇOS!$B:$G,5,0),IFERROR(VLOOKUP($B62,'COMPOSIÇÕES COMPLEMENTARES '!$C:$K,7,0),""))) -> 95.33 | H62: =IF(E62="","",F62+G62) -> 943.01 | I62: =IF(E62="","",TRUNC((E62*F62),2)) -> 6569.52 | J62: =IF(E62="","",TRUNC((E62*G62),2)) -> 738.8 | K62: =IF(E62="","",TRUNC((E62*H62),2)) -> 7308.32 | O62: =IF(OR(N62="",$K62=""),"",(N62/$E62)*$K62) | Q62: =IF(OR(P62="",$K62=""),"",(P62/$E62)*$K62) | S62: =IF(OR(R62="",$K62=""),"",(R62/$E62)*$K62) | T62: =SUMIF($N$8:S$9,"QUANT.",N62:S62) -> 0 | U62: =SUMIF($N$8:$S$9,"CUSTO",N62:S62) -> 0 | V62: =IF(B62<>"",IF(U62=0,"MEDIR",IF(K62-U62=0,"OK",IF(K62-U62>0,"MEDIR","ALERTA!"))),"") -> MEDIR | W62: =IF(T62="",0,E62-T62) -> 7.75 | X62: =IF(U62="",0,K62-U62) -> 7308.32 | AJ62: =B62-AK62 -> 102253 | AK62: 0
A63: 8 | C63: COBERTURA METÁLICA, CALHAS E RUFOS | I63: =TRUNC(SUMIF(I64:I69,">0",I64:I69),2) -> 284570.82 | J63: =TRUNC(SUMIF(J64:J69,">0",J64:J69),2) -> 48617.35 | L63: =SUMIF(I63:J63,">0",I63:J63) -> 333188.17
A64: 8.2 | B64: COMP 055 | C64: =IF($B64="","",IFERROR(VLOOKUP($B64,SERVIÇOS!$B:$G,2,0),IFERROR(VLOOKUP($B64,'COMPOSIÇÕES COMPLEMENTARES '!$C:$K,2,0),""))) -> ESTRUTURA METÁLICA DE COBERTURA PARA A EDIFICAÇÃO, DE ACORDO COM PARÂMETROS EXECUTIVOS DO PROJETO DE ESTRUTURA METÁLICA - INCLUSO FABRICAÇÃO, MONTAGEM, PINTURA DE FUNDO ZARCÃO E INSTALAÇÃO | D64: =IF($B64="","",IFERROR(VLOOKUP($B64,SERVIÇOS!$B:$G,3,0),IFERROR(VLOOKUP($B64,'COMPOSIÇÕES COMPLEMENTARES '!$C:$K,3,0),""))) -> UND | E64: 1 | F64: =IF($B64="","",IFERROR(VLOOKUP($B64,SERVIÇOS!$B:$G,4,0),IFERROR(VLOOKUP($B64,'COMPOSIÇÕES COMPLEMENTARES '!$C:$K,6,0),""))) -> 147432.14 | G64: =IF($B64="","",IFERROR(VLOOKUP($B64,SERVIÇOS!$B:$G,5,0),IFERROR(VLOOKUP($B64,'COMPOSIÇÕES COMPLEMENTARES '!$C:$K,7,0),""))) -> 29383.28 | H64: =IF(E64="","",F64+G64) -> 176815.42 | I64: =IF(E64="","",TRUNC((E64*F64),2)) -> 147432.14 | J64: =IF(E64="","",TRUNC((E64*G64),2)) -> 29383.28 | K64: =IF(E64="","",TRUNC((E64*H64),2)) -> 176815.42 | O64: =IF(OR(N64="",$K64=""),"",(N64/$E64)*$K64) | Q64: =IF(OR(P64="",$K64=""),"",(P64/$E64)*$K64) | S64: =IF(OR(R64="",$K64=""),"",(R64/$E64)*$K64) | T64: =SUMIF($N$8:S$9,"QUANT.",N64:S64) -> 0 | U64: =SUMIF($N$8:$S$9,"CUSTO",N64:S64) -> 0 | V64: =IF(B64<>"",IF(U64=0,"MEDIR",IF(K64-U64=0,"OK",IF(K64-U64>0,"MEDIR","ALERTA!"))),"") -> MEDIR | W64: =IF(T64="",0,E64-T64) -> 1 | X64: =IF(U64="",0,K64-U64) -> 176815.42
A65: 8.3 | B65: 94213 | C65: =IF($B65="","",IFERROR(VLOOKUP($B65,SERVIÇOS!$B:$G,2,0),IFERROR(VLOOKUP($B65,'COMPOSIÇÕES COMPLEMENTARES '!$C:$K,2,0),""))) -> TELHAMENTO COM TELHA DE AÇO/ALUMÍNIO E = 0,5 MM, COM ATÉ 2 ÁGUAS, INCLUSO IÇAMENTO. AF_07/2019 | D65: =IF($B65="","",IFERROR(VLOOKUP($B65,SERVIÇOS!$B:$G,3,0),IFERROR(VLOOKUP($B65,'COMPOSIÇÕES COMPLEMENTARES '!$C:$K,3,0),""))) -> M2 | E65: 1449.4 | F65: =IF($B65="","",IFERROR(VLOOKUP($B65,SERVIÇOS!$B:$G,4,0),IFERROR(VLOOKUP($B65,'COMPOSIÇÕES COMPLEMENTARES '!$C:$K,6,0),""))) -> 66.75 | G65: =IF($B65="","",IFERROR(VLOOKUP($B65,SERVIÇOS!$B:$G,5,0),IFERROR(VLOOKUP($B65,'COMPOSIÇÕES COMPLEMENTARES '!$C:$K,7,0),""))) -> 4.39 | H65: =IF(E65="","",F65+G65) -> 71.14 | I65: =IF(E65="","",TRUNC((E65*F65),2)) -> 96747.45 | J65: =IF(E65="","",TRUNC((E65*G65),2)) -> 6362.86 | K65: =IF(E65="","",TRUNC((E65*H65),2)) -> 103110.31 | O65: =IF(OR(N65="",$K65=""),"",(N65/$E65)*$K65) | Q65: =IF(OR(P65="",$K65=""),"",(P65/$E65)*$K65) | S65: =IF(OR(R65="",$K65=""),"",(R65/$E65)*$K65) | T65: =SUMIF($N$8:S$9,"QUANT.",N65:S65) -> 0 | U65: =SUMIF($N$8:$S$9,"CUSTO",N65:S65) -> 0 | V65: =IF(B65<>"",IF(U65=0,"MEDIR",IF(K65-U65=0,"OK",IF(K65-U65>0,"MEDIR","ALERTA!"))),"") -> MEDIR | W65: =IF(T65="",0,E65-T65) -> 1449.4 | X65: =IF(U65="",0,K65-U65) -> 103110.31 | AJ65: =B65-AK65 -> 94213 | AK65: 0
A66: 8.4 | B66: COMP 024 | C66: =IF($B66="","",IFERROR(VLOOKUP($B66,SERVIÇOS!$B:$G,2,0),IFERROR(VLOOKUP($B66,'COMPOSIÇÕES COMPLEMENTARES '!$C:$K,2,0),""))) -> PLATIBANDA EM REVESTIMENTO EM ACM, ESPESSURA DE 3 MM, CONFORME PROJETO EXECUTIVO, EXCLUSIVE ESTRUTURA METÁLICA - FORNECIMENTO E INSTALAÇÃO | D66: =IF($B66="","",IFERROR(VLOOKUP($B66,SERVIÇOS!$B:$G,3,0),IFERROR(VLOOKUP($B66,'COMPOSIÇÕES COMPLEMENTARES '!$C:$K,3,0),""))) -> M2 | E66: 31.1 | F66: =IF($B66="","",IFERROR(VLOOKUP($B66,SERVIÇOS!$B:$G,4,0),IFERROR(VLOOKUP($B66,'COMPOSIÇÕES COMPLEMENTARES '!$C:$K,6,0),""))) -> 149.65 | G66: =IF($B66="","",IFERROR(VLOOKUP($B66,SERVIÇOS!$B:$G,5,0),IFERROR(VLOOKUP($B66,'COMPOSIÇÕES COMPLEMENTARES '!$C:$K,7,0),""))) -> 202.77 | H66: =IF(E66="","",F66+G66) -> 352.42 | I66: =IF(E66="","",TRUNC((E66*F66),2)) -> 4654.11 | J66: =IF(E66="","",TRUNC((E66*G66),2)) -> 6306.14 | K66: =IF(E66="","",TRUNC((E66*H66),2)) -> 10960.26 | O66: =IF(OR(N66="",$K66=""),"",(N66/$E66)*$K66) | Q66: =IF(OR(P66="",$K66=""),"",(P66/$E66)*$K66) | S66: =IF(OR(R66="",$K66=""),"",(R66/$E66)*$K66) | T66: =SUMIF($N$8:S$9,"QUANT.",N66:S66) -> 0 | U66: =SUMIF($N$8:$S$9,"CUSTO",N66:S66) -> 0 | V66: =IF(B66<>"",IF(U66=0,"MEDIR",IF(K66-U66=0,"OK",IF(K66-U66>0,"MEDIR","ALERTA!"))),"") -> MEDIR | W66: =IF(T66="",0,E66-T66) -> 31.1 | X66: =IF(U66="",0,K66-U66) -> 10960.26 | AJ66: =B66-AK66 -> #VALUE! | AK66: 0
A67: 8.5 | B67: COMP 026 | C67: =IF($B67="","",IFERROR(VLOOKUP($B67,SERVIÇOS!$B:$G,2,0),IFERROR(VLOOKUP($B67,'COMPOSIÇÕES COMPLEMENTARES '!$C:$K,2,0),""))) -> TELHAMENTO COM TELHA TRANSLUCIDA ONDULADA EM POLICARBONATO, ESPESSURA 4,00 MM - FORNECIMENTO E INSTALAÇÃO | D67: =IF($B67="","",IFERROR(VLOOKUP($B67,SERVIÇOS!$B:$G,3,0),IFERROR(VLOOKUP($B67,'COMPOSIÇÕES COMPLEMENTARES '!$C:$K,3,0),""))) -> UN | E67: 16.86 | F67: =IF($B67="","",IFERROR(VLOOKUP($B67,SERVIÇOS!$B:$G,4,0),IFERROR(VLOOKUP($B67,'COMPOSIÇÕES COMPLEMENTARES '!$C:$K,6,0),""))) -> 107.72 | G67: =IF($B67="","",IFERROR(VLOOKUP($B67,SERVIÇOS!$B:$G,5,0),IFERROR(VLOOKUP($B67,'COMPOSIÇÕES COMPLEMENTARES '!$C:$K,7,0),""))) -> 4.39 | H67: =IF(E67="","",F67+G67) -> 112.11 | I67: =IF(E67="","",TRUNC((E67*F67),2)) -> 1816.15 | J67: =IF(E67="","",TRUNC((E67*G67),2)) -> 74.01 | K67: =IF(E67="","",TRUNC((E67*H67),2)) -> 1890.17 | O67: =IF(OR(N67="",$K67=""),"",(N67/$E67)*$K67) | Q67: =IF(OR(P67="",$K67=""),"",(P67/$E67)*$K67) | S67: =IF(OR(R67="",$K67=""),"",(R67/$E67)*$K67) | T67: =SUMIF($N$8:S$9,"QUANT.",N67:S67) -> 0 | U67: =SUMIF($N$8:$S$9,"CUSTO",N67:S67) -> 0 | V67: =IF(B67<>"",IF(U67=0,"MEDIR",IF(K67-U67=0,"OK",IF(K67-U67>0,"MEDIR","ALERTA!"))),"") -> MEDIR | W67: =IF(T67="",0,E67-T67) -> 16.86 | X67: =IF(U67="",0,K67-U67) -> 1890.17 | AJ67: =B67-AK67 -> #VALUE! | AK67: 0
A68: 8.6 | B68: 94229 | C68: =IF($B68="","",IFERROR(VLOOKUP($B68,SERVIÇOS!$B:$G,2,0),IFERROR(VLOOKUP($B68,'COMPOSIÇÕES COMPLEMENTARES '!$C:$K,2,0),""))) -> CALHA EM CHAPA DE AÇO GALVANIZADO NÚMERO 24, DESENVOLVIMENTO DE 100 CM, INCLUSO TRANSPORTE VERTICAL. AF_07/2019 | D68: =IF($B68="","",IFERROR(VLOOKUP($B68,SERVIÇOS!$B:$G,3,0),IFERROR(VLOOKUP($B68,'COMPOSIÇÕES COMPLEMENTARES '!$C:$K,3,0),""))) -> M | E68: 135.92 | F68: =IF($B68="","",IFERROR(VLOOKUP($B68,SERVIÇOS!$B:$G,4,0),IFERROR(VLOOKUP($B68,'COMPOSIÇÕES COMPLEMENTARES '!$C:$K,6,0),""))) -> 139.17 | G68: =IF($B68="","",IFERROR(VLOOKUP($B68,SERVIÇOS!$B:$G,5,0),IFERROR(VLOOKUP($B68,'COMPOSIÇÕES COMPLEMENTARES '!$C:$K,7,0),""))) -> 27.74 | H68: =IF(E68="","",F68+G68) -> 166.91 | I68: =IF(E68="","",TRUNC((E68*F68),2)) -> 18915.98 | J68: =IF(E68="","",TRUNC((E68*G68),2)) -> 3770.42 | K68: =IF(E68="","",TRUNC((E68*H68),2)) -> 22686.4 | O68: =IF(OR(N68="",$K68=""),"",(N68/$E68)*$K68) | Q68: =IF(OR(P68="",$K68=""),"",(P68/$E68)*$K68) | S68: =IF(OR(R68="",$K68=""),"",(R68/$E68)*$K68) | T68: =SUMIF($N$8:S$9,"QUANT.",N68:S68) -> 0 | U68: =SUMIF($N$8:$S$9,"CUSTO",N68:S68) -> 0 | V68: =IF(B68<>"",IF(U68=0,"MEDIR",IF(K68-U68=0,"OK",IF(K68-U68>0,"MEDIR","ALERTA!"))),"") -> MEDIR | W68: =IF(T68="",0,E68-T68) -> 135.92 | X68: =IF(U68="",0,K68-U68) -> 22686.4 | AJ68: =B68-AK68 -> 94229 | AK68: 0
A69: 8.7 | B69: 94231 | C69: =IF($B69="","",IFERROR(VLOOKUP($B69,SERVIÇOS!$B:$G,2,0),IFERROR(VLOOKUP($B69,'COMPOSIÇÕES COMPLEMENTARES '!$C:$K,2,0),""))) -> RUFO EM CHAPA DE AÇO GALVANIZADO NÚMERO 24, CORTE DE 25 CM, INCLUSO TRANSPORTE VERTICAL. AF_07/2019 | D69: =IF($B69="","",IFERROR(VLOOKUP($B69,SERVIÇOS!$B:$G,3,0),IFERROR(VLOOKUP($B69,'COMPOSIÇÕES COMPLEMENTARES '!$C:$K,3,0),""))) -> M | E69: =155.06+190.2 -> 345.26 | F69: =IF($B69="","",IFERROR(VLOOKUP($B69,SERVIÇOS!$B:$G,4,0),IFERROR(VLOOKUP($B69,'COMPOSIÇÕES COMPLEMENTARES '!$C:$K,6,0),""))) -> 43.46 | G69: =IF($B69="","",IFERROR(VLOOKUP($B69,SERVIÇOS!$B:$G,5,0),IFERROR(VLOOKUP($B69,'COMPOSIÇÕES COMPLEMENTARES '!$C:$K,7,0),""))) -> 7.88 | H69: =IF(E69="","",F69+G69) -> 51.34 | I69: =IF(E69="","",TRUNC((E69*F69),2)) -> 15004.99 | J69: =IF(E69="","",TRUNC((E69*G69),2)) -> 2720.64 | K69: =IF(E69="","",TRUNC((E69*H69),2)) -> 17725.64 | O69: =IF(OR(N69="",$K69=""),"",(N69/$E69)*$K69) | Q69: =IF(OR(P69="",$K69=""),"",(P69/$E69)*$K69) | S69: =IF(OR(R69="",$K69=""),"",(R69/$E69)*$K69) | T69: =SUMIF($N$8:S$9,"QUANT.",N69:S69) -> 0 | U69: =SUMIF($N$8:$S$9,"CUSTO",N69:S69) -> 0 | V69: =IF(B69<>"",IF(U69=0,"MEDIR",IF(K69-U69=0,"OK",IF(K69-U69>0,"MEDIR","ALERTA!"))),"") -> MEDIR | W69: =IF(T69="",0,E69-T69) -> 345.26 | X69: =IF(U69="",0,K69-U69) -> 17725.64 | AJ69: =B69-AK69 -> 94231 | AK69: 0
A70: 9 | C70: PORTAS | I70: =TRUNC(SUMIF(I71:I86,">0",I71:I86),2) -> 134901.68 | J70: =TRUNC(SUMIF(J71:J86,">0",J71:J84),2) -> 21560.57 | L70: =SUMIF(I70:J70,">0",I70:J70) -> 156462.25
A71: 9.1 | B71: COMP 053 | C71: =IF($B71="","",IFERROR(VLOOKUP($B71,SERVIÇOS!$B:$G,2,0),IFERROR(VLOOKUP($B71,'COMPOSIÇÕES COMPLEMENTARES '!$C:$K,2,0),""))) -> PORTA DE CORRER DE MADEIRA, SEMI-OCA (LEVE OU MÉDIA), PADRÃO MÉDIO, 90X210CM, ESPESSURA DE 3,5CM, ITENS INCLUSOS: TRILHO, GUARNIÇÃO, MONTAGEM E INSTALAÇÃO DO BATENTE, FECHADURA COM EXECUÇÃO DO FURO - FORNECIMENTO E INSTALAÇÃO. | D71: =IF($B71="","",IFERROR(VLOOKUP($B71,SERVIÇOS!$B:$G,3,0),IFERROR(VLOOKUP($B71,'COMPOSIÇÕES COMPLEMENTARES '!$C:$K,3,0),""))) -> UND | E71: 2 | F71: =IF($B71="","",IFERROR(VLOOKUP($B71,SERVIÇOS!$B:$G,4,0),IFERROR(VLOOKUP($B71,'COMPOSIÇÕES COMPLEMENTARES '!$C:$K,6,0),""))) -> 1139.47 | G71: =IF($B71="","",IFERROR(VLOOKUP($B71,SERVIÇOS!$B:$G,5,0),IFERROR(VLOOKUP($B71,'COMPOSIÇÕES COMPLEMENTARES '!$C:$K,7,0),""))) -> 291.5 | H71: =IF(E71="","",F71+G71) -> 1430.97 | I71: =IF(E71="","",TRUNC((E71*F71),2)) -> 2278.94 | J71: =IF(E71="","",TRUNC((E71*G71),2)) -> 583 | K71: =IF(E71="","",TRUNC((E71*H71),2)) -> 2861.94 | O71: =IF(OR(N71="",$K71=""),"",(N71/$E71)*$K71) | Q71: =IF(OR(P71="",$K71=""),"",(P71/$E71)*$K71) | S71: =IF(OR(R71="",$K71=""),"",(R71/$E71)*$K71) | T71: =SUMIF($N$8:S$9,"QUANT.",N71:S71) -> 0 | U71: =SUMIF($N$8:$S$9,"CUSTO",N71:S71) -> 0 | V71: =IF(B71<>"",IF(U71=0,"MEDIR",IF(K71-U71=0,"OK",IF(K71-U71>0,"MEDIR","ALERTA!"))),"") -> MEDIR | W71: =IF(T71="",0,E71-T71) -> 2 | X71: =IF(U71="",0,K71-U71) -> 2861.94 | AJ71: =B71-AK71 -> #VALUE! | AK71: 0
A72: 9.2 | B72: 91341 | C72: =IF($B72="","",IFERROR(VLOOKUP($B72,SERVIÇOS!$B:$G,2,0),IFERROR(VLOOKUP($B72,'COMPOSIÇÕES COMPLEMENTARES '!$C:$K,2,0),""))) -> PORTA EM ALUMÍNIO DE ABRIR TIPO VENEZIANA COM GUARNIÇÃO, FIXAÇÃO COM PARAFUSOS - FORNECIMENTO E INSTALAÇÃO. AF_12/2019 | D72: =IF($B72="","",IFERROR(VLOOKUP($B72,SERVIÇOS!$B:$G,3,0),IFERROR(VLOOKUP($B72,'COMPOSIÇÕES COMPLEMENTARES '!$C:$K,3,0),""))) -> M2 | E72: =6.3+15.12 -> 21.42 | F72: =IF($B72="","",IFERROR(VLOOKUP($B72,SERVIÇOS!$B:$G,4,0),IFERROR(VLOOKUP($B72,'COMPOSIÇÕES COMPLEMENTARES '!$C:$K,6,0),""))) -> 1083.85 | G72: =IF($B72="","",IFERROR(VLOOKUP($B72,SERVIÇOS!$B:$G,5,0),IFERROR(VLOOKUP($B72,'COMPOSIÇÕES COMPLEMENTARES '!$C:$K,7,0),""))) -> 14.27 | H72: =IF(E72="","",F72+G72) -> 1098.12 | I72: =IF(E72="","",TRUNC((E72*F72),2)) -> 23216.06 | J72: =IF(E72="","",TRUNC((E72*G72),2)) -> 305.66 | K72: =IF(E72="","",TRUNC((E72*H72),2)) -> 23521.73 | O72: =IF(OR(N72="",$K72=""),"",(N72/$E72)*$K72) | Q72: =IF(OR(P72="",$K72=""),"",(P72/$E72)*$K72) | S72: =IF(OR(R72="",$K72=""),"",(R72/$E72)*$K72) | T72: =SUMIF($N$8:S$9,"QUANT.",N72:S72) -> 0 | U72: =SUMIF($N$8:$S$9,"CUSTO",N72:S72) -> 0 | V72: =IF(B72<>"",IF(U72=0,"MEDIR",IF(K72-U72=0,"OK",IF(K72-U72>0,"MEDIR","ALERTA!"))),"") -> MEDIR | W72: =IF(T72="",0,E72-T72) -> 21.42 | X72: =IF(U72="",0,K72-U72) -> 23521.73 | AJ72: =B72-AK72 -> 91341 | AK72: 0
A73: 9.3 | B73: COMP 054 | C73: =IF($B73="","",IFERROR(VLOOKUP($B73,SERVIÇOS!$B:$G,2,0),IFERROR(VLOOKUP($B73,'COMPOSIÇÕES COMPLEMENTARES '!$C:$K,2,0),""))) -> PORTA DE CORRER DE MADEIRA, SEMI-OCA (LEVE OU MÉDIA), PADRÃO MÉDIO, 100X210CM, ESPESSURA DE 3,5CM, ITENS INCLUSOS: TRILHO, GUARNIÇÃO, MONTAGEM E INSTALAÇÃO DO BATENTE, FECHADURA COM EXECUÇÃO DO FURO - FORNECIMENTO E INSTALAÇÃO. | D73: =IF($B73="","",IFERROR(VLOOKUP($B73,SERVIÇOS!$B:$G,3,0),IFERROR(VLOOKUP($B73,'COMPOSIÇÕES COMPLEMENTARES '!$C:$K,3,0),""))) -> UND | E73: 1 | F73: =IF($B73="","",IFERROR(VLOOKUP($B73,SERVIÇOS!$B:$G,4,0),IFERROR(VLOOKUP($B73,'COMPOSIÇÕES COMPLEMENTARES '!$C:$K,6,0),""))) -> 1200.07 | G73: =IF($B73="","",IFERROR(VLOOKUP($B73,SERVIÇOS!$B:$G,5,0),IFERROR(VLOOKUP($B73,'COMPOSIÇÕES COMPLEMENTARES '!$C:$K,7,0),""))) -> 298.55 | H73: =IF(E73="","",F73+G73) -> 1498.62 | I73: =IF(E73="","",TRUNC((E73*F73),2)) -> 1200.07 | J73: =IF(E73="","",TRUNC((E73*G73),2)) -> 298.55 | K73: =IF(E73="","",TRUNC((E73*H73),2)) -> 1498.62 | O73: =IF(OR(N73="",$K73=""),"",(N73/$E73)*$K73) | Q73: =IF(OR(P73="",$K73=""),"",(P73/$E73)*$K73) | S73: =IF(OR(R73="",$K73=""),"",(R73/$E73)*$K73) | T73: =SUMIF($N$8:S$9,"QUANT.",N73:S73) -> 0 | U73: =SUMIF($N$8:$S$9,"CUSTO",N73:S73) -> 0 | V73: =IF(B73<>"",IF(U73=0,"MEDIR",IF(K73-U73=0,"OK",IF(K73-U73>0,"MEDIR","ALERTA!"))),"") -> MEDIR | W73: =IF(T73="",0,E73-T73) -> 1 | X73: =IF(U73="",0,K73-U73) -> 1498.62 | AJ73: =B73-AK73 -> #VALUE! | AK73: 0
A74: 9.4 | B74: 90841 | C74: =IF($B74="","",IFERROR(VLOOKUP($B74,SERVIÇOS!$B:$G,2,0),IFERROR(VLOOKUP($B74,'COMPOSIÇÕES COMPLEMENTARES '!$C:$K,2,0),""))) -> KIT DE PORTA DE MADEIRA PARA PINTURA, SEMI-OCA (LEVE OU MÉDIA), PADRÃO MÉDIO, 60X210CM, ESPESSURA DE 3,5CM, ITENS INCLUSOS: DOBRADIÇAS, MONTAGEM E INSTALAÇÃO DO BATENTE, FECHADURA COM EXECUÇÃO DO FURO - FORNECIMENTO E INSTALAÇÃO. AF_12/2019 | D74: =IF($B74="","",IFERROR(VLOOKUP($B74,SERVIÇOS!$B:$G,3,0),IFERROR(VLOOKUP($B74,'COMPOSIÇÕES COMPLEMENTARES '!$C:$K,3,0),""))) -> UN | E74: 1 | F74: =IF($B74="","",IFERROR(VLOOKUP($B74,SERVIÇOS!$B:$G,4,0),IFERROR(VLOOKUP($B74,'COMPOSIÇÕES COMPLEMENTARES '!$C:$K,6,0),""))) -> 956.77 | G74: =IF($B74="","",IFERROR(VLOOKUP($B74,SERVIÇOS!$B:$G,5,0),IFERROR(VLOOKUP($B74,'COMPOSIÇÕES COMPLEMENTARES '!$C:$K,7,0),""))) -> 267.66 | H74: =IF(E74="","",F74+G74) -> 1224.43 | I74: =IF(E74="","",TRUNC((E74*F74),2)) -> 956.77 | J74: =IF(E74="","",TRUNC((E74*G74),2)) -> 267.66 | K74: =IF(E74="","",TRUNC((E74*H74),2)) -> 1224.43 | O74: =IF(OR(N74="",$K74=""),"",(N74/$E74)*$K74) | Q74: =IF(OR(P74="",$K74=""),"",(P74/$E74)*$K74) | S74: =IF(OR(R74="",$K74=""),"",(R74/$E74)*$K74) | T74: =SUMIF($N$8:S$9,"QUANT.",N74:S74) -> 0 | U74: =SUMIF($N$8:$S$9,"CUSTO",N74:S74) -> 0 | V74: =IF(B74<>"",IF(U74=0,"MEDIR",IF(K74-U74=0,"OK",IF(K74-U74>0,"MEDIR","ALERTA!"))),"") -> MEDIR | W74: =IF(T74="",0,E74-T74) -> 1 | X74: =IF(U74="",0,K74-U74) -> 1224.43 | AJ74: =B74-AK74 -> 90841 | AK74: 0
A75: 9.5 | B75: 90842 | C75: =IF($B75="","",IFERROR(VLOOKUP($B75,SERVIÇOS!$B:$G,2,0),IFERROR(VLOOKUP($B75,'COMPOSIÇÕES COMPLEMENTARES '!$C:$K,2,0),""))) -> KIT DE PORTA DE MADEIRA PARA PINTURA, SEMI-OCA (LEVE OU MÉDIA), PADRÃO MÉDIO, 70X210CM, ESPESSURA DE 3,5CM, ITENS INCLUSOS: DOBRADIÇAS, MONTAGEM E INSTALAÇÃO DO BATENTE, FECHADURA COM EXECUÇÃO DO FURO - FORNECIMENTO E INSTALAÇÃO. AF_12/2019 | D75: =IF($B75="","",IFERROR(VLOOKUP($B75,SERVIÇOS!$B:$G,3,0),IFERROR(VLOOKUP($B75,'COMPOSIÇÕES COMPLEMENTARES '!$C:$K,3,0),""))) -> UN | E75: 2 | F75: =IF($B75="","",IFERROR(VLOOKUP($B75,SERVIÇOS!$B:$G,4,0),IFERROR(VLOOKUP($B75,'COMPOSIÇÕES COMPLEMENTARES '!$C:$K,6,0),""))) -> 963.14 | G75: =IF($B75="","",IFERROR(VLOOKUP($B75,SERVIÇOS!$B:$G,5,0),IFERROR(VLOOKUP($B75,'COMPOSIÇÕES COMPLEMENTARES '!$C:$K,7,0),""))) -> 272.92 | H75: =IF(E75="","",F75+G75) -> 1236.06 | I75: =IF(E75="","",TRUNC((E75*F75),2)) -> 1926.28 | J75: =IF(E75="","",TRUNC((E75*G75),2)) -> 545.84 | K75: =IF(E75="","",TRUNC((E75*H75),2)) -> 2472.12 | O75: =IF(OR(N75="",$K75=""),"",(N75/$E75)*$K75) | Q75: =IF(OR(P75="",$K75=""),"",(P75/$E75)*$K75) | S75: =IF(OR(R75="",$K75=""),"",(R75/$E75)*$K75) | T75: =SUMIF($N$8:S$9,"QUANT.",N75:S75) -> 0 | U75: =SUMIF($N$8:$S$9,"CUSTO",N75:S75) -> 0 | V75: =IF(B75<>"",IF(U75=0,"MEDIR",IF(K75-U75=0,"OK",IF(K75-U75>0,"MEDIR","ALERTA!"))),"") -> MEDIR | W75: =IF(T75="",0,E75-T75) -> 2 | X75: =IF(U75="",0,K75-U75) -> 2472.12 | AJ75: =B75-AK75 -> 90842 | AK75: 0
A76: 9.6 | B76: 90843 | C76: =IF($B76="","",IFERROR(VLOOKUP($B76,SERVIÇOS!$B:$G,2,0),IFERROR(VLOOKUP($B76,'COMPOSIÇÕES COMPLEMENTARES '!$C:$K,2,0),""))) -> KIT DE PORTA DE MADEIRA PARA PINTURA, SEMI-OCA (LEVE OU MÉDIA), PADRÃO MÉDIO, 80X210CM, ESPESSURA DE 3,5CM, ITENS INCLUSOS: DOBRADIÇAS, MONTAGEM E INSTALAÇÃO DO BATENTE, FECHADURA COM EXECUÇÃO DO FURO - FORNECIMENTO E INSTALAÇÃO. AF_12/2019 | D76: =IF($B76="","",IFERROR(VLOOKUP($B76,SERVIÇOS!$B:$G,3,0),IFERROR(VLOOKUP($B76,'COMPOSIÇÕES COMPLEMENTARES '!$C:$K,3,0),""))) -> UN | E76: 27 | F76: =IF($B76="","",IFERROR(VLOOKUP($B76,SERVIÇOS!$B:$G,4,0),IFERROR(VLOOKUP($B76,'COMPOSIÇÕES COMPLEMENTARES '!$C:$K,6,0),""))) -> 1004.88 | G76: =IF($B76="","",IFERROR(VLOOKUP($B76,SERVIÇOS!$B:$G,5,0),IFERROR(VLOOKUP($B76,'COMPOSIÇÕES COMPLEMENTARES '!$C:$K,7,0),""))) -> 286.4 | H76: =IF(E76="","",F76+G76) -> 1291.28 | I76: =IF(E76="","",TRUNC((E76*F76),2)) -> 27131.76 | J76: =IF(E76="","",TRUNC((E76*G76),2)) -> 7732.8 | K76: =IF(E76="","",TRUNC((E76*H76),2)) -> 34864.56 | O76: =IF(OR(N76="",$K76=""),"",(N76/$E76)*$K76) | Q76: =IF(OR(P76="",$K76=""),"",(P76/$E76)*$K76) | S76: =IF(OR(R76="",$K76=""),"",(R76/$E76)*$K76) | T76: =SUMIF($N$8:S$9,"QUANT.",N76:S76) -> 0 | U76: =SUMIF($N$8:$S$9,"CUSTO",N76:S76) -> 0 | V76: =IF(B76<>"",IF(U76=0,"MEDIR",IF(K76-U76=0,"OK",IF(K76-U76>0,"MEDIR","ALERTA!"))),"") -> MEDIR | W76: =IF(T76="",0,E76-T76) -> 27 | X76: =IF(U76="",0,K76-U76) -> 34864.56 | AJ76: =B76-AK76 -> 90843 | AK76: 0
A77: 9.7 | B77: 90844 | C77: =IF($B77="","",IFERROR(VLOOKUP($B77,SERVIÇOS!$B:$G,2,0),IFERROR(VLOOKUP($B77,'COMPOSIÇÕES COMPLEMENTARES '!$C:$K,2,0),""))) -> KIT DE PORTA DE MADEIRA PARA PINTURA, SEMI-OCA (LEVE OU MÉDIA), PADRÃO MÉDIO, 90X210CM, ESPESSURA DE 3,5CM, ITENS INCLUSOS: DOBRADIÇAS, MONTAGEM E INSTALAÇÃO DO BATENTE, FECHADURA COM EXECUÇÃO DO FURO - FORNECIMENTO E INSTALAÇÃO. AF_12/2019 | D77: =IF($B77="","",IFERROR(VLOOKUP($B77,SERVIÇOS!$B:$G,3,0),IFERROR(VLOOKUP($B77,'COMPOSIÇÕES COMPLEMENTARES '!$C:$K,3,0),""))) -> UN | E77: =9+2 -> 11 | F77: =IF($B77="","",IFERROR(VLOOKUP($B77,SERVIÇOS!$B:$G,4,0),IFERROR(VLOOKUP($B77,'COMPOSIÇÕES COMPLEMENTARES '!$C:$K,6,0),""))) -> 1094.3 | G77: =IF($B77="","",IFERROR(VLOOKUP($B77,SERVIÇOS!$B:$G,5,0),IFERROR(VLOOKUP($B77,'COMPOSIÇÕES COMPLEMENTARES '!$C:$K,7,0),""))) -> 291.59 | H77: =IF(E77="","",F77+G77) -> 1385.89 | I77: =IF(E77="","",TRUNC((E77*F77),2)) -> 12037.3 | J77: =IF(E77="","",TRUNC((E77*G77),2)) -> 3207.49 | K77: =IF(E77="","",TRUNC((E77*H77),2)) -> 15244.79 | O77: =IF(OR(N77="",$K77=""),"",(N77/$E77)*$K77) | Q77: =IF(OR(P77="",$K77=""),"",(P77/$E77)*$K77) | S77: =IF(OR(R77="",$K77=""),"",(R77/$E77)*$K77) | T77: =SUMIF($N$8:S$9,"QUANT.",N77:S77) -> 0 | U77: =SUMIF($N$8:$S$9,"CUSTO",N77:S77) -> 0 | V77: =IF(B77<>"",IF(U77=0,"MEDIR",IF(K77-U77=0,"OK",IF(K77-U77>0,"MEDIR","ALERTA!"))),"") -> MEDIR | W77: =IF(T77="",0,E77-T77) -> 11 | X77: =IF(U77="",0,K77-U77) -> 15244.79 | AJ77: =B77-AK77 -> 90844 | AK77: 0
A78: 9.8 | B78: COMP 056 | C78: =IF($B78="","",IFERROR(VLOOKUP($B78,SERVIÇOS!$B:$G,2,0),IFERROR(VLOOKUP($B78,'COMPOSIÇÕES COMPLEMENTARES '!$C:$K,2,0),""))) -> KIT DE PORTA DE MADEIRA PARA PINTURA, SEMI-OCA (LEVE OU MÉDIA), PADRÃO MÉDIO,UMA FOLHA DE ABRIR, 120X210CM, ESPESSURA DE 3,5CM, ITENS INCLUSOS: DOBRADIÇAS, MONTAGEM E INSTALAÇÃO DO BATENTE, FECHADURA COM EXECUÇÃO DO FURO - FORNECIMENTO E INSTALAÇÃO. | D78: =IF($B78="","",IFERROR(VLOOKUP($B78,SERVIÇOS!$B:$G,3,0),IFERROR(VLOOKUP($B78,'COMPOSIÇÕES COMPLEMENTARES '!$C:$K,3,0),""))) -> UND | E78: 4 | F78: =IF($B78="","",IFERROR(VLOOKUP($B78,SERVIÇOS!$B:$G,4,0),IFERROR(VLOOKUP($B78,'COMPOSIÇÕES COMPLEMENTARES '!$C:$K,6,0),""))) -> 1089.2 | G78: =IF($B78="","",IFERROR(VLOOKUP($B78,SERVIÇOS!$B:$G,5,0),IFERROR(VLOOKUP($B78,'COMPOSIÇÕES COMPLEMENTARES '!$C:$K,7,0),""))) -> 295.29 | H78: =IF(E78="","",F78+G78) -> 1384.49 | I78: =IF(E78="","",TRUNC((E78*F78),2)) -> 4356.8 | J78: =IF(E78="","",TRUNC((E78*G78),2)) -> 1181.16 | K78: =IF(E78="","",TRUNC((E78*H78),2)) -> 5537.96 | O78: =IF(OR(N78="",$K78=""),"",(N78/$E78)*$K78) | Q78: =IF(OR(P78="",$K78=""),"",(P78/$E78)*$K78) | S78: =IF(OR(R78="",$K78=""),"",(R78/$E78)*$K78) | T78: =SUMIF($N$8:S$9,"QUANT.",N78:S78) -> 0 | U78: =SUMIF($N$8:$S$9,"CUSTO",N78:S78) -> 0 | V78: =IF(B78<>"",IF(U78=0,"MEDIR",IF(K78-U78=0,"OK",IF(K78-U78>0,"MEDIR","ALERTA!"))),"") -> MEDIR | W78: =IF(T78="",0,E78-T78) -> 4 | X78: =IF(U78="",0,K78-U78) -> 5537.96 | AJ78: =B78-AK78 -> #VALUE! | AK78: 0
A79: 9.9 | B79: COMP 057 | C79: =IF($B79="","",IFERROR(VLOOKUP($B79,SERVIÇOS!$B:$G,2,0),IFERROR(VLOOKUP($B79,'COMPOSIÇÕES COMPLEMENTARES '!$C:$K,2,0),""))) -> KIT DE PORTA DE MADEIRA PARA PINTURA, SEMI-OCA (LEVE OU MÉDIA), PADRÃO MÉDIO, DUAS FOLHAS DE ABRIR, 150X210CM, ESPESSURA DE 3,5CM, ITENS INCLUSOS: DOBRADIÇAS, MONTAGEM E INSTALAÇÃO DO BATENTE, FECHADURA COM EXECUÇÃO DO FURO - FORNECIMENTO E INSTALAÇÃO. | D79: =IF($B79="","",IFERROR(VLOOKUP($B79,SERVIÇOS!$B:$G,3,0),IFERROR(VLOOKUP($B79,'COMPOSIÇÕES COMPLEMENTARES '!$C:$K,3,0),""))) -> UND | E79: 5 | F79: =IF($B79="","",IFERROR(VLOOKUP($B79,SERVIÇOS!$B:$G,4,0),IFERROR(VLOOKUP($B79,'COMPOSIÇÕES COMPLEMENTARES '!$C:$K,6,0),""))) -> 1580.47 | G79: =IF($B79="","",IFERROR(VLOOKUP($B79,SERVIÇOS!$B:$G,5,0),IFERROR(VLOOKUP($B79,'COMPOSIÇÕES COMPLEMENTARES '!$C:$K,7,0),""))) -> 429.82 | H79: =IF(E79="","",F79+G79) -> 2010.29 | I79: =IF(E79="","",TRUNC((E79*F79),2)) -> 7902.35 | J79: =IF(E79="","",TRUNC((E79*G79),2)) -> 2149.1 | K79: =IF(E79="","",TRUNC((E79*H79),2)) -> 10051.45 | O79: =IF(OR(N79="",$K79=""),"",(N79/$E79)*$K79) | Q79: =IF(OR(P79="",$K79=""),"",(P79/$E79)*$K79) | S79: =IF(OR(R79="",$K79=""),"",(R79/$E79)*$K79) | T79: =SUMIF($N$8:S$9,"QUANT.",N79:S79) -> 0 | U79: =SUMIF($N$8:$S$9,"CUSTO",N79:S79) -> 0 | V79: =IF(B79<>"",IF(U79=0,"MEDIR",IF(K79-U79=0,"OK",IF(K79-U79>0,"MEDIR","ALERTA!"))),"") -> MEDIR | W79: =IF(T79="",0,E79-T79) -> 5 | X79: =IF(U79="",0,K79-U79) -> 10051.45
A80: 9.10 | B80: COMP 058 | C80: =IF($B80="","",IFERROR(VLOOKUP($B80,SERVIÇOS!$B:$G,2,0),IFERROR(VLOOKUP($B80,'COMPOSIÇÕES COMPLEMENTARES '!$C:$K,2,0),""))) -> KIT DE PORTA DE MADEIRA PARA PINTURA, SEMI-OCA (LEVE OU MÉDIA), PADRÃO MÉDIO, UMA FOLHA DE ABRIR, 100X210CM, ESPESSURA DE 3,5CM, ITENS INCLUSOS: DOBRADIÇAS, MONTAGEM E INSTALAÇÃO DO BATENTE, FECHADURA COM EXECUÇÃO DO FURO - FORNECIMENTO E INSTALAÇÃO. | D80: =IF($B80="","",IFERROR(VLOOKUP($B80,SERVIÇOS!$B:$G,3,0),IFERROR(VLOOKUP($B80,'COMPOSIÇÕES COMPLEMENTARES '!$C:$K,3,0),""))) -> UND | E80: 8 | F80: =IF($B80="","",IFERROR(VLOOKUP($B80,SERVIÇOS!$B:$G,4,0),IFERROR(VLOOKUP($B80,'COMPOSIÇÕES COMPLEMENTARES '!$C:$K,6,0),""))) -> 1186.54 | G80: =IF($B80="","",IFERROR(VLOOKUP($B80,SERVIÇOS!$B:$G,5,0),IFERROR(VLOOKUP($B80,'COMPOSIÇÕES COMPLEMENTARES '!$C:$K,7,0),""))) -> 317.42 | H80: =IF(E80="","",F80+G80) -> 1503.96 | I80: =IF(E80="","",TRUNC((E80*F80),2)) -> 9492.32 | J80: =IF(E80="","",TRUNC((E80*G80),2)) -> 2539.36 | K80: =IF(E80="","",TRUNC((E80*H80),2)) -> 12031.68 | O80: =IF(OR(N80="",$K80=""),"",(N80/$E80)*$K80) | Q80: =IF(OR(P80="",$K80=""),"",(P80/$E80)*$K80) | S80: =IF(OR(R80="",$K80=""),"",(R80/$E80)*$K80) | T80: =SUMIF($N$8:S$9,"QUANT.",N80:S80) -> 0 | U80: =SUMIF($N$8:$S$9,"CUSTO",N80:S80) -> 0 | V80: =IF(B80<>"",IF(U80=0,"MEDIR",IF(K80-U80=0,"OK",IF(K80-U80>0,"MEDIR","ALERTA!"))),"") -> MEDIR | W80: =IF(T80="",0,E80-T80) -> 8 | X80: =IF(U80="",0,K80-U80) -> 12031.68
A81: 9.11 | B81: COMP 059 | C81: =IF($B81="","",IFERROR(VLOOKUP($B81,SERVIÇOS!$B:$G,2,0),IFERROR(VLOOKUP($B81,'COMPOSIÇÕES COMPLEMENTARES '!$C:$K,2,0),""))) -> PORTA DE CORRER DE ALUMÍNIO, *2,00X2,10*M, COM QUATRO FOLHAS PARA VIDRO, INCLUSO VIDRO LISO INCOLOR, FECHADURA E PUXADOR, SEM ALIZAR | D81: =IF($B81="","",IFERROR(VLOOKUP($B81,SERVIÇOS!$B:$G,3,0),IFERROR(VLOOKUP($B81,'COMPOSIÇÕES COMPLEMENTARES '!$C:$K,3,0),""))) -> UND | E81: 1 | F81: =IF($B81="","",IFERROR(VLOOKUP($B81,SERVIÇOS!$B:$G,4,0),IFERROR(VLOOKUP($B81,'COMPOSIÇÕES COMPLEMENTARES '!$C:$K,6,0),""))) -> 2960.61 | G81: =IF($B81="","",IFERROR(VLOOKUP($B81,SERVIÇOS!$B:$G,5,0),IFERROR(VLOOKUP($B81,'COMPOSIÇÕES COMPLEMENTARES '!$C:$K,7,0),""))) -> 38.43 | H81: =IF(E81="","",F81+G81) -> 2999.04 | I81: =IF(E81="","",TRUNC((E81*F81),2)) -> 2960.61 | J81: =IF(E81="","",TRUNC((E81*G81),2)) -> 38.43 | K81: =IF(E81="","",TRUNC((E81*H81),2)) -> 2999.04
A82: 9.12 | B82: 100702 | C82: =IF($B82="","",IFERROR(VLOOKUP($B82,SERVIÇOS!$B:$G,2,0),IFERROR(VLOOKUP($B82,'COMPOSIÇÕES COMPLEMENTARES '!$C:$K,2,0),""))) -> PORTA DE CORRER DE ALUMÍNIO, COM DUAS FOLHAS PARA VIDRO, INCLUSO VIDRO LISO INCOLOR, FECHADURA E PUXADOR, SEM ALIZAR. AF_12/2019 | D82: =IF($B82="","",IFERROR(VLOOKUP($B82,SERVIÇOS!$B:$G,3,0),IFERROR(VLOOKUP($B82,'COMPOSIÇÕES COMPLEMENTARES '!$C:$K,3,0),""))) -> M2 | E82: =(4*1.4*2.1)+(2*2.1) -> 15.96 | F82: =IF($B82="","",IFERROR(VLOOKUP($B82,SERVIÇOS!$B:$G,4,0),IFERROR(VLOOKUP($B82,'COMPOSIÇÕES COMPLEMENTARES '!$C:$K,6,0),""))) -> 750.21 | G82: =IF($B82="","",IFERROR(VLOOKUP($B82,SERVIÇOS!$B:$G,5,0),IFERROR(VLOOKUP($B82,'COMPOSIÇÕES COMPLEMENTARES '!$C:$K,7,0),""))) -> 10.57 | H82: =IF(E82="","",F82+G82) -> 760.78 | I82: =IF(E82="","",TRUNC((E82*F82),2)) -> 11973.35 | J82: =IF(E82="","",TRUNC((E82*G82),2)) -> 168.69 | K82: =IF(E82="","",TRUNC((E82*H82),2)) -> 12142.04 | O82: =IF(OR(N82="",$K82=""),"",(N82/$E82)*$K82) | Q82: =IF(OR(P82="",$K82=""),"",(P82/$E82)*$K82) | S82: =IF(OR(R82="",$K82=""),"",(R82/$E82)*$K82) | T82: =SUMIF($N$8:S$9,"QUANT.",N82:S82) -> 0 | U82: =SUMIF($N$8:$S$9,"CUSTO",N82:S82) -> 0 | V82: =IF(B82<>"",IF(U82=0,"MEDIR",IF(K82-U82=0,"OK",IF(K82-U82>0,"MEDIR","ALERTA!"))),"") -> MEDIR | W82: =IF(T82="",0,E82-T82) -> 15.96 | X82: =IF(U82="",0,K82-U82) -> 12142.04 | AJ82: =B82-AK82 -> 100702 | AK82: 0
A83: 9.13 | B83: 100674 | C83: =IF($B83="","",IFERROR(VLOOKUP($B83,SERVIÇOS!$B:$G,2,0),IFERROR(VLOOKUP($B83,'COMPOSIÇÕES COMPLEMENTARES '!$C:$K,2,0),""))) -> CAIXILHO FIXO DE ALUMÍNIO PARA VIDRO (VIDRO INCLUSO), BATENTE/ REQUADRO DE 4 A 14 CM, SEM GUARNIÇÃO/ ALIZAR, FIXAÇÃO COM PARAFUSOS, VEDAÇÃO COM SILICONE, EXCLUSIVE CONTRAMARCO - FORNECIMENTO E INSTALAÇÃO. AF_11/2024 | D83: =IF($B83="","",IFERROR(VLOOKUP($B83,SERVIÇOS!$B:$G,3,0),IFERROR(VLOOKUP($B83,'COMPOSIÇÕES COMPLEMENTARES '!$C:$K,3,0),""))) -> M2 | E83: 13.2 | F83: =IF($B83="","",IFERROR(VLOOKUP($B83,SERVIÇOS!$B:$G,4,0),IFERROR(VLOOKUP($B83,'COMPOSIÇÕES COMPLEMENTARES '!$C:$K,6,0),""))) -> 1401.22 | G83: =IF($B83="","",IFERROR(VLOOKUP($B83,SERVIÇOS!$B:$G,5,0),IFERROR(VLOOKUP($B83,'COMPOSIÇÕES COMPLEMENTARES '!$C:$K,7,0),""))) -> 27.72 | H83: =IF(E83="","",F83+G83) -> 1428.94 | I83: =IF(E83="","",TRUNC((E83*F83),2)) -> 18496.1 | J83: =IF(E83="","",TRUNC((E83*G83),2)) -> 365.9 | K83: =IF(E83="","",TRUNC((E83*H83),2)) -> 18862 | O83: =IF(OR(N83="",$K83=""),"",(N83/$E83)*$K83) | Q83: =IF(OR(P83="",$K83=""),"",(P83/$E83)*$K83) | S83: =IF(OR(R83="",$K83=""),"",(R83/$E83)*$K83) | T83: =SUMIF($N$8:S$9,"QUANT.",N83:S83) -> 0 | U83: =SUMIF($N$8:$S$9,"CUSTO",N83:S83) -> 0 | V83: =IF(B83<>"",IF(U83=0,"MEDIR",IF(K83-U83=0,"OK",IF(K83-U83>0,"MEDIR","ALERTA!"))),"") -> MEDIR | W83: =IF(T83="",0,E83-T83) -> 13.2 | X83: =IF(U83="",0,K83-U83) -> 18862
A84: 9.14 | B84: COMP 062 | C84: =IF($B84="","",IFERROR(VLOOKUP($B84,SERVIÇOS!$B:$G,2,0),IFERROR(VLOOKUP($B84,'COMPOSIÇÕES COMPLEMENTARES '!$C:$K,2,0),""))) -> KIT DE PORTA DE MADEIRA PARA PINTURA, SEMI-OCA (LEVE OU MÉDIA), PADRÃO MÉDIO, DUAS FOLHAS DE ABRIR, 140X210CM, ESPESSURA DE 3,5CM, ITENS INCLUSOS: DOBRADIÇAS, MONTAGEM E INSTALAÇÃO DO BATENTE, FECHADURA COM EXECUÇÃO DO FURO - FORNECIMENTO E INSTALAÇÃO | D84: =IF($B84="","",IFERROR(VLOOKUP($B84,SERVIÇOS!$B:$G,3,0),IFERROR(VLOOKUP($B84,'COMPOSIÇÕES COMPLEMENTARES '!$C:$K,3,0),""))) -> UND | E84: 4 | F84: =IF($B84="","",IFERROR(VLOOKUP($B84,SERVIÇOS!$B:$G,4,0),IFERROR(VLOOKUP($B84,'COMPOSIÇÕES COMPLEMENTARES '!$C:$K,6,0),""))) -> 1686.07 | G84: =IF($B84="","",IFERROR(VLOOKUP($B84,SERVIÇOS!$B:$G,5,0),IFERROR(VLOOKUP($B84,'COMPOSIÇÕES COMPLEMENTARES '!$C:$K,7,0),""))) -> 503.57 | H84: =IF(E84="","",F84+G84) -> 2189.64 | I84: =IF(E84="","",TRUNC((E84*F84),2)) -> 6744.28 | J84: =IF(E84="","",TRUNC((E84*G84),2)) -> 2014.28 | K84: =IF(E84="","",TRUNC((E84*H84),2)) -> 8758.56 | O84: =IF(OR(N84="",$K84=""),"",(N84/$E84)*$K84) | Q84: =IF(OR(P84="",$K84=""),"",(P84/$E84)*$K84) | S84: =IF(OR(R84="",$K84=""),"",(R84/$E84)*$K84) | T84: =SUMIF($N$8:S$9,"QUANT.",N84:S84) -> 0 | U84: =SUMIF($N$8:$S$9,"CUSTO",N84:S84) -> 0 | V84: =IF(B84<>"",IF(U84=0,"MEDIR",IF(K84-U84=0,"OK",IF(K84-U84>0,"MEDIR","ALERTA!"))),"") -> MEDIR | W84: =IF(T84="",0,E84-T84) -> 4 | X84: =IF(U84="",0,K84-U84) -> 8758.56 | AJ84: =B84-AK84 -> #VALUE! | AK84: 0
A85: 9.14 | B85: COMP 065 | C85: =IF($B85="","",IFERROR(VLOOKUP($B85,SERVIÇOS!$B:$G,2,0),IFERROR(VLOOKUP($B85,'COMPOSIÇÕES COMPLEMENTARES '!$C:$K,2,0),""))) -> PORTA DE ABRIR *2,00X2,10* EM VIDRO TEMPERADO E=10 MM, INCLUSO INSTALAÇÃO E FERRAGEM | D85: =IF($B85="","",IFERROR(VLOOKUP($B85,SERVIÇOS!$B:$G,3,0),IFERROR(VLOOKUP($B85,'COMPOSIÇÕES COMPLEMENTARES '!$C:$K,3,0),""))) -> UND | E85: 1 | F85: =IF($B85="","",IFERROR(VLOOKUP($B85,SERVIÇOS!$B:$G,4,0),IFERROR(VLOOKUP($B85,'COMPOSIÇÕES COMPLEMENTARES '!$C:$K,6,0),""))) -> 2512.84 | G85: =IF($B85="","",IFERROR(VLOOKUP($B85,SERVIÇOS!$B:$G,5,0),IFERROR(VLOOKUP($B85,'COMPOSIÇÕES COMPLEMENTARES '!$C:$K,7,0),""))) -> 131.06 | H85: =IF(E85="","",F85+G85) -> 2643.9 | I85: =IF(E85="","",TRUNC((E85*F85),2)) -> 2512.84 | J85: =IF(E85="","",TRUNC((E85*G85),2)) -> 131.06 | K85: =IF(E85="","",TRUNC((E85*H85),2)) -> 2643.9 | O85: =IF(OR(N85="",$K85=""),"",(N85/$E85)*$K85) | Q85: =IF(OR(P85="",$K85=""),"",(P85/$E85)*$K85) | S85: =IF(OR(R85="",$K85=""),"",(R85/$E85)*$K85) | T85: =SUMIF($N$8:S$9,"QUANT.",N85:S85) -> 0 | U85: =SUMIF($N$8:$S$9,"CUSTO",N85:S85) -> 0 | V85: =IF(B85<>"",IF(U85=0,"MEDIR",IF(K85-U85=0,"OK",IF(K85-U85>0,"MEDIR","ALERTA!"))),"") -> MEDIR | W85: =IF(T85="",0,E85-T85) -> 1 | X85: =IF(U85="",0,K85-U85) -> 2643.9
A86: 9.15 | B86: COMP 005 | C86: =IF($B86="","",IFERROR(VLOOKUP($B86,SERVIÇOS!$B:$G,2,0),IFERROR(VLOOKUP($B86,'COMPOSIÇÕES COMPLEMENTARES '!$C:$K,2,0),""))) -> PLACA DE INOX PARA PORTA PCD, DIMENSÕES *40X90*CM - FORNECIMENTO E INSTALAÇÃO | D86: =IF($B86="","",IFERROR(VLOOKUP($B86,SERVIÇOS!$B:$G,3,0),IFERROR(VLOOKUP($B86,'COMPOSIÇÕES COMPLEMENTARES '!$C:$K,3,0),""))) -> UN | E86: 9 | F86: =IF($B86="","",IFERROR(VLOOKUP($B86,SERVIÇOS!$B:$G,4,0),IFERROR(VLOOKUP($B86,'COMPOSIÇÕES COMPLEMENTARES '!$C:$K,6,0),""))) -> 190.65 | G86: =IF($B86="","",IFERROR(VLOOKUP($B86,SERVIÇOS!$B:$G,5,0),IFERROR(VLOOKUP($B86,'COMPOSIÇÕES COMPLEMENTARES '!$C:$K,7,0),""))) -> 3.51 | H86: =IF(E86="","",F86+G86) -> 194.16 | I86: =IF(E86="","",TRUNC((E86*F86),2)) -> 1715.85 | J86: =IF(E86="","",TRUNC((E86*G86),2)) -> 31.59 | K86: =IF(E86="","",TRUNC((E86*H86),2)) -> 1747.44 | O86: =IF(OR(N86="",$K86=""),"",(N86/$E86)*$K86) | Q86: =IF(OR(P86="",$K86=""),"",(P86/$E86)*$K86) | S86: =IF(OR(R86="",$K86=""),"",(R86/$E86)*$K86) | T86: =SUMIF($N$8:S$9,"QUANT.",N86:S86) -> 0 | U86: =SUMIF($N$8:$S$9,"CUSTO",N86:S86) -> 0 | V86: =IF(B86<>"",IF(U86=0,"MEDIR",IF(K86-U86=0,"OK",IF(K86-U86>0,"MEDIR","ALERTA!"))),"") -> MEDIR | W86: =IF(T86="",0,E86-T86) -> 9 | X86: =IF(U86="",0,K86-U86) -> 1747.44
A87: 10 | C87: JANELAS | I87: =TRUNC(SUMIF(I88:I93,">0",I88:I93),2) -> 42440.15 | J87: =TRUNC(SUMIF(J88:J93,">0",J88:J93),2) -> 3667.19 | L87: =SUMIF(I87:J87,">0",I87:J87) -> 46107.34
A88: 10.1 | B88: 94570 | C88: =IF($B88="","",IFERROR(VLOOKUP($B88,SERVIÇOS!$B:$G,2,0),IFERROR(VLOOKUP($B88,'COMPOSIÇÕES COMPLEMENTARES '!$C:$K,2,0),""))) -> JANELA DE ALUMÍNIO DE CORRER COM 2 FOLHAS PARA VIDROS (VIDROS INCLUSOS), BATENTE/ REQUADRO 6 A 14 CM, ACABAMENTO COM ACETATO OU BRILHANTE, FIXAÇÃO COM PARAFUSO, SEM GUARNIÇÃO/ ALIZAR, DIMENSÕES 100X120 CM, VEDAÇÃO COM SILICONE, EXCLUSIVE CONTRAMARCO - FORNECIMENTO E INSTALAÇÃO. AF_11/2024 | D88: =IF($B88="","",IFERROR(VLOOKUP($B88,SERVIÇOS!$B:$G,3,0),IFERROR(VLOOKUP($B88,'COMPOSIÇÕES COMPLEMENTARES '!$C:$K,3,0),""))) -> M2 | E88: =(5*0.8*0.5)+(4*1*0.6)+(1*1.2*1.5) -> 6.2 | F88: =IF($B88="","",IFERROR(VLOOKUP($B88,SERVIÇOS!$B:$G,4,0),IFERROR(VLOOKUP($B88,'COMPOSIÇÕES COMPLEMENTARES '!$C:$K,6,0),""))) -> 643.01 | G88: =IF($B88="","",IFERROR(VLOOKUP($B88,SERVIÇOS!$B:$G,5,0),IFERROR(VLOOKUP($B88,'COMPOSIÇÕES COMPLEMENTARES '!$C:$K,7,0),""))) -> 11.71 | H88: =IF(E88="","",F88+G88) -> 654.72 | I88: =IF(E88="","",TRUNC((E88*F88),2)) -> 3986.66 | J88: =IF(E88="","",TRUNC((E88*G88),2)) -> 72.6 | K88: =IF(E88="","",TRUNC((E88*H88),2)) -> 4059.26 | O88: =IF(OR(N88="",$K88=""),"",(N88/$E88)*$K88) | Q88: =IF(OR(P88="",$K88=""),"",(P88/$E88)*$K88) | S88: =IF(OR(R88="",$K88=""),"",(R88/$E88)*$K88) | T88: =SUMIF($N$8:S$9,"QUANT.",N88:S88) -> 0 | U88: =SUMIF($N$8:$S$9,"CUSTO",N88:S88) -> 0 | V88: =IF(B88<>"",IF(U88=0,"MEDIR",IF(K88-U88=0,"OK",IF(K88-U88>0,"MEDIR","ALERTA!"))),"") -> MEDIR | W88: =IF(T88="",0,E88-T88) -> 6.2 | X88: =IF(U88="",0,K88-U88) -> 4059.26 | AJ88: =B88-AK88 -> 94570 | AK88: 0
A89: 10.2 | B89: 94573 | C89: =IF($B89="","",IFERROR(VLOOKUP($B89,SERVIÇOS!$B:$G,2,0),IFERROR(VLOOKUP($B89,'COMPOSIÇÕES COMPLEMENTARES '!$C:$K,2,0),""))) -> JANELA DE ALUMÍNIO DE CORRER COM 4 FOLHAS PARA VIDROS (VIDROS INCLUSOS), COM BANDEIRA, BATENTE/ REQUADRO 6 A 14 CM, ACABAMENTO COM ACETATO OU BRILHANTE, FIXAÇÃO COM PARAFUSO, SEM GUARNIÇÃO/ ALIZAR, DIMENSÕES 150X120 CM, VEDAÇÃO COM SILICONE, EXCLUSIVE CONTRAMARCO - FORNECIMENTO E INSTALAÇÃO. AF_11/2024 | D89: =IF($B89="","",IFERROR(VLOOKUP($B89,SERVIÇOS!$B:$G,3,0),IFERROR(VLOOKUP($B89,'COMPOSIÇÕES COMPLEMENTARES '!$C:$K,3,0),""))) -> M2 | E89: =7.2+3+3.3+4.14 -> 17.64 | F89: =IF($B89="","",IFERROR(VLOOKUP($B89,SERVIÇOS!$B:$G,4,0),IFERROR(VLOOKUP($B89,'COMPOSIÇÕES COMPLEMENTARES '!$C:$K,6,0),""))) -> 722.34 | G89: =IF($B89="","",IFERROR(VLOOKUP($B89,SERVIÇOS!$B:$G,5,0),IFERROR(VLOOKUP($B89,'COMPOSIÇÕES COMPLEMENTARES '!$C:$K,7,0),""))) -> 11.67 | H89: =IF(E89="","",F89+G89) -> 734.01 | I89: =IF(E89="","",TRUNC((E89*F89),2)) -> 12742.07 | J89: =IF(E89="","",TRUNC((E89*G89),2)) -> 205.85 | K89: =IF(E89="","",TRUNC((E89*H89),2)) -> 12947.93 | O89: =IF(OR(N89="",$K89=""),"",(N89/$E89)*$K89) | Q89: =IF(OR(P89="",$K89=""),"",(P89/$E89)*$K89) | S89: =IF(OR(R89="",$K89=""),"",(R89/$E89)*$K89) | T89: =SUMIF($N$8:S$9,"QUANT.",N89:S89) -> 0 | U89: =SUMIF($N$8:$S$9,"CUSTO",N89:S89) -> 0 | V89: =IF(B89<>"",IF(U89=0,"MEDIR",IF(K89-U89=0,"OK",IF(K89-U89>0,"MEDIR","ALERTA!"))),"") -> MEDIR | W89: =IF(T89="",0,E89-T89) -> 17.64 | X89: =IF(U89="",0,K89-U89) -> 12947.93 | AJ89: =B89-AK89 -> 94573 | AK89: 0
A90: 10.3 | B90: COMP 060 | C90: =IF($B90="","",IFERROR(VLOOKUP($B90,SERVIÇOS!$B:$G,2,0),IFERROR(VLOOKUP($B90,'COMPOSIÇÕES COMPLEMENTARES '!$C:$K,2,0),""))) -> JANELA DE ALUMÍNIO, GUICHÊ DE CORRER, COM 2 FOLHAS PARA VIDROS (VIDROS INCLUSOS), BATENTE/ REQUADRO 6 A 14 CM, ACABAMENTO COM ACETATO OU BRILHANTE, FIXAÇÃO COM PARAFUSO, SEM GUARNIÇÃO/ ALIZAR, DIMENSÕES 80X110 CM, VEDAÇÃO COM SILICONE, EXCLUSIVE CONTRAMARCO - FORNECIMENTO E INSTALAÇÃO | D90: =IF($B90="","",IFERROR(VLOOKUP($B90,SERVIÇOS!$B:$G,3,0),IFERROR(VLOOKUP($B90,'COMPOSIÇÕES COMPLEMENTARES '!$C:$K,3,0),""))) -> UND | E90: 8 | F90: =IF($B90="","",IFERROR(VLOOKUP($B90,SERVIÇOS!$B:$G,4,0),IFERROR(VLOOKUP($B90,'COMPOSIÇÕES COMPLEMENTARES '!$C:$K,6,0),""))) -> 566.96 | G90: =IF($B90="","",IFERROR(VLOOKUP($B90,SERVIÇOS!$B:$G,5,0),IFERROR(VLOOKUP($B90,'COMPOSIÇÕES COMPLEMENTARES '!$C:$K,7,0),""))) -> 11.69 | H90: =IF(E90="","",F90+G90) -> 578.65 | I90: =IF(E90="","",TRUNC((E90*F90),2)) -> 4535.68 | J90: =IF(E90="","",TRUNC((E90*G90),2)) -> 93.52 | K90: =IF(E90="","",TRUNC((E90*H90),2)) -> 4629.2 | O90: =IF(OR(N90="",$K90=""),"",(N90/$E90)*$K90) | Q90: =IF(OR(P90="",$K90=""),"",(P90/$E90)*$K90) | S90: =IF(OR(R90="",$K90=""),"",(R90/$E90)*$K90) | T90: =SUMIF($N$8:S$9,"QUANT.",N90:S90) -> 0 | U90: =SUMIF($N$8:$S$9,"CUSTO",N90:S90) -> 0 | V90: =IF(B90<>"",IF(U90=0,"MEDIR",IF(K90-U90=0,"OK",IF(K90-U90>0,"MEDIR","ALERTA!"))),"") -> MEDIR | W90: =IF(T90="",0,E90-T90) -> 8 | X90: =IF(U90="",0,K90-U90) -> 4629.2 | AJ90: =B90-AK90 -> #VALUE! | AK90: 0
A91: 10.4 | B91: 100674 | C91: =IF($B91="","",IFERROR(VLOOKUP($B91,SERVIÇOS!$B:$G,2,0),IFERROR(VLOOKUP($B91,'COMPOSIÇÕES COMPLEMENTARES '!$C:$K,2,0),""))) -> CAIXILHO FIXO DE ALUMÍNIO PARA VIDRO (VIDRO INCLUSO), BATENTE/ REQUADRO DE 4 A 14 CM, SEM GUARNIÇÃO/ ALIZAR, FIXAÇÃO COM PARAFUSOS, VEDAÇÃO COM SILICONE, EXCLUSIVE CONTRAMARCO - FORNECIMENTO E INSTALAÇÃO. AF_11/2024 | D91: =IF($B91="","",IFERROR(VLOOKUP($B91,SERVIÇOS!$B:$G,3,0),IFERROR(VLOOKUP($B91,'COMPOSIÇÕES COMPLEMENTARES '!$C:$K,3,0),""))) -> M2 | E91: =(1*0.6*0.6)+(1*3.65*1)+(3*1*0.6) -> 5.81 | F91: =IF($B91="","",IFERROR(VLOOKUP($B91,SERVIÇOS!$B:$G,4,0),IFERROR(VLOOKUP($B91,'COMPOSIÇÕES COMPLEMENTARES '!$C:$K,6,0),""))) -> 1401.22 | G91: =IF($B91="","",IFERROR(VLOOKUP($B91,SERVIÇOS!$B:$G,5,0),IFERROR(VLOOKUP($B91,'COMPOSIÇÕES COMPLEMENTARES '!$C:$K,7,0),""))) -> 27.72 | H91: =IF(E91="","",F91+G91) -> 1428.94 | I91: =IF(E91="","",TRUNC((E91*F91),2)) -> 8141.08 | J91: =IF(E91="","",TRUNC((E91*G91),2)) -> 161.05 | K91: =IF(E91="","",TRUNC((E91*H91),2)) -> 8302.14
A92: 10.5 | B92: COMP 061 | C92: =IF($B92="","",IFERROR(VLOOKUP($B92,SERVIÇOS!$B:$G,2,0),IFERROR(VLOOKUP($B92,'COMPOSIÇÕES COMPLEMENTARES '!$C:$K,2,0),""))) -> JANELA EM ALUMÍNIO FIXA, COM TELA DE ARAME GALVANIZADO, MALHA 8X8CM, INCLUSO GUARNIÇÃO, FIXAÇÃO COM PARAFUSOS - FORNECIMENTO E INSTALAÇÃO | D92: =IF($B92="","",IFERROR(VLOOKUP($B92,SERVIÇOS!$B:$G,3,0),IFERROR(VLOOKUP($B92,'COMPOSIÇÕES COMPLEMENTARES '!$C:$K,3,0),""))) -> M2 | E92: 1.6 | F92: =IF($B92="","",IFERROR(VLOOKUP($B92,SERVIÇOS!$B:$G,4,0),IFERROR(VLOOKUP($B92,'COMPOSIÇÕES COMPLEMENTARES '!$C:$K,6,0),""))) -> 280.96 | G92: =IF($B92="","",IFERROR(VLOOKUP($B92,SERVIÇOS!$B:$G,5,0),IFERROR(VLOOKUP($B92,'COMPOSIÇÕES COMPLEMENTARES '!$C:$K,7,0),""))) -> 10.22 | H92: =IF(E92="","",F92+G92) -> 291.18 | I92: =IF(E92="","",TRUNC((E92*F92),2)) -> 449.53 | J92: =IF(E92="","",TRUNC((E92*G92),2)) -> 16.35 | K92: =IF(E92="","",TRUNC((E92*H92),2)) -> 465.88 | O92: =IF(OR(N92="",$K92=""),"",(N92/$E92)*$K92) | Q92: =IF(OR(P92="",$K92=""),"",(P92/$E92)*$K92) | S92: =IF(OR(R92="",$K92=""),"",(R92/$E92)*$K92) | T92: =SUMIF($N$8:S$9,"QUANT.",N92:S92) -> 0 | U92: =SUMIF($N$8:$S$9,"CUSTO",N92:S92) -> 0 | V92: =IF(B92<>"",IF(U92=0,"MEDIR",IF(K92-U92=0,"OK",IF(K92-U92>0,"MEDIR","ALERTA!"))),"") -> MEDIR | W92: =IF(T92="",0,E92-T92) -> 1.6 | X92: =IF(U92="",0,K92-U92) -> 465.88 | AJ92: =B92-AK92 -> #VALUE! | AK92: 0
A93: 10.6 | B93: 101965 | C93: =IF($B93="","",IFERROR(VLOOKUP($B93,SERVIÇOS!$B:$G,2,0),IFERROR(VLOOKUP($B93,'COMPOSIÇÕES COMPLEMENTARES '!$C:$K,2,0),""))) -> PEITORIL LINEAR EM GRANITO OU MÁRMORE, L = 15CM, ASSENTADO COM ARGAMASSA 1:6 COM ADITIVO. AF_11/2020 | D93: =IF($B93="","",IFERROR(VLOOKUP($B93,SERVIÇOS!$B:$G,3,0),IFERROR(VLOOKUP($B93,'COMPOSIÇÕES COMPLEMENTARES '!$C:$K,3,0),""))) -> M | E93: 107.4 | F93: =IF($B93="","",IFERROR(VLOOKUP($B93,SERVIÇOS!$B:$G,4,0),IFERROR(VLOOKUP($B93,'COMPOSIÇÕES COMPLEMENTARES '!$C:$K,6,0),""))) -> 117.18 | G93: =IF($B93="","",IFERROR(VLOOKUP($B93,SERVIÇOS!$B:$G,5,0),IFERROR(VLOOKUP($B93,'COMPOSIÇÕES COMPLEMENTARES '!$C:$K,7,0),""))) -> 29.03 | H93: =IF(E93="","",F93+G93) -> 146.21 | I93: =IF(E93="","",TRUNC((E93*F93),2)) -> 12585.13 | J93: =IF(E93="","",TRUNC((E93*G93),2)) -> 3117.82 | K93: =IF(E93="","",TRUNC((E93*H93),2)) -> 15702.95 | O93: =IF(OR(N93="",$K93=""),"",(N93/$E93)*$K93) | Q93: =IF(OR(P93="",$K93=""),"",(P93/$E93)*$K93) | S93: =IF(OR(R93="",$K93=""),"",(R93/$E93)*$K93) | T93: =SUMIF($N$8:S$9,"QUANT.",N93:S93) -> 0 | U93: =SUMIF($N$8:$S$9,"CUSTO",N93:S93) -> 0 | V93: =IF(B93<>"",IF(U93=0,"MEDIR",IF(K93-U93=0,"OK",IF(K93-U93>0,"MEDIR","ALERTA!"))),"") -> MEDIR | W93: =IF(T93="",0,E93-T93) -> 107.4 | X93: =IF(U93="",0,K93-U93) -> 15702.95 | AJ93: =B93-AK93 -> 101965 | AK93: 0
A94: 11 | C94: INSTALAÇÕES ELÉTRICAS | I94: =TRUNC(SUMIF(I95:I137,">0",I95:I137),2) -> 447905.99 | J94: =TRUNC(SUMIF(J95:J137,">0",J95:J137),2) -> 154847.56 | L94: =SUMIF(I94:J94,">0",I94:J94) -> 602753.55
A95: 11.1 | B95: 91941 | C95: =IF($B95="","",IFERROR(VLOOKUP($B95,SERVIÇOS!$B:$G,2,0),IFERROR(VLOOKUP($B95,'COMPOSIÇÕES COMPLEMENTARES '!$C:$K,2,0),""))) -> CAIXA RETANGULAR 4" X 2" BAIXA (0,30 M DO PISO), PVC, INSTALADA EM PAREDE - FORNECIMENTO E INSTALAÇÃO. AF_03/2023 | D95: =IF($B95="","",IFERROR(VLOOKUP($B95,SERVIÇOS!$B:$G,3,0),IFERROR(VLOOKUP($B95,'COMPOSIÇÕES COMPLEMENTARES '!$C:$K,3,0),""))) -> UN | E95: 210 | F95: =IF($B95="","",IFERROR(VLOOKUP($B95,SERVIÇOS!$B:$G,4,0),IFERROR(VLOOKUP($B95,'COMPOSIÇÕES COMPLEMENTARES '!$C:$K,6,0),""))) -> 7.42 | G95: =IF($B95="","",IFERROR(VLOOKUP($B95,SERVIÇOS!$B:$G,5,0),IFERROR(VLOOKUP($B95,'COMPOSIÇÕES COMPLEMENTARES '!$C:$K,7,0),""))) -> 8.26 | H95: =IF(E95="","",F95+G95) -> 15.68 | I95: =IF(E95="","",TRUNC((E95*F95),2)) -> 1558.2 | J95: =IF(E95="","",TRUNC((E95*G95),2)) -> 1734.6 | K95: =IF(E95="","",TRUNC((E95*H95),2)) -> 3292.8 | O95: =IF(OR(N95="",$K95=""),"",(N95/$E95)*$K95) | Q95: =IF(OR(P95="",$K95=""),"",(P95/$E95)*$K95) | S95: =IF(OR(R95="",$K95=""),"",(R95/$E95)*$K95) | T95: =SUMIF($N$8:S$9,"QUANT.",N95:S95) -> 0 | U95: =SUMIF($N$8:$S$9,"CUSTO",N95:S95) -> 0 | V95: =IF(B95<>"",IF(U95=0,"MEDIR",IF(K95-U95=0,"OK",IF(K95-U95>0,"MEDIR","ALERTA!"))),"") -> MEDIR | W95: =IF(T95="",0,E95-T95) -> 210 | X95: =IF(U95="",0,K95-U95) -> 3292.8 | AJ95: =B95-AK95 -> 91941 | AK95: 0
A96: 11.2 | B96: 91940 | C96: =IF($B96="","",IFERROR(VLOOKUP($B96,SERVIÇOS!$B:$G,2,0),IFERROR(VLOOKUP($B96,'COMPOSIÇÕES COMPLEMENTARES '!$C:$K,2,0),""))) -> CAIXA RETANGULAR 4" X 2" MÉDIA (1,30 M DO PISO), PVC, INSTALADA EM PAREDE - FORNECIMENTO E INSTALAÇÃO. AF_03/2023 | D96: =IF($B96="","",IFERROR(VLOOKUP($B96,SERVIÇOS!$B:$G,3,0),IFERROR(VLOOKUP($B96,'COMPOSIÇÕES COMPLEMENTARES '!$C:$K,3,0),""))) -> UN | E96: 146 | F96: =IF($B96="","",IFERROR(VLOOKUP($B96,SERVIÇOS!$B:$G,4,0),IFERROR(VLOOKUP($B96,'COMPOSIÇÕES COMPLEMENTARES '!$C:$K,6,0),""))) -> 9.78 | G96: =IF($B96="","",IFERROR(VLOOKUP($B96,SERVIÇOS!$B:$G,5,0),IFERROR(VLOOKUP($B96,'COMPOSIÇÕES COMPLEMENTARES '!$C:$K,7,0),""))) -> 14.56 | H96: =IF(E96="","",F96+G96) -> 24.34 | I96: =IF(E96="","",TRUNC((E96*F96),2)) -> 1427.88 | J96: =IF(E96="","",TRUNC((E96*G96),2)) -> 2125.76 | K96: =IF(E96="","",TRUNC((E96*H96),2)) -> 3553.64 | O96: =IF(OR(N96="",$K96=""),"",(N96/$E96)*$K96) | Q96: =IF(OR(P96="",$K96=""),"",(P96/$E96)*$K96) | S96: =IF(OR(R96="",$K96=""),"",(R96/$E96)*$K96) | T96: =SUMIF($N$8:S$9,"QUANT.",N96:S96) -> 0 | U96: =SUMIF($N$8:$S$9,"CUSTO",N96:S96) -> 0 | V96: =IF(B96<>"",IF(U96=0,"MEDIR",IF(K96-U96=0,"OK",IF(K96-U96>0,"MEDIR","ALERTA!"))),"") -> MEDIR | W96: =IF(T96="",0,E96-T96) -> 146 | X96: =IF(U96="",0,K96-U96) -> 3553.64 | AJ96: =B96-AK96 -> 91940 | AK96: 0
A97: 11.3 | B97: 91943 | C97: =IF($B97="","",IFERROR(VLOOKUP($B97,SERVIÇOS!$B:$G,2,0),IFERROR(VLOOKUP($B97,'COMPOSIÇÕES COMPLEMENTARES '!$C:$K,2,0),""))) -> CAIXA RETANGULAR 4" X 4" MÉDIA (1,30 M DO PISO), PVC, INSTALADA EM PAREDE - FORNECIMENTO E INSTALAÇÃO. AF_03/2023 | D97: =IF($B97="","",IFERROR(VLOOKUP($B97,SERVIÇOS!$B:$G,3,0),IFERROR(VLOOKUP($B97,'COMPOSIÇÕES COMPLEMENTARES '!$C:$K,3,0),""))) -> UN | E97: 1 | F97: =IF($B97="","",IFERROR(VLOOKUP($B97,SERVIÇOS!$B:$G,4,0),IFERROR(VLOOKUP($B97,'COMPOSIÇÕES COMPLEMENTARES '!$C:$K,6,0),""))) -> 13.98 | G97: =IF($B97="","",IFERROR(VLOOKUP($B97,SERVIÇOS!$B:$G,5,0),IFERROR(VLOOKUP($B97,'COMPOSIÇÕES COMPLEMENTARES '!$C:$K,7,0),""))) -> 15.09 | H97: =IF(E97="","",F97+G97) -> 29.07 | I97: =IF(E97="","",TRUNC((E97*F97),2)) -> 13.98 | J97: =IF(E97="","",TRUNC((E97*G97),2)) -> 15.09 | K97: =IF(E97="","",TRUNC((E97*H97),2)) -> 29.07 | O97: =IF(OR(N97="",$K97=""),"",(N97/$E97)*$K97) | Q97: =IF(OR(P97="",$K97=""),"",(P97/$E97)*$K97) | S97: =IF(OR(R97="",$K97=""),"",(R97/$E97)*$K97) | T97: =SUMIF($N$8:S$9,"QUANT.",N97:S97) -> 0 | U97: =SUMIF($N$8:$S$9,"CUSTO",N97:S97) -> 0 | V97: =IF(B97<>"",IF(U97=0,"MEDIR",IF(K97-U97=0,"OK",IF(K97-U97>0,"MEDIR","ALERTA!"))),"") -> MEDIR | W97: =IF(T97="",0,E97-T97) -> 1 | X97: =IF(U97="",0,K97-U97) -> 29.07 | AJ97: =B97-AK97 -> 91943 | AK97: 0
A98: 11.4 | B98: 91939 | C98: =IF($B98="","",IFERROR(VLOOKUP($B98,SERVIÇOS!$B:$G,2,0),IFERROR(VLOOKUP($B98,'COMPOSIÇÕES COMPLEMENTARES '!$C:$K,2,0),""))) -> CAIXA RETANGULAR 4" X 2" ALTA (2,00 M DO PISO), PVC, INSTALADA EM PAREDE - FORNECIMENTO E INSTALAÇÃO. AF_03/2023 | D98: =IF($B98="","",IFERROR(VLOOKUP($B98,SERVIÇOS!$B:$G,3,0),IFERROR(VLOOKUP($B98,'COMPOSIÇÕES COMPLEMENTARES '!$C:$K,3,0),""))) -> UN | E98: 74 | F98: =IF($B98="","",IFERROR(VLOOKUP($B98,SERVIÇOS!$B:$G,4,0),IFERROR(VLOOKUP($B98,'COMPOSIÇÕES COMPLEMENTARES '!$C:$K,6,0),""))) -> 14.62 | G98: =IF($B98="","",IFERROR(VLOOKUP($B98,SERVIÇOS!$B:$G,5,0),IFERROR(VLOOKUP($B98,'COMPOSIÇÕES COMPLEMENTARES '!$C:$K,7,0),""))) -> 27.38 | H98: =IF(E98="","",F98+G98) -> 42 | I98: =IF(E98="","",TRUNC((E98*F98),2)) -> 1081.88 | J98: =IF(E98="","",TRUNC((E98*G98),2)) -> 2026.12 | K98: =IF(E98="","",TRUNC((E98*H98),2)) -> 3108 | O98: =IF(OR(N98="",$K98=""),"",(N98/$E98)*$K98) | Q98: =IF(OR(P98="",$K98=""),"",(P98/$E98)*$K98) | S98: =IF(OR(R98="",$K98=""),"",(R98/$E98)*$K98) | T98: =SUMIF($N$8:S$9,"QUANT.",N98:S98) -> 0 | U98: =SUMIF($N$8:$S$9,"CUSTO",N98:S98) -> 0 | V98: =IF(B98<>"",IF(U98=0,"MEDIR",IF(K98-U98=0,"OK",IF(K98-U98>0,"MEDIR","ALERTA!"))),"") -> MEDIR | W98: =IF(T98="",0,E98-T98) -> 74 | X98: =IF(U98="",0,K98-U98) -> 3108 | AJ98: =B98-AK98 -> 91939 | AK98: 0
A99: 11.5 | B99: 92865 | C99: =IF($B99="","",IFERROR(VLOOKUP($B99,SERVIÇOS!$B:$G,2,0),IFERROR(VLOOKUP($B99,'COMPOSIÇÕES COMPLEMENTARES '!$C:$K,2,0),""))) -> CAIXA OCTOGONAL 4" X 4", METÁLICA, INSTALADA EM LAJE - FORNECIMENTO E INSTALAÇÃO. AF_03/2023 | D99: =IF($B99="","",IFERROR(VLOOKUP($B99,SERVIÇOS!$B:$G,3,0),IFERROR(VLOOKUP($B99,'COMPOSIÇÕES COMPLEMENTARES '!$C:$K,3,0),""))) -> UN | E99: 1 | F99: =IF($B99="","",IFERROR(VLOOKUP($B99,SERVIÇOS!$B:$G,4,0),IFERROR(VLOOKUP($B99,'COMPOSIÇÕES COMPLEMENTARES '!$C:$K,6,0),""))) -> 7.06 | G99: =IF($B99="","",IFERROR(VLOOKUP($B99,SERVIÇOS!$B:$G,5,0),IFERROR(VLOOKUP($B99,'COMPOSIÇÕES COMPLEMENTARES '!$C:$K,7,0),""))) -> 10.99 | H99: =IF(E99="","",F99+G99) -> 18.05 | I99: =IF(E99="","",TRUNC((E99*F99),2)) -> 7.06 | J99: =IF(E99="","",TRUNC((E99*G99),2)) -> 10.99 | K99: =IF(E99="","",TRUNC((E99*H99),2)) -> 18.05 | O99: =IF(OR(N99="",$K99=""),"",(N99/$E99)*$K99) | Q99: =IF(OR(P99="",$K99=""),"",(P99/$E99)*$K99) | S99: =IF(OR(R99="",$K99=""),"",(R99/$E99)*$K99) | T99: =SUMIF($N$8:S$9,"QUANT.",N99:S99) -> 0 | U99: =SUMIF($N$8:$S$9,"CUSTO",N99:S99) -> 0 | V99: =IF(B99<>"",IF(U99=0,"MEDIR",IF(K99-U99=0,"OK",IF(K99-U99>0,"MEDIR","ALERTA!"))),"") -> MEDIR | W99: =IF(T99="",0,E99-T99) -> 1 | X99: =IF(U99="",0,K99-U99) -> 18.05 | AJ99: =B99-AK99 -> 92865 | AK99: 0
A100: 11.6 | B100: 91927 | C100: =IF($B100="","",IFERROR(VLOOKUP($B100,SERVIÇOS!$B:$G,2,0),IFERROR(VLOOKUP($B100,'COMPOSIÇÕES COMPLEMENTARES '!$C:$K,2,0),""))) -> CABO DE COBRE FLEXÍVEL ISOLADO, 2,5 MM², ANTI-CHAMA 0,6/1,0 KV, PARA CIRCUITOS TERMINAIS - FORNECIMENTO E INSTALAÇÃO. AF_03/2023 | D100: =IF($B100="","",IFERROR(VLOOKUP($B100,SERVIÇOS!$B:$G,3,0),IFERROR(VLOOKUP($B100,'COMPOSIÇÕES COMPLEMENTARES '!$C:$K,3,0),""))) -> M | E100: 4232 | F100: =IF($B100="","",IFERROR(VLOOKUP($B100,SERVIÇOS!$B:$G,4,0),IFERROR(VLOOKUP($B100,'COMPOSIÇÕES COMPLEMENTARES '!$C:$K,6,0),""))) -> 3.88 | G100: =IF($B100="","",IFERROR(VLOOKUP($B100,SERVIÇOS!$B:$G,5,0),IFERROR(VLOOKUP($B100,'COMPOSIÇÕES COMPLEMENTARES '!$C:$K,7,0),""))) -> 1.42 | H100: =IF(E100="","",F100+G100) -> 5.3 | I100: =IF(E100="","",TRUNC((E100*F100),2)) -> 16420.16 | J100: =IF(E100="","",TRUNC((E100*G100),2)) -> 6009.44 | K100: =IF(E100="","",TRUNC((E100*H100),2)) -> 22429.6 | O100: =IF(OR(N100="",$K100=""),"",(N100/$E100)*$K100) | Q100: =IF(OR(P100="",$K100=""),"",(P100/$E100)*$K100) | S100: =IF(OR(R100="",$K100=""),"",(R100/$E100)*$K100) | T100: =SUMIF($N$8:S$9,"QUANT.",N100:S100) -> 0 | U100: =SUMIF($N$8:$S$9,"CUSTO",N100:S100) -> 0 | V100: =IF(B100<>"",IF(U100=0,"MEDIR",IF(K100-U100=0,"OK",IF(K100-U100>0,"MEDIR","ALERTA!"))),"") -> MEDIR | W100: =IF(T100="",0,E100-T100) -> 4232 | X100: =IF(U100="",0,K100-U100) -> 22429.6 | AJ100: =B100-AK100 -> 91927 | AK100: 0
...

Sheet SERVIÇOS
C1: SERVIÇOS DE EDIFICAÇÕES - NÃO DESONERADA RESOLUÇÃO SECID N° 027/2025 Referência SINAPI: FEVEREIRO de 2025 - Vigência: MARÇO de 2025
A2: GRUPO | B2: CODIGO | C2: DESCRIÇÃO DO SERVIÇO | D2: UNID. MEDIDA | E2: CUSTOS
E3: MATERIAL | F3: MÃO DE OBRA | G3: TOTAL
A5: Acessibilidade | B5: 104658 | C5: PISO PODOTÁTIL DE ALERTA OU DIRECIONAL, DE CONCRETO, ASSENTADO SOBRE ARGAMASSA. AF_03/2024 | D5: M2 | E5: 104.37 | F5: 42.6 | G5: 146.97
A6: Acessibilidade | B6: 105002 | C6: RAMPA DE ACESSIBILIDADE EM CONCRETO MOLDADO IN LOCO, EM CALÇADA NOVA COM LARGURA MAIOR OU IGUAL À 3,00 M, FCK 25MPA, COM PISO PODOTÁTIL. AF_03/2024 | D6: UN | E6: 447.96 | F6: 315.03 | G6: 762.99
A7: Acessibilidade | B7: 105004 | C7: RAMPA DE ACESSIBILIDADE EM CONCRETO MOLDADO IN LOCO, EM CALÇADA NOVA COM LARGURA MENOR À 3,00 M, FCK 25MPA, COM PISO PODOTÁTIL. AF_03/2024 | D7: M2 | E7: 76.35 | F7: 54.51 | G7: 130.86
A8: Acessibilidade | B8: 105003 | C8: RAMPA DE ACESSIBILIDADE EM CONCRETO MOLDADO IN LOCO, EM CALÇADA PRÉ EXISTENTE COM LARGURA MAIOR OU IGUAL À 3,00 M, FCK 25MPA, COM PISO PODOTÁTIL. AF_03/2024 | D8: UN | E8: 679.48 | F8: 618.21 | G8: 1297.69
A9: Acessibilidade | B9: 105005 | C9: RAMPA DE ACESSIBILIDADE EM CONCRETO MOLDADO IN LOCO, EM CALÇADA PRÉ EXISTENTE COM LARGURA MENOR À 3,00 M, FCK 25MPA, COM PISO PODOTÁTIL. AF_03/2024 | D9: M2 | E9: 119.21 | F9: 110.64 | G9: 229.85
A10: Acessibilidade | B10: 105000 | C10: RAMPA DE ACESSIBILIDADE PARA ACESSO A EDIFICAÇÕES COM INCLINAÇÃO DE 8,33% EM CONCRETO MOLDADO IN LOCO, COM LARGURA DE 1,20M, FCK 25MPA, NÃO ARMADA, COM JUNTA A CADA 2M COM CORTE À SECO. AF_03/2024 | D10: M | E10: 996.55 | F10: 529.32 | G10: 1525.87
A11: Acessibilidade | B11: 105001 | C11: RAMPA DE ACESSIBILIDADE PARA ACESSO A EDIFICAÇÕES COM INCLINAÇÃO DE 8,33% EM CONCRETO MOLDADO IN LOCO, COM LARGURA DE 1,50M, FCK 25MPA, NÃO ARMADA, COM JUNTA A CADA 2M COM CORTE À SECO. AF_03/2024 | D11: M | E11: 1020.82 | F11: 534.59 | G11: 1555.41
A12: Alvenaria Estrutural - Blocos Cerâmicos | B12: 89306 | C12: ALVENARIA ESTRUTURAL DE BLOCOS CERÂMICOS 14X19X29, (ESPESSURA DE 14 CM), UTILIZANDO COLHER DE PEDREIRO E ARGAMASSA DE ASSENTAMENTO COM PREPARO EM BETONEIRA. AF_03/2023 | D12: M2 | E12: 60.79 | F12: 47.33 | G12: 108.12
A13: Alvenaria Estrutural - Blocos Cerâmicos | B13: 89307 | C13: ALVENARIA ESTRUTURAL DE BLOCOS CERÂMICOS 14X19X29, (ESPESSURA DE 14 CM), UTILIZANDO COLHER DE PEDREIRO E ARGAMASSA DE ASSENTAMENTO COM PREPARO MANUAL. AF_03/2023 | D13: M2 | E13: 61.86 | F13: 49.05 | G13: 110.91
A14: Alvenaria Estrutural - Blocos Cerâmicos | B14: 89290 | C14: ALVENARIA ESTRUTURAL DE BLOCOS CERÂMICOS 14X19X29, (ESPESSURA DE 14 CM), UTILIZANDO PALHETA E ARGAMASSA DE ASSENTAMENTO COM PREPARO EM BETONEIRA. AF_03/2023 | D14: M2 | E14: 53.82 | F14: 33.98 | G14: 87.8
A15: Alvenaria Estrutural - Blocos Cerâmicos | B15: 89291 | C15: ALVENARIA ESTRUTURAL DE BLOCOS CERÂMICOS 14X19X29, (ESPESSURA DE 14 CM), UTILIZANDO PALHETA E ARGAMASSA DE ASSENTAMENTO COM PREPARO MANUAL. AF_03/2023 | D15: M2 | E15: 54.61 | F15: 35.27 | G15: 89.88
A16: Alvenaria Estrutural - Blocos Cerâmicos | B16: 89298 | C16: ALVENARIA ESTRUTURAL DE BLOCOS CERÂMICOS 14X19X39, (ESPESSURA DE 14 CM), UTILIZANDO COLHER DE PEDREIRO E ARGAMASSA DE ASSENTAMENTO COM PREPARO EM BETONEIRA. AF_03/2023 | D16: M2 | E16: 56.34 | F16: 35.1 | G16: 91.44
... A7801: Válvulas e Registros para Sistemas Prediais | B7801: 103017 | C7801: VÁLVULA DE RETENÇÃO, DE BRONZE, PÉ COM CRIVOS, ROSCÁVEL, 4" - FORNECIMENTO E INSTALAÇÃO. AF_08/2021 | D7801: UN | E7801: 1003.56 | F7801: 17.56 | G7801: 1021.12

Sheet INSUMOS
B1: INSUMOS DE EDIFICAÇÕES - NÃO DESONERADA RESOLUÇÃO SECID N° 027/2025 Referência SINAPI: FEVEREIRO de 2025 - Vigência: MARÇO de 2025
A2: CODIGO | B2: DESCRICÃO DO INSUMO | C2: UNID. MEDIDA | D2: R$/UN
A3: 11270 | B3: ABRACADEIRA DE LATAO PARA FIXACAO DE CABO PARA-RAIO, DIMENSOES 32 X 24 X 24 MM | C3: UN | D3: 2.34
A4: 412 | B4: ABRACADEIRA DE NYLON PARA AMARRACAO DE CABOS, COMPRIMENTO DE *230* X *7,6* MM | C4: UN | D4: 1.02
A5: 414 | B5: ABRACADEIRA DE NYLON PARA AMARRACAO DE CABOS, COMPRIMENTO DE 100 X 2,5 MM | C5: UN | D5: 0.06
A6: 410 | B6: ABRACADEIRA DE NYLON PARA AMARRACAO DE CABOS, COMPRIMENTO DE 150 X *3,6* MM | C6: UN | D6: 0.15
A7: 411 | B7: ABRACADEIRA DE NYLON PARA AMARRACAO DE CABOS, COMPRIMENTO DE 200 X *4,6* MM | C7: UN | D7: 0.2
A8: 408 | B8: ABRACADEIRA DE NYLON PARA AMARRACAO DE CABOS, COMPRIMENTO DE 390 X *4,6* MM | C8: UN | D8: 0.99
A9: 39131 | B9: ABRACADEIRA EM ACO PARA AMARRACAO DE ELETRODUTOS, TIPO D, COM 1 1/2" E CUNHA DE FIXACAO | C9: UN | D9: 4.59
A10: 394 | B10: ABRACADEIRA EM ACO PARA AMARRACAO DE ELETRODUTOS, TIPO D, COM 1 1/2" E PARAFUSO DE FIXACAO | C10: UN | D10: 4.65
A11: 39130 | B11: ABRACADEIRA EM ACO PARA AMARRACAO DE ELETRODUTOS, TIPO D, COM 1 1/4" E CUNHA DE FIXACAO | C11: UN | D11: 4.19
A12: 395 | B12: ABRACADEIRA EM ACO PARA AMARRACAO DE ELETRODUTOS, TIPO D, COM 1 1/4" E PARAFUSO DE FIXACAO | C12: UN | D12: 4.48
A13: 39129 | B13: ABRACADEIRA EM ACO PARA AMARRACAO DE ELETRODUTOS, TIPO D, COM 1" E CUNHA DE FIXACAO | C13: UN | D13: 2.58
A14: 393 | B14: ABRACADEIRA EM ACO PARA AMARRACAO DE ELETRODUTOS, TIPO D, COM 1" E PARAFUSO DE FIXACAO | C14: UN | D14: 2.7
... A3382: 41096 | B3382: VIGIA DIURNO (MENSALISTA) | C3382: MES | D3382: 3755.13

Sheet CURVA ABC
A1: ESTA ABA DA PLANILHA NÃO É AUTOMATIZADA COM AS DEMAIS. DEVERÁ SER ELABORADO MANUALMENTE A SELEÇÃO DOS ITENS AGRUPADOS PARA MONTAGEM DA CURVA
A3: CURVA ABC DE SERVIÇOS
C4: SECRETARIA DE ESTADO DAS CIDADES | I4: PROTOCOLO Nº: | J4: =IF('FOLHA FECHAMENTO'!K12<>"",'FOLHA FECHAMENTO'!K12," ") -> 25.677.165-9
C5: DIRETORIA DE EDIFICAÇÕES | D5: ENDEREÇO: | E5: =IF(DADOS!D14<>"",DADOS!D14," ") -> RUA JOÃO FALAVIGNA, Nº171, QUADRA 13 LOTE 10 E 11 | I5: ORGÃO: | J5: =IF(DADOS!M12<>"",DADOS!M12," ") -> SESA
D6: MUNICIPIO: | E6: =IF(DADOS!$D$16<>"",DADOS!$D$16," ") -> FLORAÍ | I6: TIPO DE OBRA/SERVIÇO: | J6: =IF('FOLHA FECHAMENTO'!K10<>"",'FOLHA FECHAMENTO'!K10," ") -> AMPLIAÇÃO
C7: TABELAS DE REFERÊNCIA: SINAPI/PR (FEVEREIRO/2025) E SECID (MARÇO/2025) NÃO DESONERADO | D7: LEVANTAMENTO Nº: | F7: =IF('FOLHA FECHAMENTO'!C15<>"",'FOLHA FECHAMENTO'!C15," ") | I7: ART N°: | J7: =IF(DADOS!D30<>"",DADOS!D30," ") -> 15833094
C8: =IF(DADOS!D12<>"",DADOS!D12," ") -> AMPLIÇÃO E REGULARIZAÇÃO DE UNIDADE MISTA DE SAÚDE | D8: RESPONSÁVEL TÉCNICO: | F8: =IF(DADOS!D24<>"",DADOS!D24," ") -> ELSON HENRIQUE CAMPOS BENTO | I8: REG. CREA: | J8: =IF(DADOS!D28<>"",DADOS!D28," ") -> A95.934-0
B10: CÓDIGO DO SERVIÇO | C10: DESCRIÇÃO DO SERVIÇO | D10: UNIDADE DE MEDIDA | E10: QUANTIDADE TOTAL | F10: CUSTO UNITÁRIO | G10: CUSTO TOTAL | H10: CUSTO TOTAL ACUMULADO | I10: % DO ITEM | J10: % ACUMULADO | K10: FAIXA | L10: ITEM
C11: =PLANILHA_SINTÉTICA!C165 -> INSTALAÇÃO COMPLETA DE SISTEMA DE AR CONDICIONADO AVAC (AQUECIMENTO, VENTILAÇÃO E AR CONDICIONADO) | D11: =PLANILHA_SINTÉTICA!D165 -> UND | E11: =PLANILHA_SINTÉTICA!E165 -> 1 | F11: =PLANILHA_SINTÉTICA!H165 -> 468991.91 | G11: =PLANILHA_SINTÉTICA!K165 -> 468991.91 | H11: =G11 -> 468991.91 | I11: =G11/$H$313 -> 0.12106212 | J11: =I11 -> 0.12106212 | K11: A
C12: =PLANILHA_SINTÉTICA!C346 -> GERADOR DE ENERGIA A DIESEL 300KVA - DESCRIÇÃO CONFORME PROJETO ELÉTRICO - FORNECIMENTO E INSTALAÇÃO | D12: =PLANILHA_SINTÉTICA!D346 -> UND | E12: =PLANILHA_SINTÉTICA!E346 -> 1 | F12: =PLANILHA_SINTÉTICA!H346 -> 330168.44 | G12: =PLANILHA_SINTÉTICA!K346 -> 330168.44 | H12: =H11+G12 -> 799160.35 | I12: =G12/$H$313 -> 0.085227254 | J12: =J11+I12 -> 0.20628938 | K12: A
C13: =PLANILHA_SINTÉTICA!C10 -> ADMINISTRAÇÃO LOCAL DE OBRA - COMPOSTA POR MESTRE DE OBRAS (6H/D) E ENGENHEIRO CIVIL JUNIOR (2H/D) PARA UM CRONOGRAMA DE OBRAS DE 18 MESES | D13: =PLANILHA_SINTÉTICA!D10 -> UND | E13: =PLANILHA_SINTÉTICA!E10 -> 1 | F13: =PLANILHA_SINTÉTICA!H10 -> 244958.39 | G13: =PLANILHA_SINTÉTICA!K10 -> 244958.39 | H13: =H12+G13 -> 1044118.7 | I13: =G13/$H$313 -> 0.063231758 | J13: =J12+I13 -> 0.26952114 | K13: A
C14: =PLANILHA_SINTÉTICA!C64 -> ESTRUTURA METÁLICA DE COBERTURA PARA A EDIFICAÇÃO, DE ACORDO COM PARÂMETROS EXECUTIVOS DO PROJETO DE ESTRUTURA METÁLICA - INCLUSO FABRICAÇÃO, MONTAGEM, PINTURA DE FUNDO ZARCÃO E INSTALAÇÃO | D14: =PLANILHA_SINTÉTICA!D64 -> UND | E14: =PLANILHA_SINTÉTICA!E64 -> 1 | F14: =PLANILHA_SINTÉTICA!H64 -> 176815.42 | G14: =PLANILHA_SINTÉTICA!K64 -> 176815.42 | H14: =H13+G14 -> 1220934.2 | I14: =G14/$H$313 -> 0.045641833 | J14: =J13+I14 -> 0.31516297 | K14: A
C15: =PLANILHA_SINTÉTICA!C137 -> POSTO DE TRANSFORMAÇÃO 300kVA - 13,80kV / 127-220, COM PROTEÇÃO GERAL 3X800A - INCLUSO EXECUÇÃO, MATERIAIS, PROJ. EXECUTIVO, PROTOCOLO E APROVAÇÃO NA CONCESSIONÁRIA LOCAL. | D15: =PLANILHA_SINTÉTICA!D137 -> UND | E15: =PLANILHA_SINTÉTICA!E137 -> 1 | F15: =PLANILHA_SINTÉTICA!H137 -> 170000 | G15: =PLANILHA_SINTÉTICA!K137 -> 170000 | H15: =H14+G15 -> 1390934.2 | I15: =G15/$H$313 -> 0.04388255 | J15: =J14+I15 -> 0.35904552 | K15: A
C16: =PLANILHA_SINTÉTICA!C106 -> CABO DE COBRE FLEXÍVEL ISOLADO, 95 MM², ANTI-CHAMA 0,6/1,0 KV, PARA REDE ENTERRADA DE DISTRIBUIÇÃO DE ENERGIA ELÉTRICA - FORNECIMENTO E INSTALAÇÃO. AF_12/2021 | D16: =PLANILHA_SINTÉTICA!D106 -> M | E16: =PLANILHA_SINTÉTICA!E106 -> 1382 | F16: =PLANILHA_SINTÉTICA!H106 -> 100.59 | G16: =PLANILHA_SINTÉTICA!K106 -> 139015.38 | H16: =H15+G16 -> 1529949.5 | I16: =G16/$H$313 -> 0.035884408 | J16: =J15+I16 -> 0.39492993 | K16: A
C17: =PLANILHA_SINTÉTICA!C61 -> ALVENARIA DE VEDAÇÃO DE BLOCOS CERÂMICOS FURADOS NA HORIZONTAL DE 11,5X19X19 CM (ESPESSURA 11,5 CM) E ARGAMASSA DE ASSENTAMENTO COM PREPARO EM BETONEIRA. AF_12/2021 | D17: =PLANILHA_SINTÉTICA!D61 -> M2 | E17: =PLANILHA_SINTÉTICA!E61 -> 1277.1 | F17: =PLANILHA_SINTÉTICA!H61 -> 94.68 | G17: =PLANILHA_SINTÉTICA!K61 -> 120915.82 | H17: =H16+G17 -> 1650865.4 | I17: =G17/$H$313 -> 0.031212321 | J17: =J16+I17 -> 0.42614225 | K17: A
C18: =PLANILHA_SINTÉTICA!C65 -> TELHAMENTO COM TELHA DE AÇO/ALUMÍNIO E = 0,5 MM, COM ATÉ 2 ÁGUAS, INCLUSO IÇAMENTO. AF_07/2019 | D18: =PLANILHA_SINTÉTICA!D65 -> M2 | E18: =PLANILHA_SINTÉTICA!E65 -> 1449.4 | F18: =PLANILHA_SINTÉTICA!H65 -> 71.14 | G18: =PLANILHA_SINTÉTICA!K65 -> 103110.31 | H18: =H17+G18 -> 1753975.7 | I18: =G18/$H$313 -> 0.026616137 | J18: =J17+I18 -> 0.45275838 | K18: A
C19: =PLANILHA_SINTÉTICA!C309 -> EMBOÇO OU MASSA ÚNICA EM ARGAMASSA TRAÇO 1:2:8, PREPARO MECÂNICO COM BETONEIRA 400 L, APLICADA MANUALMENTE EM PANOS DE FACHADA COM PRESENÇA DE VÃOS, ESPESSURA DE 25 MM. AF_08/2022 | D19: =PLANILHA_SINTÉTICA!D309 -> M2 | E19: =PLANILHA_SINTÉTICA!E309 -> 1018.33 | F19: =PLANILHA_SINTÉTICA!H309 -> 65 | G19: =PLANILHA_SINTÉTICA!K309 -> 66191.45 | H19: =H18+G19 -> 1820167.1 | I19: =G19/$H$313 -> 0.017086174 | J19: =J18+I19 -> 0.46984456 | K19: A
C20: =PLANILHA_SINTÉTICA!C312 -> EMASSAMENTO COM MASSA LÁTEX, APLICAÇÃO EM PAREDE, DUAS DEMÃOS, LIXAMENTO MANUAL. AF_04/2023 | D20: =PLANILHA_SINTÉTICA!D312 -> M2 | E20: =PLANILHA_SINTÉTICA!E312 -> 2747.85 | F20: =PLANILHA_SINTÉTICA!H312 -> 23.36 | G20: =PLANILHA_SINTÉTICA!K312 -> 64189.77 | H20: =H19+G20 -> 1884356.9 | I20: =G20/$H$313 -> 0.016569475 | J20: =J19+I20 -> 0.48641403 | K20: A
C21: =PLANILHA_SINTÉTICA!C101 -> CABO DE COBRE FLEXÍVEL ISOLADO, 4 MM², ANTI-CHAMA 0,6/1,0 KV, PARA CIRCUITOS TERMINAIS - FORNECIMENTO E INSTALAÇÃO. AF_03/2023 | D21: =PLANILHA_SINTÉTICA!D101 -> M | E21: =PLANILHA_SINTÉTICA!E101 -> 7950 | F21: =PLANILHA_SINTÉTICA!H101 -> 7.73 | G21: =PLANILHA_SINTÉTICA!K101 -> 61453.5 | H21: =H20+G21 -> 1945810.4 | I21: =G21/$H$313 -> 0.015863155 | J21: =J20+I21 -> 0.50227719 | K21: A
C22: =PLANILHA_SINTÉTICA!C316 -> EMASSAMENTO COM MASSA LÁTEX, APLICAÇÃO EM TETO, DUAS DEMÃOS, LIXAMENTO MANUAL. AF_04/2023 | D22: =PLANILHA_SINTÉTICA!D316 -> M2 | E22: =PLANILHA_SINTÉTICA!E316 -> 1396.44 | F22: =PLANILHA_SINTÉTICA!H316 -> 41.68 | G22: =PLANILHA_SINTÉTICA!K316 -> 58203.61 | H22: =H21+G22 -> 2004014 | I22: =G22/$H$313 -> 0.015024252 | J22: =J21+I22 -> 0.51730144 | K22: B
C23: =PLANILHA_SINTÉTICA!C328 -> EXECUÇÃO DE PASSEIO (CALÇADA) OU PISO DE CONCRETO COM CONCRETO MOLDADO IN LOCO, USINADO C20, ACABAMENTO CONVENCIONAL, NÃO ARMADO. AF_08/2022 | D23: =PLANILHA_SINTÉTICA!D328 -> M3 | E23: =PLANILHA_SINTÉTICA!E328 -> 83.132 | F23: =PLANILHA_SINTÉTICA!H328 -> 693.52 | G23: =PLANILHA_SINTÉTICA!K328 -> 57653.7 | H23: =H22+G23 -> 2061667.7 | I23: =G23/$H$313 -> 0.014882302 | J23: =J22+I23 -> 0.53218374 | K23: B
C24: =PLANILHA_SINTÉTICA!C301 -> EMBOÇO, EM ARGAMASSA TRAÇO 1:2:8, PREPARO MECÂNICO, APLICADO MANUALMENTE EM PAREDES INTERNAS DE AMBIENTES COM ÁREA MENOR QUE 5M², E =17,5MM, COM TALISCAS. AF_03/2024 | D24: =PLANILHA_SINTÉTICA!D301 -> M2 | E24: =PLANILHA_SINTÉTICA!E301 -> 953.71 | F24: =PLANILHA_SINTÉTICA!H301 -> 45.45 | G24: =PLANILHA_SINTÉTICA!K301 -> 43346.11 | H24: =H23+G24 -> 2105013.8 | I24: =G24/$H$313 -> 0.011189046 | J24: =J23+I24 -> 0.54337279 | K24: B
C25: =PLANILHA_SINTÉTICA!C159 -> CORDOALHA DE COBRE NU 35 MM², NÃO ENTERRADA, COM ISOLADOR - FORNECIMENTO E INSTALAÇÃO. AF_08/2023 | D25: =PLANILHA_SINTÉTICA!D159 -> M | E25: =PLANILHA_SINTÉTICA!E159 -> 547 | F25: =PLANILHA_SINTÉTICA!H159 -> 76.64 | G25: =PLANILHA_SINTÉTICA!K159 -> 41922.08 | H25: =H24+G25 -> 2146935.9 | I25: =G25/$H$313 -> 0.010821458 | J25: =J24+I25 -> 0.55419425 | K25: B
C26: =PLANILHA_SINTÉTICA!C320 -> EMASSAMENTO COM MASSA LÁTEX, APLICAÇÃO EM PAREDE, DUAS DEMÃOS, LIXAMENTO MANUAL. AF_04/2023 | D26: =PLANILHA_SINTÉTICA!D320 -> M2 | E26: =PLANILHA_SINTÉTICA!E320 -> 1770.28 | F26: =PLANILHA_SINTÉTICA!H320 -> 23.36 | G26: =PLANILHA_SINTÉTICA!K320 -> 41353.74 | H26: =H25+G26 -> 2188289.6 | I26: =G26/$H$313 -> 0.01067475 | J26: =J25+I26 -> 0.564869 | K26: B
C27: =PLANILHA_SINTÉTICA!C314 -> PINTURA LÁTEX ACRÍLICA PREMIUM, APLICAÇÃO MANUAL EM PAREDES, DUAS DEMÃOS. AF_04/2023 | D27: =PLANILHA_SINTÉTICA!D314 -> M2 | E27: =PLANILHA_SINTÉTICA!E314 -> 2747.85 | F27: =PLANILHA_SINTÉTICA!H314 -> 14.22 | G27: =PLANILHA_SINTÉTICA!K314 -> 39074.42 | H27: =H26+G27 -> 2227364.1 | I27: =G27/$H$313 -> 0.010086383 | J27: =J26+I27 -> 0.57495538 | K27: B
C28: =PLANILHA_SINTÉTICA!C40 -> IMPERMEABILIZAÇÃO DE SUPERFÍCIE COM MANTA ASFÁLTICA, UMA CAMADA, INCLUSIVE APLICAÇÃO DE PRIMER ASFÁLTICO, E=4MM. AF_09/2023 | D28: =PLANILHA_SINTÉTICA!D40 -> M2 | E28: =PLANILHA_SINTÉTICA!E40 -> 260.47 | F28: =PLANILHA_SINTÉTICA!H40 -> 137.06 | G28: =PLANILHA_SINTÉTICA!K40 -> 35700.01 | H28: =H27+G28 -> 2263064.1 | I28: =G28/$H$313 -> 0.0092153381 | J28: =J27+I28 -> 0.58417072 | K28: B
C29: =PLANILHA_SINTÉTICA!C76 -> KIT DE PORTA DE MADEIRA PARA PINTURA, SEMI-OCA (LEVE OU MÉDIA), PADRÃO MÉDIO, 80X210CM, ESPESSURA DE 3,5CM, ITENS INCLUSOS: DOBRADIÇAS, MONTAGEM E INSTALAÇÃO DO BATENTE, FECHADURA COM EXECUÇÃO DO FURO - FORNECIMENTO E INSTALAÇÃO. AF_12/2019 | D29: =PLANILHA_SINTÉTICA!D76 -> UN | E29: =PLANILHA_SINTÉTICA!E76 -> 27 | F29: =PLANILHA_SINTÉTICA!H76 -> 1291.28 | G29: =PLANILHA_SINTÉTICA!K76 -> 34864.56 | H29: =H28+G29 -> 2297928.6 | I29: =G29/$H$313 -> 0.0089996812 | J29: =J28+I29 -> 0.5931704 | K29: B
C30: =PLANILHA_SINTÉTICA!C335 -> GUARDA-CORPO DE AÇO GALVANIZADO DE 1,10M, MONTANTES TUBULARES DE 1.1/4" ESPAÇADOS DE 1,20M, TRAVESSA SUPERIOR DE 1.1/2", GRADIL FORMADO POR TUBOS HORIZONTAIS DE 1" E VERTICAIS DE 3/4", FIXADO COM CHUMBADOR MECÂNICO. AF_04/2019_PS | D30: =PLANILHA_SINTÉTICA!D335 -> M | E30: =PLANILHA_SINTÉTICA!E335 -> 51.4 | F30: =PLANILHA_SINTÉTICA!H335 -> 674.47 | G30: =PLANILHA_SINTÉTICA!K335 -> 34667.75 | H30: =H29+G30 -> 2332596.4 | I30: =G30/$H$313 -> 0.0089488781 | J30: =J29+I30 -> 0.60211928 | K30: B
C31: =PLANILHA_SINTÉTICA!C30 -> ESTACA ESCAVADA MECANICAMENTE, SEM FLUIDO ESTABILIZANTE, COM 25CM DE DIÂMETRO, CONCRETO LANÇADO POR CAMINHÃO BETONEIRA (EXCLUSIVE MOBILIZAÇÃO E DESMOBILIZAÇÃO). AF_01/2020 | D31: =PLANILHA_SINTÉTICA!D30 -> M | E31: =PLANILHA_SINTÉTICA!E30 -> 560 | F31: =PLANILHA_SINTÉTICA!H30 -> 61.8 | G31: =PLANILHA_SINTÉTICA!K30 -> 34608 | H31: =H30+G31 -> 2367204.4 | I31: =G31/$H$313 -> 0.0089334547 | J31: =J30+I31 -> 0.61105273 | K31: B
C32: =PLANILHA_SINTÉTICA!C160 -> CORDOALHA DE COBRE NU 50 MM², NÃO ENTERRADA, COM ISOLADOR - FORNECIMENTO E INSTALAÇÃO. AF_08/2023 | D32: =PLANILHA_SINTÉTICA!D160 -> M | E32: =PLANILHA_SINTÉTICA!E160 -> 340 | F32: =PLANILHA_SINTÉTICA!H160 -> 97.89 | G32: =PLANILHA_SINTÉTICA!K160 -> 33282.6 | H32: =H31+G32 -> 2400487 | I32: =G32/$H$313 -> 0.0085913257 | J32: =J31+I32 -> 0.61964406 | K32: B
C33: =PLANILHA_SINTÉTICA!C43 -> MONTAGEM E DESMONTAGEM DE FÔRMA DE VIGA, ESCORAMENTO COM GARFO DE MADEIRA, PÉ-DIREITO SIMPLES, EM CHAPA DE MADEIRA RESINADA, 6 UTILIZAÇÕES. AF_09/2020 | D33: =PLANILHA_SINTÉTICA!D43 -> M2 | E33: =PLANILHA_SINTÉTICA!E43 -> 239.22 | F33: =PLANILHA_SINTÉTICA!H43 -> 137.8 | G33: =PLANILHA_SINTÉTICA!K43 -> 32964.51 | H33: =H32+G33 -> 2433451.5 | I33: =G33/$H$313 -> 0.0085092163 | J33: =J32+I33 -> 0.62815327 | K33: B
C34: =PLANILHA_SINTÉTICA!C132 -> PERFILADO PERFURADO DUPLO 38 X 38 MM, CHAPA 22, INCLUSO SUPORTE - FORNECIMENTO E INSTALAÇÃO | D34: =PLANILHA_SINTÉTICA!D132 -> M | E34: =PLANILHA_SINTÉTICA!E132 -> 861 | F34: =PLANILHA_SINTÉTICA!H132 -> 37.54 | G34: =PLANILHA_SINTÉTICA!K132 -> 32321.94 | H34: =H33+G34 -> 2465773.4 | I34: =G34/$H$313 -> 0.008343348 | J34: =J33+I34 -> 0.63649662 | K34: B
C35: =PLANILHA_SINTÉTICA!C296 -> PISO EM GRANILITE, MARMORITE OU GRANITINA EM AMBIENTES INTERNOS, COM ESPESSURA DE 8 MM, INCLUSO MISTURA EM BETONEIRA, COLOCAÇÃO DAS JUNTAS, APLICAÇÃO DO PISO, 4 POLIMENTOS COM POLITRIZ, ESTUCAMENTO, SELADOR E CERA. AF_06/2022 | D35: =PLANILHA_SINTÉTICA!D296 -> M2 | E35: =PLANILHA_SINTÉTICA!E296 -> 268.7 | F35: =PLANILHA_SINTÉTICA!H296 -> 110.44 | G35: =PLANILHA_SINTÉTICA!K296 -> 29675.22 | H35: =H34+G35 -> 2495448.6 | I35: =G35/$H$313 -> 0.0076601431 | J35: =J34+I35 -> 0.64415676 | K35: B
C36: =PLANILHA_SINTÉTICA!C297 -> REGULARIZAÇÃO DO PISO GRANILITE EXISTENTE, INCLUSO CERA | D36: =PLANILHA_SINTÉTICA!D297 -> M2 | E36: =PLANILHA_SINTÉTICA!E297 -> 463.83 | F36: =PLANILHA_SINTÉTICA!H297 -> 59.25 | G36: =PLANILHA_SINTÉTICA!K297 -> 27481.92 | H36: =H35+G36 -> 2522930.6 | I36: =G36/$H$313 -> 0.0070939808 | J36: =J35+I36 -> 0.65125075 | K36: B
C37: =PLANILHA_SINTÉTICA!C302 -> REVESTIMENTO CERÂMICO PARA PAREDES INTERNAS COM PLACAS TIPO ESMALTADA DE DIMENSÕES 33X45 CM APLICADAS NA ALTURA INTEIRA DAS PAREDES. AF_02/2023_PE | D37: =PLANILHA_SINTÉTICA!D302 -> M2 | E37: =PLANILHA_SINTÉTICA!E302 -> 348.26 | F37: =PLANILHA_SINTÉTICA!H302 -> 78.81 | G37: =PLANILHA_SINTÉTICA!K302 -> 27446.37 | H37: =H36+G37 -> 2550376.9 | I37: =G37/$H$313 -> 0.0070848042 | J37: =J36+I37 -> 0.65833555 | K37: B
C38: =PLANILHA_SINTÉTICA!C306 -> FORRO EM DRYWALL, PARA AMBIENTES COMERCIAIS, INCLUSIVE ESTRUTURA BIRECIONAL DE FIXAÇÃO. AF_08/2023_PS | D38: =PLANILHA_SINTÉTICA!D306 -> M2 | E38: =PLANILHA_SINTÉTICA!E306 -> 329 | F38: =PLANILHA_SINTÉTICA!H306 -> 82.83 | G38: =PLANILHA_SINTÉTICA!K306 -> 27251.07 | H38: =H37+G38 -> 2577628 | I38: =G38/$H$313 -> 0.0070343909 | J38: =J37+I38 -> 0.66536994 | K38: B
C39: =PLANILHA_SINTÉTICA!C293 -> CONTRAPISO EM ARGAMASSA TRAÇO 1:4 (CIMENTO E AREIA), PREPARO MECÂNICO COM BETONEIRA 400 L, APLICADO EM ÁREAS MOLHADAS SOBRE IMPERMEABILIZAÇÃO, ACABAMENTO NÃO REFORÇADO, ESPESSURA 3CM. AF_07/2021 | D39: =PLANILHA_SINTÉTICA!D293 -> M2 | E39: =PLANILHA_SINTÉTICA!E293 -> 448.69 | F39: =PLANILHA_SINTÉTICA!H293 -> 58.01 | G39: =PLANILHA_SINTÉTICA!K293 -> 26028.5 | H39: =H38+G39 -> 2603656.5 | I39: =G39/$H$313 -> 0.0067188056 | J39: =J38+I39 -> 0.67208875 | K39: B
C40: =PLANILHA_SINTÉTICA!C322 -> PINTURA LÁTEX ACRÍLICA PREMIUM, APLICAÇÃO MANUAL EM PAREDES, DUAS DEMÃOS. AF_04/2023 | D40: =PLANILHA_SINTÉTICA!D322 -> M2 | E40: =PLANILHA_SINTÉTICA!E322 -> 1770.28 | F40: =PLANILHA_SINTÉTICA!H322 -> 14.22 | G40: =PLANILHA_SINTÉTICA!K322 -> 25173.38 | H40: =H39+G40 -> 2628829.9 | I40: =G40/$H$313 -> 0.0064980712 | J40: =J39+I40 -> 0.67858682 | K40: B
C41: =PLANILHA_SINTÉTICA!C318 -> PINTURA LÁTEX ACRÍLICA PREMIUM, APLICAÇÃO MANUAL EM TETO, DUAS DEMÃOS. AF_04/2023 | D41: =PLANILHA_SINTÉTICA!D318 -> M2 | E41: =PLANILHA_SINTÉTICA!E318 -> 1396.44 | F41: =PLANILHA_SINTÉTICA!H318 -> 17.29 | G41: =PLANILHA_SINTÉTICA!K318 -> 24144.44 | H41: =H40+G41 -> 2652974.3 | I41: =G41/$H$313 -> 0.0062324682 | J41: =J40+I41 -> 0.68481929 | K41: B
C42: =PLANILHA_SINTÉTICA!C234 -> TUBO PVC, SÉRIE R, ÁGUA PLUVIAL, DN 150 MM, FORNECIDO E INSTALADO EM RAMAL DE ENCAMINHAMENTO. AF_06/2022 | D42: =PLANILHA_SINTÉTICA!D234 -> M | E42: =PLANILHA_SINTÉTICA!E234 -> 315.87 | F42: =PLANILHA_SINTÉTICA!H234 -> 75.87 | G42: =PLANILHA_SINTÉTICA!K234 -> 23965.05 | H42: =H41+G42 -> 2676939.4 | I42: =G42/$H$313 -> 0.0061861618 | J42: =J41+I42 -> 0.69100545 | K42: B
C43: =PLANILHA_SINTÉTICA!C72 -> PORTA EM ALUMÍNIO DE ABRIR TIPO VENEZIANA COM GUARNIÇÃO, FIXAÇÃO COM PARAFUSOS - FORNECIMENTO E INSTALAÇÃO. AF_12/2019 | D43: =PLANILHA_SINTÉTICA!D72 -> M2 | E43: =PLANILHA_SINTÉTICA!E72 -> 21.42 | F43: =PLANILHA_SINTÉTICA!H72 -> 1098.12 | G43: =PLANILHA_SINTÉTICA!K72 -> 23521.73 | H43: =H42+G43 -> 2700461.1 | I43: =G43/$H$313 -> 0.0060717264 | J43: =J42+I43 -> 0.69707717 | K43: B
C44: =PLANILHA_SINTÉTICA!C294 -> REVESTIMENTO CERÂMICO PARA PISO COM PLACAS TIPO PORCELANATO DE DIMENSÕES 60X60 CM APLICADA EM AMBIENTES DE ÁREA MAIOR QUE 10 M². AF_02/2023_PE | D44: =PLANILHA_SINTÉTICA!D294 -> M2 | E44: =PLANILHA_SINTÉTICA!E294 -> 179.99 | F44: =PLANILHA_SINTÉTICA!H294 -> 129.2 | G44: =PLANILHA_SINTÉTICA!K294 -> 23254.7 | H44: =H43+G44 -> 2723715.8 | I44: =G44/$H$313 -> 0.0060027973 | J44: =J43+I44 -> 0.70307997 | K44: B
C45: =PLANILHA_SINTÉTICA!C277 -> TUBO EM COBRE RÍGIDO, DN 22 MM, CLASSE A, SEM ISOLAMENTO, INSTALADO EM RAMAL E SUB-RAMAL DE GÁS MEDICINAL - FORNECIMENTO E INSTALAÇÃO. AF_04/2022 | D45: =PLANILHA_SINTÉTICA!D277 -> M | E45: =PLANILHA_SINTÉTICA!E277 -> 210.79 | F45: =PLANILHA_SINTÉTICA!H277 -> 109.12 | G45: =PLANILHA_SINTÉTICA!K277 -> 23001.4 | H45: =H44+G45 -> 2746717.2 | I45: =G45/$H$313 -> 0.0059374123 | J45: =J44+I45 -> 0.70901738 | K45: B
C46: =PLANILHA_SINTÉTICA!C68 -> CALHA EM CHAPA DE AÇO GALVANIZADO NÚMERO 24, DESENVOLVIMENTO DE 100 CM, INCLUSO TRANSPORTE VERTICAL. AF_07/2019 | D46: =PLANILHA_SINTÉTICA!D68 -> M | E46: =PLANILHA_SINTÉTICA!E68 -> 135.92 | F46: =PLANILHA_SINTÉTICA!H68 -> 166.91 | G46: =PLANILHA_SINTÉTICA!K68 -> 22686.4 | H46: =H45+G46 -> 2769403.6 | I46: =G46/$H$313 -> 0.0058561005 | J46: =J45+I46 -> 0.71487348 | K46: B
C47: =PLANILHA_SINTÉTICA!C100 -> CABO DE COBRE FLEXÍVEL ISOLADO, 2,5 MM², ANTI-CHAMA 0,6/1,0 KV, PARA CIRCUITOS TERMINAIS - FORNECIMENTO E INSTALAÇÃO. AF_03/2023 | D47: =PLANILHA_SINTÉTICA!D100 -> M | E47: =PLANILHA_SINTÉTICA!E100 -> 4232 | F47: =PLANILHA_SINTÉTICA!H100 -> 5.3 | G47: =PLANILHA_SINTÉTICA!K100 -> 22429.6 | H47: =H46+G47 -> 2791833.2 | I47: =G47/$H$313 -> 0.005789812 | J47: =J46+I47 -> 0.7206633 | K47: B
C48: =PLANILHA_SINTÉTICA!C42 -> MONTAGEM E DESMONTAGEM DE FÔRMA DE PILARES RETANGULARES E ESTRUTURAS SIMILARES, PÉ-DIREITO SIMPLES, EM CHAPA DE MADEIRA COMPENSADA RESINADA, 6 UTILIZAÇÕES. AF_09/2020 | D48: =PLANILHA_SINTÉTICA!D42 -> M2 | E48: =PLANILHA_SINTÉTICA!E42 -> 271.4 | F48: =PLANILHA_SINTÉTICA!H42 -> 82.05 | G48: =PLANILHA_SINTÉTICA!K42 -> 22268.37 | H48: =H47+G48 -> 2814101.6 | I48: =G48/$H$313 -> 0.0057481933 | J48: =J47+I48 -> 0.72641149 | K48: B
C49: =PLANILHA_SINTÉTICA!C34 -> FABRICAÇÃO, MONTAGEM E DESMONTAGEM DE FÔRMA PARA VIGA BALDRAME, EM MADEIRA SERRADA, E=25 MM, 4 UTILIZAÇÕES. AF_01/2024 | D49: =PLANILHA_SINTÉTICA!D34 -> M2 | E49: =PLANILHA_SINTÉTICA!E34 -> 260.47 | F49: =PLANILHA_SINTÉTICA!H34 -> 76.57 | G49: =PLANILHA_SINTÉTICA!K34 -> 19944.18 | H49: =H48+G49 -> 2834045.8 | I49: =G49/$H$313 -> 0.005148244 | J49: =J48+I49 -> 0.73155973 | K49: B
C50: =PLANILHA_SINTÉTICA!C105 -> CABO DE COBRE FLEXÍVEL ISOLADO, 50 MM², ANTI-CHAMA 0,6/1,0 KV, PARA REDE ENTERRADA DE DISTRIBUIÇÃO DE ENERGIA ELÉTRICA - FORNECIMENTO E INSTALAÇÃO. AF_12/2021 | D50: =PLANILHA_SINTÉTICA!D105 -> M | E50: =PLANILHA_SINTÉTICA!E105 -> 345 | F50: =PLANILHA_SINTÉTICA!H105 -> 56.45 | G50: =PLANILHA_SINTÉTICA!K105 -> 19475.25 | H50: =H49+G50 -> 2853521 | I50: =G50/$H$313 -> 0.0050271978 | J50: =J49+I50 -> 0.73658693 | K50: B
C51: =PLANILHA_SINTÉTICA!C329 -> PINTURA DE PISO COM TINTA ACRÍLICA, APLICAÇÃO MANUAL, 2 DEMÃOS, INCLUSO FUNDO PREPARADOR. AF_05/2021 | D51: =PLANILHA_SINTÉTICA!D329 -> M2 | E51: =PLANILHA_SINTÉTICA!E329 -> 831.32 | F51: =PLANILHA_SINTÉTICA!H329 -> 23.38 | G51: =PLANILHA_SINTÉTICA!K329 -> 19436.26 | H51: =H50+G51 -> 2872957.3 | I51: =G51/$H$313 -> 0.0050171333 | J51: =J50+I51 -> 0.74160406 | K51: B
C52: =PLANILHA_SINTÉTICA!C83 -> CAIXILHO FIXO DE ALUMÍNIO PARA VIDRO (VIDRO INCLUSO), BATENTE/ REQUADRO DE 4 A 14 CM, SEM GUARNIÇÃO/ ALIZAR, FIXAÇÃO COM PARAFUSOS, VEDAÇÃO COM SILICONE, EXCLUSIVE CONTRAMARCO - FORNECIMENTO E INSTALAÇÃO. AF_11/2024 | D52: =PLANILHA_SINTÉTICA!D83 -> M2 | E52: =PLANILHA_SINTÉTICA!E83 -> 13.2 | F52: =PLANILHA_SINTÉTICA!H83 -> 1428.94 | G52: =PLANILHA_SINTÉTICA!K83 -> 18862 | H52: =H51+G52 -> 2891819.3 | I52: =G52/$H$313 -> 0.004868898 | J52: =J51+I52 -> 0.74647296 | K52: B
C53: =PLANILHA_SINTÉTICA!C134 -> LUMINÁRIA TIPO PLAFON SOBREPOR 24W - FORNECIMENTO E INSTALAÇÃO | D53: =PLANILHA_SINTÉTICA!D134 -> UN | E53: =PLANILHA_SINTÉTICA!E134 -> 295 | F53: =PLANILHA_SINTÉTICA!H134 -> 64.54 | G53: =PLANILHA_SINTÉTICA!K134 -> 19039.3 | H53: =H52+G53 -> 2910858.6 | I53: =G53/$H$313 -> 0.0049146649 | J53: =J52+I53 -> 0.75138763 | K53: B
C54: =PLANILHA_SINTÉTICA!C69 -> RUFO EM CHAPA DE AÇO GALVANIZADO NÚMERO 24, CORTE DE 25 CM, INCLUSO TRANSPORTE VERTICAL. AF_07/2019 | D54: =PLANILHA_SINTÉTICA!D69 -> M | E54: =PLANILHA_SINTÉTICA!E69 -> 345.26 | F54: =PLANILHA_SINTÉTICA!H69 -> 51.34 | G54: =PLANILHA_SINTÉTICA!K69 -> 17725.64 | H54: =H53+G54 -> 2928584.2 | I54: =G54/$H$313 -> 0.0045755664 | J54: =J53+I54 -> 0.75596319 | K54: B
C55: =PLANILHA_SINTÉTICA!C58 -> VERGA MOLDADA IN LOCO EM CONCRETO, ESPESSURA DE *20* CM. AF_03/2024 | D55: =PLANILHA_SINTÉTICA!D58 -> M | E55: =PLANILHA_SINTÉTICA!E58 -> 206.43 | F55: =PLANILHA_SINTÉTICA!H58 -> 84.77 | G55: =PLANILHA_SINTÉTICA!K58 -> 17499.07 | H55: =H54+G55 -> 2946083.3 | I55: =G55/$H$313 -> 0.0045170813 | J55: =J54+I55 -> 0.76048028 | K55: B
C56: =PLANILHA_SINTÉTICA!C253 -> BANCADA EM GRANITO CINZA POLIDO E=2,5CM, COM RODABANCA H=10CM E SAIA BOLEADA H=5CM - FORNECIMENTO E INSTALAÇÃO | D56: =PLANILHA_SINTÉTICA!D253 -> M2 | E56: =PLANILHA_SINTÉTICA!E253 -> 12.66 | F56: =PLANILHA_SINTÉTICA!H253 -> 1296.95 | G56: =PLANILHA_SINTÉTICA!K253 -> 16419.38 | H56: =H55+G56 -> 2962502.6 | I56: =G56/$H$313 -> 0.004238378 | J56: =J55+I56 -> 0.76471865 | K56: B
C57: =PLANILHA_SINTÉTICA!C55 -> LAJE PRÉ-MOLDADA UNIDIRECIONAL, BIAPOIADA, PARA TETO, ENCHIMENTO EM CERÂMICA, VIGOTA CONVENCIONAL, ALTURA TOTAL DA LAJE 12,00CM (ENCHIMENTO+CAPA)= (8+4) | D57: =PLANILHA_SINTÉTICA!D55 -> M2 | E57: =PLANILHA_SINTÉTICA!E55 -> 83.55 | F57: =PLANILHA_SINTÉTICA!H55 -> 194.8 | G57: =PLANILHA_SINTÉTICA!K55 -> 16275.54 | H57: =H56+G57 -> 2978778.2 | I57: =G57/$H$313 -> 0.0042012482 | J57: =J56+I57 -> 0.7689199 | K57: B
C58: =PLANILHA_SINTÉTICA!C130 -> ELETRODUTO FLEXÍVEL CORRUGADO, PVC, DN 25 MM (3/4"), PARA CIRCUITOS TERMINAIS, INSTALADO EM PAREDE - FORNECIMENTO E INSTALAÇÃO. AF_03/2023 | D58: =PLANILHA_SINTÉTICA!D130 -> M | E58: =PLANILHA_SINTÉTICA!E130 -> 1210 | F58: =PLANILHA_SINTÉTICA!H130 -> 13.1 | G58: =PLANILHA_SINTÉTICA!K130 -> 15851 | H58: =H57+G58 -> 2994629.2 | I58: =G58/$H$313 -> 0.0040916606 | J58: =J57+I58 -> 0.77301156 | K58: B
C59: =PLANILHA_SINTÉTICA!C93 -> PEITORIL LINEAR EM GRANITO OU MÁRMORE, L = 15CM, ASSENTADO COM ARGAMASSA 1:6 COM ADITIVO. AF_11/2020 | D59: =PLANILHA_SINTÉTICA!D93 -> M | E59: =PLANILHA_SINTÉTICA!E93 -> 107.4 | F59: =PLANILHA_SINTÉTICA!H93 -> 146.21 | G59: =PLANILHA_SINTÉTICA!K93 -> 15702.95 | H59: =H58+G59 -> 3010332.1 | I59: =G59/$H$313 -> 0.0040534441 | J59: =J58+I59 -> 0.77706501 | K59: B
C60: =PLANILHA_SINTÉTICA!C77 -> KIT DE PORTA DE MADEIRA PARA PINTURA, SEMI-OCA (LEVE OU MÉDIA), PADRÃO MÉDIO, 90X210CM, ESPESSURA DE 3,5CM, ITENS INCLUSOS: DOBRADIÇAS, MONTAGEM E INSTALAÇÃO DO BATENTE, FECHADURA COM EXECUÇÃO DO FURO - FORNECIMENTO E INSTALAÇÃO. AF_12/2019 | D60: =PLANILHA_SINTÉTICA!D77 -> UN | E60: =PLANILHA_SINTÉTICA!E77 -> 11 | F60: =PLANILHA_SINTÉTICA!H77 -> 1385.89 | G60: =PLANILHA_SINTÉTICA!K77 -> 15244.79 | H60: =H59+G60 -> 3025576.9 | I60: =G60/$H$313 -> 0.003935178 | J60: =J59+I60 -> 0.78100018 | K60: B
C61: =PLANILHA_SINTÉTICA!C327 -> LASTRO COM MATERIAL GRANULAR, APLICADO EM PISOS OU LAJES SOBRE SOLO, ESPESSURA DE *5 CM*. AF_01/2024 | D61: =PLANILHA_SINTÉTICA!D327 -> M3 | E61: =PLANILHA_SINTÉTICA!E327 -> 83.132 | F61: =PLANILHA_SINTÉTICA!H327 -> 182.38 | G61: =PLANILHA_SINTÉTICA!K327 -> 15161.61 | H61: =H60+G61 -> 3040738.5 | I61: =G61/$H$313 -> 0.0039137065 | J61: =J60+I61 -> 0.78491389 | K61: B
C62: =PLANILHA_SINTÉTICA!C25 -> LOCAÇÃO CONVENCIONAL DE OBRA, UTILIZANDO GABARITO DE TÁBUAS CORRIDAS PONTALETADAS A CADA 2,00M - 2 UTILIZAÇÕES. AF_03/2024 | D62: =PLANILHA_SINTÉTICA!D25 -> M | E62: =PLANILHA_SINTÉTICA!E25 -> 194.09 | F62: =PLANILHA_SINTÉTICA!H25 -> 76.76 | G62: =PLANILHA_SINTÉTICA!K25 -> 14898.34 | H62: =H61+G62 -> 3055636.9 | I62: =G62/$H$313 -> 0.003845748 | J62: =J61+I62 -> 0.78875964 | K62: B
C63: =PLANILHA_SINTÉTICA!C24 -> EXECUÇÃO DE SANITÁRIO E VESTIÁRIO EM CANTEIRO DE OBRA EM CHAPA DE MADEIRA COMPENSADA, INCLUSO VASO SANITÁRIO E LAVATÓRIO | D63: =PLANILHA_SINTÉTICA!D24 -> M2 | E63: =PLANILHA_SINTÉTICA!E24 -> 12 | F63: =PLANILHA_SINTÉTICA!H24 -> 1129.83 | G63: =PLANILHA_SINTÉTICA!K24 -> 13557.96 | H63: =H62+G63 -> 3069194.8 | I63: =G63/$H$313 -> 0.0034997521 | J63: =J62+I63 -> 0.79225939 | K63: B
C64: =PLANILHA_SINTÉTICA!C54 -> CONCRETAGEM DE VIGAS E LAJES, FCK=25 MPA, PARA LAJES MACIÇAS OU NERVURADAS COM USO DE BOMBA - LANÇAMENTO, ADENSAMENTO E ACABAMENTO. AF_02/2022_PS | D64: =PLANILHA_SINTÉTICA!D54 -> M3 | E64: =PLANILHA_SINTÉTICA!E54 -> 21.78 | F64: =PLANILHA_SINTÉTICA!H54 -> 610.13 | G64: =PLANILHA_SINTÉTICA!K54 -> 13288.63 | H64: =H63+G64 -> 3082483.5 | I64: =G64/$H$313 -> 0.0034302292 | J64: =J63+I64 -> 0.79568962 | K64: B
C65: =PLANILHA_SINTÉTICA!C139 -> CABO DE REDE DE INTERNET CAT 6 - FORNECIMENTO E INSTALAÇÃO | D65: =PLANILHA_SINTÉTICA!D139 -> M | E65: =PLANILHA_SINTÉTICA!E139 -> 1250 | F65: =PLANILHA_SINTÉTICA!H139 -> 10.5 | G65: =PLANILHA_SINTÉTICA!K139 -> 13125 | H65: =H64+G65 -> 3095608.5 | I65: =G65/$H$313 -> 0.003387991 | J65: =J64+I65 -> 0.79907761 | K65: B
C66: =PLANILHA_SINTÉTICA!C89 -> JANELA DE ALUMÍNIO DE CORRER COM 4 FOLHAS PARA VIDROS (VIDROS INCLUSOS), COM BANDEIRA, BATENTE/ REQUADRO 6 A 14 CM, ACABAMENTO COM ACETATO OU BRILHANTE, FIXAÇÃO COM PARAFUSO, SEM GUARNIÇÃO/ ALIZAR, DIMENSÕES 150X120 CM, VEDAÇÃO COM SILICONE, EXCLUSIVE CONTRAMARCO - FORNECIMENTO E INSTALAÇÃO. AF_11/2024 | D66: =PLANILHA_SINTÉTICA!D89 -> M2 | E66: =PLANILHA_SINTÉTICA!E89 -> 17.64 | F66: =PLANILHA_SINTÉTICA!H89 -> 734.01 | G66: =PLANILHA_SINTÉTICA!K89 -> 12947.93 | H66: =H65+G66 -> 3108556.4 | I66: =G66/$H$313 -> 0.0033422835 | J66: =J65+I66 -> 0.80241989 | K66: B
C67: =PLANILHA_SINTÉTICA!C136 -> QUADRO DE DISTRIBUIÇÃO DE ENERGIA EM CHAPA DE AÇO GALVANIZADO, DE EMBUTIR, COM BARRAMENTO TRIFÁSICO, PARA 40 DISJUNTORES DIN 800A | D67: =PLANILHA_SINTÉTICA!D136 -> UND | E67: =PLANILHA_SINTÉTICA!E136 -> 1 | F67: =PLANILHA_SINTÉTICA!H136 -> 12930 | G67: =PLANILHA_SINTÉTICA!K136 -> 12930 | H67: =H66+G67 -> 3121486.4 | I67: =G67/$H$313 -> 0.0033376551 | J67: =J66+I67 -> 0.80575755 | K67: B
C68: =PLANILHA_SINTÉTICA!C313 -> FUNDO SELADOR ACRÍLICO, APLICAÇÃO MANUAL EM PAREDE, UMA DEMÃO. AF_04/2023 | D68: =PLANILHA_SINTÉTICA!D313 -> M2 | E68: =PLANILHA_SINTÉTICA!E313 -> 2747.85 | F68: =PLANILHA_SINTÉTICA!H313 -> 4.67 | G68: =PLANILHA_SINTÉTICA!K313 -> 12832.45 | H68: =H67+G68 -> 3134318.8 | I68: =G68/$H$313 -> 0.0033124743 | J68: =J67+I68 -> 0.80907002 | K68: B
C69: =PLANILHA_SINTÉTICA!C14 -> DEMOLIÇÃO DE PISO DE CONCRETO SIMPLES, DE FORMA MANUAL, SEM REAPROVEITAMENTO. AF_09/2023 | D69: =PLANILHA_SINTÉTICA!D14 -> M3 | E69: =PLANILHA_SINTÉTICA!E14 -> 47.245 | F69: =PLANILHA_SINTÉTICA!H14 -> 267.81 | G69: =PLANILHA_SINTÉTICA!K14 -> 12652.68 | H69: =H68+G69 -> 3146971.5 | I69: =G69/$H$313 -> 0.0032660698 | J69: =J68+I69 -> 0.81233609 | K69: C
C70: =PLANILHA_SINTÉTICA!C232 -> BOCAL PVC, PARA CALHA PLUVIAL, DIAMETRO DA SAIDA ENTRE *75 E 120* MM, PARA DRENAGEM PLUVIAL PREDIAL - FORNECIMENTO E INSTALAÇÃO | D70: =PLANILHA_SINTÉTICA!D232 -> UND | E70: =PLANILHA_SINTÉTICA!E232 -> 181 | F70: =PLANILHA_SINTÉTICA!H232 -> 69.83 | G70: =PLANILHA_SINTÉTICA!K232 -> 12639.23 | H70: =H69+G70 -> 3159610.8 | I70: =G70/$H$313 -> 0.0032625979 | J70: =J69+I70 -> 0.81559869 | K70: C
C71: =PLANILHA_SINTÉTICA!C104 -> CABO DE COBRE FLEXÍVEL ISOLADO, 16 MM², ANTI-CHAMA 0,6/1,0 KV, PARA CIRCUITOS TERMINAIS - FORNECIMENTO E INSTALAÇÃO. AF_03/2023 | D71: =PLANILHA_SINTÉTICA!D104 -> M | E71: =PLANILHA_SINTÉTICA!E104 -> 467 | F71: =PLANILHA_SINTÉTICA!H104 -> 26.99 | G71: =PLANILHA_SINTÉTICA!K104 -> 12604.33 | H71: =H70+G71 -> 3172215.1 | I71: =G71/$H$313 -> 0.0032535891 | J71: =J70+I71 -> 0.81885228 | K71: C
C72: =PLANILHA_SINTÉTICA!C336 -> CORRIMÃO SIMPLES, DIÂMETRO EXTERNO = 1 1/2", EM AÇO GALVANIZADO. AF_04/2019_PS | D72: =PLANILHA_SINTÉTICA!D336 -> M | E72: =PLANILHA_SINTÉTICA!E336 -> 102.8 | F72: =PLANILHA_SINTÉTICA!H336 -> 120.22 | G72: =PLANILHA_SINTÉTICA!K336 -> 12358.61 | H72: =H71+G72 -> 3184573.7 | I72: =G72/$H$313 -> 0.0031901607 | J72: =J71+I72 -> 0.82204244 | K72: C
C73: =PLANILHA_SINTÉTICA!C82 -> PORTA DE CORRER DE ALUMÍNIO, COM DUAS FOLHAS PARA VIDRO, INCLUSO VIDRO LISO INCOLOR, FECHADURA E PUXADOR, SEM ALIZAR. AF_12/2019 | D73: =PLANILHA_SINTÉTICA!D82 -> M2 | E73: =PLANILHA_SINTÉTICA!E82 -> 15.96 | F73: =PLANILHA_SINTÉTICA!H82 -> 760.78 | G73: =PLANILHA_SINTÉTICA!K82 -> 12142.04 | H73: =H72+G73 -> 3196715.7 | I73: =G73/$H$313 -> 0.0031342569 | J73: =J72+I73 -> 0.8251767 | K73: C
C74: =PLANILHA_SINTÉTICA!C80 -> KIT DE PORTA DE MADEIRA PARA PINTURA, SEMI-OCA (LEVE OU MÉDIA), PADRÃO MÉDIO, UMA FOLHA DE ABRIR, 100X210CM, ESPESSURA DE 3,5CM, ITENS INCLUSOS: DOBRADIÇAS, MONTAGEM E INSTALAÇÃO DO BATENTE, FECHADURA COM EXECUÇÃO DO FURO - FORNECIMENTO E INSTALAÇÃO. | D74: =PLANILHA_SINTÉTICA!D80 -> UND | E74: =PLANILHA_SINTÉTICA!E80 -> 8 | F74: =PLANILHA_SINTÉTICA!H80 -> 1503.96 | G74: =PLANILHA_SINTÉTICA!K80 -> 12031.68 | H74: =H73+G74 -> 3208747.4 | I74: =G74/$H$313 -> 0.0031057694 | J74: =J73+I74 -> 0.82828247 | K74: C
C75: =PLANILHA_SINTÉTICA!C16 -> REMOÇÃO DE TRAMA DE MADEIRA PARA COBERTURA, DE FORMA MANUAL, SEM REAPROVEITAMENTO. AF_09/2023 | D75: =PLANILHA_SINTÉTICA!D16 -> M2 | E75: =PLANILHA_SINTÉTICA!E16 -> 1157.73 | F75: =PLANILHA_SINTÉTICA!H16 -> 10.31 | G75: =PLANILHA_SINTÉTICA!K16 -> 11936.19 | H75: =H74+G75 -> 3220683.6 | I75: =G75/$H$313 -> 0.0030811203 | J75: =J74+I75 -> 0.83136359 | K75: C
C76: =PLANILHA_SINTÉTICA!C107 -> CABO DE COBRE FLEXÍVEL ISOLADO, 185 MM², ANTI-CHAMA 0,6/1,0 KV, PARA REDE ENTERRADA DE DISTRIBUIÇÃO DE ENERGIA ELÉTRICA - FORNECIMENTO E INSTALAÇÃO - FORNECIMENTO E INSTALAÇÃO | D76: =PLANILHA_SINTÉTICA!D107 -> M | E76: =PLANILHA_SINTÉTICA!E107 -> 68 | F76: =PLANILHA_SINTÉTICA!H107 -> 174.75 | G76: =PLANILHA_SINTÉTICA!K107 -> 11883 | H76: =H75+G76 -> 3232566.6 | I76: =G76/$H$313 -> 0.0030673903 | J76: =J75+I76 -> 0.83443098 | K76: C
C77: =PLANILHA_SINTÉTICA!C48 -> ARMAÇÃO DE PILAR OU VIGA DE ESTRUTURA CONVENCIONAL DE CONCRETO ARMADO UTILIZANDO AÇO CA-50 DE 10,0 MM - MONTAGEM. AF_06/2022 | D77: =PLANILHA_SINTÉTICA!D48 -> KG | E77: =PLANILHA_SINTÉTICA!E48 -> 1042.5 | F77: =PLANILHA_SINTÉTICA!H48 -> 11.31 | G77: =PLANILHA_SINTÉTICA!K48 -> 11790.67 | H77: =H76+G77 -> 3244357.3 | I77: =G77/$H$313 -> 0.0030435569 | J77: =J76+I77 -> 0.83747454 | K77: C
C78: =PLANILHA_SINTÉTICA!C23 -> EXECUÇÃO DE DEPÓSITO EM CANTEIRO DE OBRA EM CHAPA DE MADEIRA COMPENSADA, NÃO INCLUSO MOBILIÁRIO | D78: =PLANILHA_SINTÉTICA!D23 -> M2 | E78: =PLANILHA_SINTÉTICA!E23 -> 16 | F78: =PLANILHA_SINTÉTICA!H23 -> 721.64 | G78: =PLANILHA_SINTÉTICA!K23 -> 11546.24 | H78: =H77+G78 -> 3255903.5 | I78: =G78/$H$313 -> 0.0029804615 | J78: =J77+I78 -> 0.840455 | K78: C
C79: =PLANILHA_SINTÉTICA!C66 -> PLATIBANDA EM REVESTIMENTO EM ACM, ESPESSURA DE 3 MM, CONFORME PROJETO EXECUTIVO, EXCLUSIVE ESTRUTURA METÁLICA - FORNECIMENTO E INSTALAÇÃO | D79: =PLANILHA_SINTÉTICA!D66 -> M2 | E79: =PLANILHA_SINTÉTICA!E66 -> 31.1 | F79: =PLANILHA_SINTÉTICA!H66 -> 352.42 | G79: =PLANILHA_SINTÉTICA!K66 -> 10960.26 | H79: =H78+G79 -> 3266863.8 | I79: =G79/$H$313 -> 0.0028292009 | J79: =J78+I79 -> 0.8432842 | K79: C
C80: =PLANILHA_SINTÉTICA!C233 -> TUBO PVC, SÉRIE R, ÁGUA PLUVIAL, DN 100 MM, FORNECIDO E INSTALADO EM RAMAL DE ENCAMINHAMENTO. AF_06/2022 | D80: =PLANILHA_SINTÉTICA!D233 -> M | E80: =PLANILHA_SINTÉTICA!E233 -> 195.44 | F80: =PLANILHA_SINTÉTICA!H233 -> 54.55 | G80: =PLANILHA_SINTÉTICA!K233 -> 10661.25 | H80: =H79+G80 -> 3277525 | I80: =G80/$H$313 -> 0.0027520167 | J80: =J79+I80 -> 0.84603621 | K80: C
C81: =PLANILHA_SINTÉTICA!C188 -> TUBO PVC, SERIE NORMAL, ESGOTO PREDIAL, DN 100 MM, FORNECIDO E INSTALADO EM RAMAL DE DESCARGA OU RAMAL DE ESGOTO SANITÁRIO. AF_08/2022 | D81: =PLANILHA_SINTÉTICA!D188 -> M | E81: =PLANILHA_SINTÉTICA!E188 -> 239.2 | F81: =PLANILHA_SINTÉTICA!H188 -> 44.46 | G81: =PLANILHA_SINTÉTICA!K188 -> 10634.83 | H81: =H80+G81 -> 3288159.9 | I81: =G81/$H$313 -> 0.0027451968 | J81: =J80+I81 -> 0.84878141 | K81: C
C82: =PLANILHA_SINTÉTICA!C230 -> CAIXA ENTERRADA HIDRÁULICA RETANGULAR, EM ALVENARIA COM TIJOLOS CERÂMICOS MACIÇOS, DIMENSÕES INTERNAS: 0,6X0,6M PARA REDE DE DRENAGEM COM GRELHA DE FERRO FOFO | D82: =PLANILHA_SINTÉTICA!D230 -> UN | E82: =PLANILHA_SINTÉTICA!E230 -> 25 | F82: =PLANILHA_SINTÉTICA!H230 -> 419.41 | G82: =PLANILHA_SINTÉTICA!K230 -> 10485.25 | H82: =H81+G82 -> 3298645.1 | I82: =G82/$H$313 -> 0.0027065853 | J82: =J81+I82 -> 0.851488 | K82: C
C83: =PLANILHA_SINTÉTICA!C308 -> CHAPISCO APLICADO EM ALVENARIA (COM PRESENÇA DE VÃOS) E ESTRUTURAS DE CONCRETO DE FACHADA, COM COLHER DE PEDREIRO. ARGAMASSA TRAÇO 1:3 COM PREPARO EM BETONEIRA 400L. AF_10/2022 | D83: =PLANILHA_SINTÉTICA!D308 -> M2 | E83: =PLANILHA_SINTÉTICA!E308 -> 1018.33 | F83: =PLANILHA_SINTÉTICA!H308 -> 10.04 | G83: =PLANILHA_SINTÉTICA!K308 -> 10224.03 | H83: =H82+G83 -> 3308869.1 | I83: =G83/$H$313 -> 0.0026391559 | J83: =J82+I83 -> 0.85412715 | K83: C
C84: =PLANILHA_SINTÉTICA!C79 -> KIT DE PORTA DE MADEIRA PARA PINTURA, SEMI-OCA (LEVE OU MÉDIA), PADRÃO MÉDIO, DUAS FOLHAS DE ABRIR, 150X210CM, ESPESSURA DE 3,5CM, ITENS INCLUSOS: DOBRADIÇAS, MONTAGEM E INSTALAÇÃO DO BATENTE, FECHADURA COM EXECUÇÃO DO FURO - FORNECIMENTO E INSTALAÇÃO. | D84: =PLANILHA_SINTÉTICA!D79 -> UND | E84: =PLANILHA_SINTÉTICA!E79 -> 5 | F84: =PLANILHA_SINTÉTICA!H79 -> 2010.29 | G84: =PLANILHA_SINTÉTICA!K79 -> 10051.45 | H84: =H83+G84 -> 3318920.6 | I84: =G84/$H$313 -> 0.0025946074 | J84: =J83+I84 -> 0.85672176 | K84: C
C85: =PLANILHA_SINTÉTICA!C32 -> MONTAGEM DE ARMADURA DE ESTACAS, DIÂMETRO = 10,0 MM. AF_09/2021_PS | D85: =PLANILHA_SINTÉTICA!D32 -> KG | E85: =PLANILHA_SINTÉTICA!E32 -> 913.1 | F85: =PLANILHA_SINTÉTICA!H32 -> 10.85 | G85: =PLANILHA_SINTÉTICA!K32 -> 9907.13 | H85: =H84+G85 -> 3328827.7 | I85: =G85/$H$313 -> 0.0025573537 | J85: =J84+I85 -> 0.85927911 | K85: C
C86: =PLANILHA_SINTÉTICA!C125 -> DISJUNTOR BAIXA TENSÃO TRIPOLAR A SECO 800A/600V - FORNECIMENTO E INSTALAÇÃO. AF_10/2020 | D86: =PLANILHA_SINTÉTICA!D125 -> UN | E86: =PLANILHA_SINTÉTICA!E125 -> 2 | F86: =PLANILHA_SINTÉTICA!H125 -> 4873.93 | G86: =PLANILHA_SINTÉTICA!K125 -> 9747.86 | H86: =H85+G86 -> 3338575.6 | I86: =G86/$H$313 -> 0.0025162409 | J86: =J85+I86 -> 0.86179535 | K86: C
C87: =PLANILHA_SINTÉTICA!C298 -> SOLEIRA EM GRANITO, LARGURA 15 CM, ESPESSURA 2,0 CM. AF_09/2020 | D87: =PLANILHA_SINTÉTICA!D298 -> M | E87: =PLANILHA_SINTÉTICA!E298 -> 75.4 | F87: =PLANILHA_SINTÉTICA!H298 -> 127.73 | G87: =PLANILHA_SINTÉTICA!K298 -> 9630.84 | H87: =H86+G87 -> 3348206.4 | I87: =G87/$H$313 -> 0.0024860342 | J87: =J86+I87 -> 0.86428139 | K87: C
C88: =PLANILHA_SINTÉTICA!C37 -> ARMAÇÃO DE SAPATA ISOLADA, VIGA BALDRAME E SAPATA CORRIDA UTILIZANDO AÇO CA-50 DE 8 MM - MONTAGEM. AF_01/2024 | D88: =PLANILHA_SINTÉTICA!D37 -> KG | E88: =PLANILHA_SINTÉTICA!E37 -> 602 | F88: =PLANILHA_SINTÉTICA!H37 -> 15.42 | G88: =PLANILHA_SINTÉTICA!K37 -> 9282.84 | H88: =H87+G88 -> 3357489.3 | I88: =G88/$H$313 -> 0.0023962041 | J88: =J87+I88 -> 0.86667759 | K88: C
C89: =PLANILHA_SINTÉTICA!C45 -> ARMAÇÃO DE PILAR OU VIGA DE ESTRUTURA CONVENCIONAL DE CONCRETO ARMADO UTILIZANDO AÇO CA-60 DE 5,0 MM - MONTAGEM. AF_06/2022 | D89: =PLANILHA_SINTÉTICA!D45 -> KG | E89: =PLANILHA_SINTÉTICA!E45 -> 584.6 | F89: =PLANILHA_SINTÉTICA!H45 -> 15.57 | G89: =PLANILHA_SINTÉTICA!K45 -> 9102.22 | H89: =H88+G89 -> 3366591.5 | I89: =G89/$H$313 -> 0.0023495801 | J89: =J88+I89 -> 0.86902717 | K89: C
C90: =PLANILHA_SINTÉTICA!C248 -> LAVATÓRIO LOUÇA BRANCA COM COLUNA, 45 X 55CM OU EQUIVALENTE, PADRÃO MÉDIO - FORNECIMENTO E INSTALAÇÃO. AF_01/2020 | D90: =PLANILHA_SINTÉTICA!D248 -> UN | E90: =PLANILHA_SINTÉTICA!E248 -> 23 | F90: =PLANILHA_SINTÉTICA!H248 -> 388.46 | G90: =PLANILHA_SINTÉTICA!K248 -> 8934.58 | H90: =H89+G90 -> 3375526.1 | I90: =G90/$H$313 -> 0.0023063068 | J90: =J89+I90 -> 0.87133348 | K90: C
C91: =PLANILHA_SINTÉTICA!C310 -> IMPERMEABILIZAÇÃO DE SUPERFÍCIE COM MANTA ASFÁLTICA, DUAS CAMADAS, INCLUSIVE APLICAÇÃO DE PRIMER ASFÁLTICO, E=3MM E E=4MM. AF_09/2023 | D91: =PLANILHA_SINTÉTICA!D310 -> M2 | E91: =PLANILHA_SINTÉTICA!E310 -> 38.54 | F91: =PLANILHA_SINTÉTICA!H310 -> 230.76 | G91: =PLANILHA_SINTÉTICA!K310 -> 8893.49 | H91: =H90+G91 -> 3384419.5 | I91: =G91/$H$313 -> 0.0022957001 | J91: =J90+I91 -> 0.87362918 | K91: C
C92: =PLANILHA_SINTÉTICA!C84 -> KIT DE PORTA DE MADEIRA PARA PINTURA, SEMI-OCA (LEVE OU MÉDIA), PADRÃO MÉDIO, DUAS FOLHAS DE ABRIR, 140X210CM, ESPESSURA DE 3,5CM, ITENS INCLUSOS: DOBRADIÇAS, MONTAGEM E INSTALAÇÃO DO BATENTE, FECHADURA COM EXECUÇÃO DO FURO - FORNECIMENTO E INSTALAÇÃO | D92: =PLANILHA_SINTÉTICA!D84 -> UND | E92: =PLANILHA_SINTÉTICA!E84 -> 4 | F92: =PLANILHA_SINTÉTICA!H84 -> 2189.64 | G92: =PLANILHA_SINTÉTICA!K84 -> 8758.56 | H92: =H91+G92 -> 3393178.1 | I92: =G92/$H$313 -> 0.0022608703 | J92: =J91+I92 -> 0.87589005 | K92: C
C93: =PLANILHA_SINTÉTICA!C135 -> QUADRO DE DISTRIBUIÇÃO DE ENERGA EM CHAPA DE AÇO GALVANIZADO, DE EMBUTIR, COM BARRAMENTO TRIFÁSICO, 225A, CAPACIDADE PARA 56 DISJUNTORES - FORNECIMENTO E INSTALAÇÃO | D93: =PLANILHA_SINTÉTICA!D135 -> UN | E93: =PLANILHA_SINTÉTICA!E135 -> 5 | F93: =PLANILHA_SINTÉTICA!H135 -> 1883.25 | G93: =PLANILHA_SINTÉTICA!K135 -> 9416.25 | H93: =H92+G93 -> 3402594.4 | I93: =G93/$H$313 -> 0.0024306415 | J93: =J92+I93 -> 0.87832069 | K93: C
C94: =PLANILHA_SINTÉTICA!C39 -> CONCRETAGEM DE BLOCOS DE COROAMENTO E VIGAS BALDRAMES, FCK 25 MPA, COM USO DE BOMBA DE LANÇAMENTO, ADENSAMENTO E ACABAMENTO | D94: =PLANILHA_SINTÉTICA!D39 -> M3 | E94: =PLANILHA_SINTÉTICA!E39 -> 13.98 | F94: =PLANILHA_SINTÉTICA!H39 -> 606.61 | G94: =PLANILHA_SINTÉTICA!K39 -> 8480.4 | H94: =H93+G94 -> 3411074.8 | I94: =G94/$H$313 -> 0.0021890681 | J94: =J93+I94 -> 0.88050976 | K94: C
C95: =PLANILHA_SINTÉTICA!C116 -> TOMADA BAIXA DE EMBUTIR (1 MÓDULO), 2P+T 20 A, INCLUINDO SUPORTE E PLACA - FORNECIMENTO E INSTALAÇÃO. AF_03/2023 | D95: =PLANILHA_SINTÉTICA!D116 -> UN | E95: =PLANILHA_SINTÉTICA!E116 -> 202 | F95: =PLANILHA_SINTÉTICA!H116 -> 41.18 | G95: =PLANILHA_SINTÉTICA!K116 -> 8318.36 | H95: =H94+G95 -> 3419393.1 | I95: =G95/$H$313 -> 0.0021472403 | J95: =J94+I95 -> 0.882657 | K95: C
C96: =PLANILHA_SINTÉTICA!C91 -> CAIXILHO FIXO DE ALUMÍNIO PARA VIDRO (VIDRO INCLUSO), BATENTE/ REQUADRO DE 4 A 14 CM, SEM GUARNIÇÃO/ ALIZAR, FIXAÇÃO COM PARAFUSOS, VEDAÇÃO COM SILICONE, EXCLUSIVE CONTRAMARCO - FORNECIMENTO E INSTALAÇÃO. AF_11/2024 | D96: =PLANILHA_SINTÉTICA!D91 -> M2 | E96: =PLANILHA_SINTÉTICA!E91 -> 5.81 | F96: =PLANILHA_SINTÉTICA!H91 -> 1428.94 | G96: =PLANILHA_SINTÉTICA!K91 -> 8302.14 | H96: =H95+G96 -> 3427695.3 | I96: =G96/$H$313 -> 0.0021430534 | J96: =J95+I96 -> 0.88480005 | K96: C
C97: =PLANILHA_SINTÉTICA!C317 -> FUNDO SELADOR ACRÍLICO, APLICAÇÃO MANUAL EM TETO, UMA DEMÃO. AF_04/2023 | D97: =PLANILHA_SINTÉTICA!D317 -> M2 | E97: =PLANILHA_SINTÉTICA!E317 -> 1396.44 | F97: =PLANILHA_SINTÉTICA!H317 -> 5.93 | G97: =PLANILHA_SINTÉTICA!K317 -> 8280.88 | H97: =H96+G97 -> 3435976.1 | I97: =G97/$H$313 -> 0.0021375655 | J97: =J96+I97 -> 0.88693762 | K97: C
C98: =PLANILHA_SINTÉTICA!C321 -> FUNDO SELADOR ACRÍLICO, APLICAÇÃO MANUAL EM PAREDE, UMA DEMÃO. AF_04/2023 | D98: =PLANILHA_SINTÉTICA!D321 -> M2 | E98: =PLANILHA_SINTÉTICA!E321 -> 1770.28 | F98: =PLANILHA_SINTÉTICA!H321 -> 4.67 | G98: =PLANILHA_SINTÉTICA!K321 -> 8267.2 | H98: =H97+G98 -> 3444243.3 | I98: =G98/$H$313 -> 0.0021340342 | J98: =J97+I98 -> 0.88907165 | K98: C
C99: =PLANILHA_SINTÉTICA!C305 -> MASSA ÚNICA, EM ARGAMASSA TRAÇO 1:2:8, PREPARO MECÂNICO, APLICADA MANUALMENTE EM TETO DE AMBIENTES COM PAREDES EM PÉ-DIREITO DUPLO, E = 17,5MM, COM TALISCAS. AF_03/2024 | D99: =PLANILHA_SINTÉTICA!D305 -> M2 | E99: =PLANILHA_SINTÉTICA!E305 -> 138.3 | F99: =PLANILHA_SINTÉTICA!H305 -> 57.69 | G99: =PLANILHA_SINTÉTICA!K305 -> 7978.52 | H99: =H98+G99 -> 3452221.9 | I99: =G99/$H$313 -> 0.0020595165 | J99: =J98+I99 -> 0.89113117 | K99: C
C100: =PLANILHA_SINTÉTICA!C56 -> LAJE PRÉ-MOLDADA UNIDIRECIONAL, BIAPOIADA, PARA TETO, ENCHIMENTO EM CERÂMICA, VIGOTA CONVENCIONAL, ALTURA TOTAL DA LAJE 16,00CM (ENCHIMENTO+CAPA)= (12+4) | D100: =PLANILHA_SINTÉTICA!D56 -> M2 | E100: =PLANILHA_SINTÉTICA!E56 -> 39 | F100: =PLANILHA_SINTÉTICA!H56 -> 195.47 | G100: =PLANILHA_SINTÉTICA!K56 -> 7623.33 | H100: =H99+G100 -> 3459845.2 | I100: =G100/$H$313 -> 0.0019678304 | J100: =J99+I100 -> 0.893099 | K100: C
C101: =PLANILHA_SINTÉTICA!C62 -> DIVISORIA SANITÁRIA, TIPO CABINE, EM GRANITO CINZA POLIDO, ESP = 3CM, ASSENTADO COM ARGAMASSA COLANTE AC III-E, EXCLUSIVE FERRAGENS. AF_01/2021 | D101: =PLANILHA_SINTÉTICA!D62 -> M2 | E101: =PLANILHA_SINTÉTICA!E62 -> 7.75 | F101: =PLANILHA_SINTÉTICA!H62 -> 943.01 | G101: =PLANILHA_SINTÉTICA!K62 -> 7308.32 | H101: =H100+G101 -> 3467153.5 | I101: =G101/$H$313 -> 0.001886516 | J101: =J100+I101 -> 0.89498552 | K101: C
C102: =PLANILHA_SINTÉTICA!C53 -> CONCRETAGEM DE PILARES, FCK = 25 MPA, COM USO DE BOMBA - LANÇAMENTO, ADENSAMENTO E ACABAMENTO. AF_02/2022_PS | D102: =PLANILHA_SINTÉTICA!D53 -> M3 | E102: =PLANILHA_SINTÉTICA!E53 -> 11.64 | F102: =PLANILHA_SINTÉTICA!H53 -> 609.08 | G102: =PLANILHA_SINTÉTICA!K53 -> 7089.69 | H102: =H101+G102 -> 3474243.2 | I102: =G102/$H$313 -> 0.0018300805 | J102: =J101+I102 -> 0.8968156 | K102: C
...

Sheet CRONOGRAMA
A1: MODELO DE CRONOGRAMA PARA SER UTILIZADO QUANDO SE TRATAR APENAS DE UM TIPO DE OBRA. QUANDO HOUVER REPAROS E MELHORIAS NA MESMA OBRA, ELABORAR CRONOGRAMAS SEPARADOS
M3: PRÓPRIO: | N3: =IF('FOLHA FECHAMENTO'!$C$10<>"",'FOLHA FECHAMENTO'!$C$10," ") -> AMPLIÇÃO E REGULARIZAÇÃO DE UNIDADE MISTA DE SAÚDE | Y3: PRÓPRIO: | Z3: =IF('FOLHA FECHAMENTO'!$C$10<>"",'FOLHA FECHAMENTO'!$C$10," ") -> AMPLIÇÃO E REGULARIZAÇÃO DE UNIDADE MISTA DE SAÚDE | AK3: PRÓPRIO: | AL3: =IF('FOLHA FECHAMENTO'!$C$10<>"",'FOLHA FECHAMENTO'!$C$10," ") -> AMPLIÇÃO E REGULARIZAÇÃO DE UNIDADE MISTA DE SAÚDE | AN3: DATA: | AO3: =IF('FOLHA FECHAMENTO'!$L$9<>"",'FOLHA FECHAMENTO'!$L$9," ") -> 46164
M4: MUNICÍPIO: | N4: =IF(DADOS!$D$16<>"",DADOS!$D$16," ") -> FLORAÍ | Y4: MUNICÍPIO: | Z4: =IF(DADOS!$D$16<>"",DADOS!$D$16," ") -> FLORAÍ | AK4: MUNICÍPIO: | AL4: =IF(DADOS!$D$16<>"",DADOS!$D$16," ") -> FLORAÍ | AN4: TIPO OBRA: | AO4: =IF('FOLHA FECHAMENTO'!K10<>"",'FOLHA FECHAMENTO'!K10," ") -> AMPLIAÇÃO
M5: EMPRESA: | N5: =IF(DADOS!$D$32<>"",DADOS!$D$32," ") -> APOIO ARQUITETURA EM PROJETOS | Y5: EMPRESA: | Z5: =IF(DADOS!$D$32<>"",DADOS!$D$32," ") -> APOIO ARQUITETURA EM PROJETOS | AK5: EMPRESA: | AL5: =IF(DADOS!$D$32<>"",DADOS!$D$32," ") -> APOIO ARQUITETURA EM PROJETOS | AN5: PROTOCOLO: | AO5: =IF('FOLHA FECHAMENTO'!$K$12<>"",'FOLHA FECHAMENTO'!$K$12," ") -> 25.677.165-9
AN6: PRAZO EXECUÇÃO | AO6: =IF('FOLHA FECHAMENTO'!$F$31<>"",'FOLHA FECHAMENTO'!$F$31," ") -> 540
AN7: BDI | AO7: =IF('FOLHA FECHAMENTO'!$D$25<>"",('FOLHA FECHAMENTO'!$D$25)," ") -> 0.21915079
B8: SERVIÇOS | D8: 30 | E8: % NO PERIODO | F8: 60 | G8: % NO PERIODO | H8: 90 | I8: % NO PERIODO | J8: 120 | K8: % NO PERIODO | L8: 150 | M8: % NO PERIODO | N8: 180 | O8: % NO PERIODO | P8: 210 | Q8: % NO PERIODO | R8: 240 | S8: % NO PERIODO | T8: 270 | U8: % NO PERIODO | V8: 300 | W8: % NO PERIODO | X8: 330 | Y8: % NO PERIODO | Z8: 360 | AA8: % NO PERIODO | AB8: 390 | AC8: % NO PERIODO | AD8: 420 | AE8: % NO PERIODO | AF8: 450 | AG8: % NO PERIODO | AH8: 480 | AI8: % NO PERIODO | AJ8: 510 | AK8: % NO PERIODO | AL8: 540 | AM8: % NO PERIODO | AN8: VALOR | AO8: VALOR
A9: ITEM | C9: ÍNDICE | AN9: SERVIÇO | AO9: PLANILHA
AN10: C/ BDI | AO10: S/ BDI
A11: 1 | B11: =RESUMO!C14 -> ADMINISTRAÇÃO LOCAL | C11: =IFERROR(AN11/$AN$46,0) -> 0.064638411 | D11: =IF(B11<>"",E11*AN11," ") -> 14932.061 | E11: 0.05 | F11: =IF(B11<>"",G11*AN11," ") -> 14932.061 | G11: 0.05 | H11: =IF(B11<>"",I11*AN11," ") -> 14932.061 | I11: 0.05 | J11: =IF(B11<>"",K11*AN11," ") -> 14932.061 | K11: 0.05 | L11: =IF(B11<>"",M11*AN11," ") -> 14932.061 | M11: 0.05 | N11: =IF(B11<>"",O11*AN11," ") -> 14932.061 | O11: 0.05 | P11: =IF($B11<>"",Q11*$AN11," ") -> 14932.061 | Q11: 0.05 | R11: =IF($B11<>"",S11*$AN11," ") -> 14932.061 | S11: 0.05 | T11: =IF($B11<>"",U11*$AN11," ") -> 14932.061 | U11: 0.05 | V11: =IF($B11<>"",W11*$AN11," ") -> 14932.061 | W11: 0.05 | X11: =IF($B11<>"",Y11*$AN11," ") -> 14932.061 | Y11: 0.05 | Z11: =IF($B11<>"",AA11*$AN11," ") -> 14932.061 | AA11: 0.05 | AB11: =IF($B11<>"",AC11*$AN11," ") -> 14932.061 | AC11: 0.05 | AD11: =IF($B11<>"",AE11*$AN11," ") -> 14932.061 | AE11: 0.05 | AF11: =IF($B11<>"",AG11*$AN11," ") -> 14932.061 | AG11: 0.05 | AH11: =IF($B11<>"",AI11*$AN11," ") -> 14932.061 | AI11: 0.05 | AJ11: =IF($B11<>"",AK11*$AN11," ") -> 29864.121 | AK11: 0.1 | AL11: =IF($B11<>"",AM11*$AN11," ") -> 29864.121 | AM11: 0.1 | AN11: =(IF(B11<>"",AO11*(1+$AO$7)," ")) -> 298641.21 | AO11: =RESUMO!H14 -> 244958.39 | AR11: =E11+G11+I11+K11+M11+O11+Q11+S11+U11+W11+Y11+AA11+AC11+AE11+AG11+AI11+AK11+AM11 -> 1
A12: 2 | B12: =RESUMO!C15 -> SERVIÇOS PRELIMINARES | C12: =IFERROR(AN12/$AN$46,0) -> 0.026682846 | D12: =IF(B12<>"",E12*AN12," ") -> 24655.92 | E12: 0.2 | F12: =IF(B12<>"",G12*AN12," ") -> 98623.681 | G12: 0.8 | H12: =IF(B12<>"",I12*AN12," ") -> 0 | J12: =IF(B12<>"",K12*AN12," ") -> 0 | L12: =IF(B12<>"",M12*AN12," ") -> 0 | N12: =IF(B12<>"",O12*AN12," ") -> 0 | P12: =IF($B12<>"",Q12*$AN12," ") -> 0 | R12: =IF($B12<>"",S12*$AN12," ") -> 0 | T12: =IF($B12<>"",U12*$AN12," ") -> 0 | V12: =IF($B12<>"",W12*$AN12," ") -> 0 | X12: =IF($B12<>"",Y12*$AN12," ") -> 0 | Z12: =IF($B12<>"",AA12*$AN12," ") -> 0 | AB12: =IF($B12<>"",AC12*$AN12," ") -> 0 | AD12: =IF($B12<>"",AE12*$AN12," ") -> 0 | AF12: =IF($B12<>"",AG12*$AN12," ") -> 0 | AH12: =IF($B12<>"",AI12*$AN12," ") -> 0 | AJ12: =IF($B12<>"",AK12*$AN12," ") -> 0 | AL12: =IF($B12<>"",AM12*$AN12," ") -> 0 | AN12: =(IF(B12<>"",AO12*(1+$AO$7)," ")) -> 123279.6 | AO12: =RESUMO!H15 -> 101119.24 | AR12: =E12+G12+I12+K12+M12+O12+Q12+S12+U12+W12+Y12+AA12+AC12+AE12+AG12+AI12+AK12+AM12 -> 1
A13: 3 | B13: =RESUMO!C16 -> EXECUÇÃO E COMPACTAÇÃO DE ATERRO | C13: =IFERROR(AN13/$AN$46,0) -> 0.00091017106 | D13: =IF(B13<>"",E13*AN13," ") -> 0 | F13: =IF(B13<>"",G13*AN13," ") -> 4205.1559 | G13: 1 | H13: =IF(B13<>"",I13*AN13," ") -> 0 | J13: =IF(B13<>"",K13*AN13," ") -> 0 | L13: =IF(B13<>"",M13*AN13," ") -> 0 | N13: =IF(B13<>"",O13*AN13," ") -> 0 | P13: =IF($B13<>"",Q13*$AN13," ") -> 0 | R13: =IF($B13<>"",S13*$AN13," ") -> 0 | T13: =IF($B13<>"",U13*$AN13," ") -> 0 | V13: =IF($B13<>"",W13*$AN13," ") -> 0 | X13: =IF($B13<>"",Y13*$AN13," ") -> 0 | Z13: =IF($B13<>"",AA13*$AN13," ") -> 0 | AB13: =IF($B13<>"",AC13*$AN13," ") -> 0 | AD13: =IF($B13<>"",AE13*$AN13," ") -> 0 | AF13: =IF($B13<>"",AG13*$AN13," ") -> 0 | AH13: =IF($B13<>"",AI13*$AN13," ") -> 0 | AJ13: =IF($B13<>"",AK13*$AN13," ") -> 0 | AL13: =IF($B13<>"",AM13*$AN13," ") -> 0 | AN13: =(IF(B13<>"",AO13*(1+$AO$7)," ")) -> 4205.1559 | AO13: =RESUMO!H16 -> 3449.25 | AR13: =E13+G13+I13+K13+M13+O13+Q13+S13+U13+W13+Y13+AA13+AC13+AE13+AG13+AI13+AK13+AM13 -> 1
A14: 4 | B14: =RESUMO!C17 -> FUNDAÇÕES | C14: =IFERROR(AN14/$AN$46,0) -> 0.03390518 | D14: =IF(B14<>"",E14*AN14," ") -> 0 | F14: =IF(B14<>"",G14*AN14," ") -> 0 | H14: =IF(B14<>"",I14*AN14," ") -> 78324.05 | I14: 0.5 | J14: =IF(B14<>"",K14*AN14," ") -> 78324.05 | K14: 0.5 | L14: =IF(B14<>"",M14*AN14," ") -> 0 | N14: =IF(B14<>"",O14*AN14," ") -> 0 | P14: =IF($B14<>"",Q14*$AN14," ") -> 0 | R14: =IF($B14<>"",S14*$AN14," ") -> 0 | T14: =IF($B14<>"",U14*$AN14," ") -> 0 | V14: =IF($B14<>"",W14*$AN14," ") -> 0 | X14: =IF($B14<>"",Y14*$AN14," ") -> 0 | Z14: =IF($B14<>"",AA14*$AN14," ") -> 0 | AB14: =IF($B14<>"",AC14*$AN14," ") -> 0 | AD14: =IF($B14<>"",AE14*$AN14," ") -> 0 | AF14: =IF($B14<>"",AG14*$AN14," ") -> 0 | AH14: =IF($B14<>"",AI14*$AN14," ") -> 0 | AJ14: =IF($B14<>"",AK14*$AN14," ") -> 0 | AL14: =IF($B14<>"",AM14*$AN14," ") -> 0 | AN14: =(IF(B14<>"",AO14*(1+$AO$7)," ")) -> 156648.1 | AO14: =RESUMO!H17 -> 128489.52 | AR14: =E14+G14+I14+K14+M14+O14+Q14+S14+U14+W14+Y14+AA14+AC14+AE14+AG14+AI14+AK14+AM14 -> 1
A15: 5 | B15: =RESUMO!C18 -> SUPERESTRUTURA | C15: =IFERROR(AN15/$AN$46,0) -> 0.034749699 | D15: =IF(B15<>"",E15*AN15," ") -> 0 | F15: =IF(B15<>"",G15*AN15," ") -> 0 | H15: =IF(B15<>"",I15*AN15," ") -> 0 | J15: =IF(B15<>"",K15*AN15," ") -> 48164.979 | K15: 0.3 | L15: =IF(B15<>"",M15*AN15," ") -> 48164.979 | M15: 0.3 | N15: =IF(B15<>"",O15*AN15," ") -> 64219.972 | O15: 0.4 | P15: =IF($B15<>"",Q15*$AN15," ") -> 0 | R15: =IF($B15<>"",S15*$AN15," ") -> 0 | T15: =IF($B15<>"",U15*$AN15," ") -> 0 | V15: =IF($B15<>"",W15*$AN15," ") -> 0 | X15: =IF($B15<>"",Y15*$AN15," ") -> 0 | Z15: =IF($B15<>"",AA15*$AN15," ") -> 0 | AB15: =IF($B15<>"",AC15*$AN15," ") -> 0 | AD15: =IF($B15<>"",AE15*$AN15," ") -> 0 | AF15: =IF($B15<>"",AG15*$AN15," ") -> 0 | AH15: =IF($B15<>"",AI15*$AN15," ") -> 0 | AJ15: =IF($B15<>"",AK15*$AN15," ") -> 0 | AL15: =IF($B15<>"",AM15*$AN15," ") -> 0 | AN15: =(IF(B15<>"",AO15*(1+$AO$7)," ")) -> 160549.93 | AO15: =RESUMO!H18 -> 131689.97 | AR15: =E15+G15+I15+K15+M15+O15+Q15+S15+U15+W15+Y15+AA15+AC15+AE15+AG15+AI15+AK15+AM15 -> 1
A16: 6 | B16: =RESUMO!C19 -> VERGAS E CONTRAVERGAS | C16: =IFERROR(AN16/$AN$46,0) -> 0.0057485499 | D16: =IF(B16<>"",E16*AN16," ") -> 0 | F16: =IF(B16<>"",G16*AN16," ") -> 0 | H16: =IF(B16<>"",I16*AN16," ") -> 0 | J16: =IF(B16<>"",K16*AN16," ") -> 0 | L16: =IF(B16<>"",M16*AN16," ") -> 0 | N16: =IF(B16<>"",O16*AN16," ") -> 13279.673 | O16: 0.5 | P16: =IF($B16<>"",Q16*$AN16," ") -> 13279.673 | Q16: 0.5 | R16: =IF($B16<>"",S16*$AN16," ") -> 0 | T16: =IF($B16<>"",U16*$AN16," ") -> 0 | V16: =IF($B16<>"",W16*$AN16," ") -> 0 | X16: =IF($B16<>"",Y16*$AN16," ") -> 0 | Z16: =IF($B16<>"",AA16*$AN16," ") -> 0 | AB16: =IF($B16<>"",AC16*$AN16," ") -> 0 | AD16: =IF($B16<>"",AE16*$AN16," ") -> 0 | AF16: =IF($B16<>"",AG16*$AN16," ") -> 0 | AH16: =IF($B16<>"",AI16*$AN16," ") -> 0 | AJ16: =IF($B16<>"",AK16*$AN16," ") -> 0 | AL16: =IF($B16<>"",AM16*$AN16," ") -> 0 | AN16: =(IF(B16<>"",AO16*(1+$AO$7)," ")) -> 26559.346 | AO16: =RESUMO!H19 -> 21785.12 | AR16: =E16+G16+I16+K16+M16+O16+Q16+S16+U16+W16+Y16+AA16+AC16+AE16+AG16+AI16+AK16+AM16 -> 1
A17: 7 | B17: =RESUMO!C20 -> ALVENARIA E DIVISÓRIAS | C17: =IFERROR(AN17/$AN$46,0) -> 0.033835153 | D17: =IF(B17<>"",E17*AN17," ") -> 0 | F17: =IF(B17<>"",G17*AN17," ") -> 0 | H17: =IF(B17<>"",I17*AN17," ") -> 0 | J17: =IF(B17<>"",K17*AN17," ") -> 0 | L17: =IF(B17<>"",M17*AN17," ") -> 46897.368 | M17: 0.3 | N17: =IF(B17<>"",O17*AN17," ") -> 46897.368 | O17: 0.3 | P17: =IF($B17<>"",Q17*$AN17," ") -> 62529.825 | Q17: 0.4 | R17: =IF($B17<>"",S17*$AN17," ") -> 0 | T17: =IF($B17<>"",U17*$AN17," ") -> 0 | V17: =IF($B17<>"",W17*$AN17," ") -> 0 | X17: =IF($B17<>"",Y17*$AN17," ") -> 0 | Z17: =IF($B17<>"",AA17*$AN17," ") -> 0 | AB17: =IF($B17<>"",AC17*$AN17," ") -> 0 | AD17: =IF($B17<>"",AE17*$AN17," ") -> 0 | AF17: =IF($B17<>"",AG17*$AN17," ") -> 0 | AH17: =IF($B17<>"",AI17*$AN17," ") -> 0 | AJ17: =IF($B17<>"",AK17*$AN17," ") -> 0 | AL17: =IF($B17<>"",AM17*$AN17," ") -> 0 | AN17: =(IF(B17<>"",AO17*(1+$AO$7)," ")) -> 156324.56 | AO17: =RESUMO!H20 -> 128224.14 | AR17: =E17+G17+I17+K17+M17+O17+Q17+S17+U17+W17+Y17+AA17+AC17+AE17+AG17+AI17+AK17+AM17 -> 1
A18: 8 | B18: =RESUMO!C21 -> COBERTURA METÁLICA, CALHAS E RUFOS | C18: =IFERROR(AN18/$AN$46,0) -> 0.087920049 | D18: =IF(B18<>"",E18*AN18," ") -> 0 | F18: =IF(B18<>"",G18*AN18," ") -> 0 | H18: =IF(B18<>"",I18*AN18," ") -> 0 | J18: =IF(B18<>"",K18*AN18," ") -> 0 | L18: =IF(B18<>"",M18*AN18," ") -> 0 | N18: =IF(B18<>"",O18*AN18," ") -> 0 | P18: =IF($B18<>"",Q18*$AN18," ") -> 0 | R18: =IF($B18<>"",S18*$AN18," ") -> 162482.65 | S18: 0.4 | T18: =IF($B18<>"",U18*$AN18," ") -> 121861.99 | U18: 0.3 | V18: =IF($B18<>"",W18*$AN18," ") -> 121861.99 | W18: 0.3 | X18: =IF($B18<>"",Y18*$AN18," ") -> 0 | Z18: =IF($B18<>"",AA18*$AN18," ") -> 0 | AB18: =IF($B18<>"",AC18*$AN18," ") -> 0 | AD18: =IF($B18<>"",AE18*$AN18," ") -> 0 | AF18: =IF($B18<>"",AG18*$AN18," ") -> 0 | AH18: =IF($B18<>"",AI18*$AN18," ") -> 0 | AJ18: =IF($B18<>"",AK18*$AN18," ") -> 0 | AL18: =IF($B18<>"",AM18*$AN18," ") -> 0 | AN18: =(IF(B18<>"",AO18*(1+$AO$7)," ")) -> 406206.62 | AO18: =RESUMO!H21 -> 333188.17 | AR18: =E18+G18+I18+K18+M18+O18+Q18+S18+U18+W18+Y18+AA18+AC18+AE18+AG18+AI18+AK18+AM18 -> 1
A19: 9 | B19: =RESUMO!C22 -> PORTAS | C19: =IFERROR(AN19/$AN$46,0) -> 0.041286486 | D19: =IF(B19<>"",E19*AN19," ") -> 0 | F19: =IF(B19<>"",G19*AN19," ") -> 0 | H19: =IF(B19<>"",I19*AN19," ") -> 0 | J19: =IF(B19<>"",K19*AN19," ") -> 0 | L19: =IF(B19<>"",M19*AN19," ") -> 0 | N19: =IF(B19<>"",O19*AN19," ") -> 0 | P19: =IF($B19<>"",Q19*$AN19," ") -> 0 | R19: =IF($B19<>"",S19*$AN19," ") -> 0 | T19: =IF($B19<>"",U19*$AN19," ") -> 0 | V19: =IF($B19<>"",W19*$AN19," ") -> 0 | X19: =IF($B19<>"",Y19*$AN19," ") -> 0 | Z19: =IF($B19<>"",AA19*$AN19," ") -> 0 | AB19: =IF($B19<>"",AC19*$AN19," ") -> 0 | AD19: =IF($B19<>"",AE19*$AN19," ") -> 0 | AF19: =IF($B19<>"",AG19*$AN19," ") -> 38150.215 | AG19: 0.2 | AH19: =IF($B19<>"",AI19*$AN19," ") -> 47687.769 | AI19: 0.25 | AJ19: =IF($B19<>"",AK19*$AN19," ") -> 47687.769 | AK19: 0.25 | AL19: =IF($B19<>"",AM19*$AN19," ") -> 57225.323 | AM19: 0.3 | AN19: =(IF(B19<>"",AO19*(1+$AO$7)," ")) -> 190751.08 | AO19: =RESUMO!H22 -> 156462.25 | AR19: =E19+G19+I19+K19+M19+O19+Q19+S19+U19+W19+Y19+AA19+AC19+AE19+AG19+AI19+AK19+AM19 -> 1
A20: 10 | B20: =RESUMO!C23 -> JANELAS | C20: =IFERROR(AN20/$AN$46,0) -> 0.012166577 | D20: =IF(B20<>"",E20*AN20," ") -> 0 | F20: =IF(B20<>"",G20*AN20," ") -> 0 | H20: =IF(B20<>"",I20*AN20," ") -> 0 | J20: =IF(B20<>"",K20*AN20," ") -> 0 | L20: =IF(B20<>"",M20*AN20," ") -> 0 | N20: =IF(B20<>"",O20*AN20," ") -> 0 | P20: =IF($B20<>"",Q20*$AN20," ") -> 0 | R20: =IF($B20<>"",S20*$AN20," ") -> 0 | T20: =IF($B20<>"",U20*$AN20," ") -> 0 | V20: =IF($B20<>"",W20*$AN20," ") -> 0 | X20: =IF($B20<>"",Y20*$AN20," ") -> 0 | Z20: =IF($B20<>"",AA20*$AN20," ") -> 0 | AB20: =IF($B20<>"",AC20*$AN20," ") -> 0 | AD20: =IF($B20<>"",AE20*$AN20," ") -> 22484.72 | AE20: 0.4 | AF20: =IF($B20<>"",AG20*$AN20," ") -> 11242.36 | AG20: 0.2 | AH20: =IF($B20<>"",AI20*$AN20," ") -> 11242.36 | AI20: 0.2 | AJ20: =IF($B20<>"",AK20*$AN20," ") -> 11242.36 | AK20: 0.2 | AL20: =IF($B20<>"",AM20*$AN20," ") -> 0 | AN20: =(IF(B20<>"",AO20*(1+$AO$7)," ")) -> 56211.8 | AO20: =RESUMO!H23 -> 46107.34 | AR20: =E20+G20+I20+K20+M20+O20+Q20+S20+U20+W20+Y20+AA20+AC20+AE20+AG20+AI20+AK20+AM20 -> 1
A21: 11 | B21: =RESUMO!C24 -> INSTALAÇÕES ELÉTRICAS | C21: =IFERROR(AN21/$AN$46,0) -> 0.15905163 | D21: =IF(B21<>"",E21*AN21," ") -> 0 | F21: =IF(B21<>"",G21*AN21," ") -> 0 | H21: =IF(B21<>"",I21*AN21," ") -> 0 | J21: =IF(B21<>"",K21*AN21," ") -> 0 | L21: =IF(B21<>"",M21*AN21," ") -> 0 | N21: =IF(B21<>"",O21*AN21," ") -> 146969.49 | O21: 0.2 | P21: =IF($B21<>"",Q21*$AN21," ") -> 146969.49 | Q21: 0.2 | R21: =IF($B21<>"",S21*$AN21," ") -> 146969.49 | S21: 0.2 | T21: =IF($B21<>"",U21*$AN21," ") -> 146969.49 | U21: 0.2 | V21: =IF($B21<>"",W21*$AN21," ") -> 146969.49 | W21: 0.2 | X21: =IF($B21<>"",Y21*$AN21," ") -> 0 | Z21: =IF($B21<>"",AA21*$AN21," ") -> 0 | AB21: =IF($B21<>"",AC21*$AN21," ") -> 0 | AD21: =IF($B21<>"",AE21*$AN21," ") -> 0 | AF21: =IF($B21<>"",AG21*$AN21," ") -> 0 | AH21: =IF($B21<>"",AI21*$AN21," ") -> 0 | AJ21: =IF($B21<>"",AK21*$AN21," ") -> 0 | AL21: =IF($B21<>"",AM21*$AN21," ") -> 0 | AN21: =(IF(B21<>"",AO21*(1+$AO$7)," ")) -> 734847.47 | AO21: =RESUMO!H24 -> 602753.55 | AR21: =E21+G21+I21+K21+M21+O21+Q21+S21+U21+W21+Y21+AA21+AC21+AE21+AG21+AI21+AK21+AM21 -> 1
A22: 12 | B22: =RESUMO!C25 -> INSTALAÇÕES DE LÓGICA, TELEFONE E TV | C22: =IFERROR(AN22/$AN$46,0) -> 0.013729003 | D22: =IF(B22<>"",E22*AN22," ") -> 0 | F22: =IF(B22<>"",G22*AN22," ") -> 0 | H22: =IF(B22<>"",I22*AN22," ") -> 0 | J22: =IF(B22<>"",K22*AN22," ") -> 0 | L22: =IF(B22<>"",M22*AN22," ") -> 0 | N22: =IF(B22<>"",O22*AN22," ") -> 0 | P22: =IF($B22<>"",Q22*$AN22," ") -> 0 | R22: =IF($B22<>"",S22*$AN22," ") -> 0 | T22: =IF($B22<>"",U22*$AN22," ") -> 31715.245 | U22: 0.5 | V22: =IF($B22<>"",W22*$AN22," ") -> 31715.245 | W22: 0.5 | X22: =IF($B22<>"",Y22*$AN22," ") -> 0 | Z22: =IF($B22<>"",AA22*$AN22," ") -> 0 | AB22: =IF($B22<>"",AC22*$AN22," ") -> 0 | AD22: =IF($B22<>"",AE22*$AN22," ") -> 0 | AF22: =IF($B22<>"",AG22*$AN22," ") -> 0 | AH22: =IF($B22<>"",AI22*$AN22," ") -> 0 | AJ22: =IF($B22<>"",AK22*$AN22," ") -> 0 | AL22: =IF($B22<>"",AM22*$AN22," ") -> 0 | AN22: =(IF(B22<>"",AO22*(1+$AO$7)," ")) -> 63430.489 | AO22: =RESUMO!H25 -> 52028.42 | AR22: =E22+G22+I22+K22+M22+O22+Q22+S22+U22+W22+Y22+AA22+AC22+AE22+AG22+AI22+AK22+AM22 -> 1
A23: 13 | B23: =RESUMO!C26 -> INSTALAÇÕES DE SPDA | C23: =IFERROR(AN23/$AN$46,0) -> 0.023300886 | D23: =IF(B23<>"",E23*AN23," ") -> 0 | F23: =IF(B23<>"",G23*AN23," ") -> 0 | H23: =IF(B23<>"",I23*AN23," ") -> 0 | J23: =IF(B23<>"",K23*AN23," ") -> 0 | L23: =IF(B23<>"",M23*AN23," ") -> 0 | N23: =IF(B23<>"",O23*AN23," ") -> 0 | P23: =IF($B23<>"",Q23*$AN23," ") -> 0 | R23: =IF($B23<>"",S23*$AN23," ") -> 0 | T23: =IF($B23<>"",U23*$AN23," ") -> 0 | V23: =IF($B23<>"",W23*$AN23," ") -> 107654.33 | W23: 1 | X23: =IF($B23<>"",Y23*$AN23," ") -> 0 | Z23: =IF($B23<>"",AA23*$AN23," ") -> 0 | AB23: =IF($B23<>"",AC23*$AN23," ") -> 0 | AD23: =IF($B23<>"",AE23*$AN23," ") -> 0 | AF23: =IF($B23<>"",AG23*$AN23," ") -> 0 | AH23: =IF($B23<>"",AI23*$AN23," ") -> 0 | AJ23: =IF($B23<>"",AK23*$AN23," ") -> 0 | AL23: =IF($B23<>"",AM23*$AN23," ") -> 0 | AN23: =(IF(B23<>"",AO23*(1+$AO$7)," ")) -> 107654.33 | AO23: =RESUMO!H26 -> 88302.72 | AR23: =E23+G23+I23+K23+M23+O23+Q23+S23+U23+W23+Y23+AA23+AC23+AE23+AG23+AI23+AK23+AM23 -> 1
A24: 14 | B24: =RESUMO!C27 -> INSTALAÇÕES CLIMATIZAÇÃO - AVAC | C24: =IFERROR(AN24/$AN$46,0) -> 0.1015094 | D24: =IF(B24<>"",E24*AN24," ") -> 0 | F24: =IF(B24<>"",G24*AN24," ") -> 0 | H24: =IF(B24<>"",I24*AN24," ") -> 0 | J24: =IF(B24<>"",K24*AN24," ") -> 0 | L24: =IF(B24<>"",M24*AN24," ") -> 0 | N24: =IF(B24<>"",O24*AN24," ") -> 0 | P24: =IF($B24<>"",Q24*$AN24," ") -> 0 | R24: =IF($B24<>"",S24*$AN24," ") -> 0 | T24: =IF($B24<>"",U24*$AN24," ") -> 0 | V24: =IF($B24<>"",W24*$AN24," ") -> 0 | X24: =IF($B24<>"",Y24*$AN24," ") -> 281395.14 | Y24: 0.6 | Z24: =IF($B24<>"",AA24*$AN24," ") -> 0 | AB24: =IF($B24<>"",AC24*$AN24," ") -> 0 | AD24: =IF($B24<>"",AE24*$AN24," ") -> 187596.76 | AE24: 0.4 | AF24: =IF($B24<>"",AG24*$AN24," ") -> 0 | AH24: =IF($B24<>"",AI24*$AN24," ") -> 0 | AJ24: =IF($B24<>"",AK24*$AN24," ") -> 0 | AL24: =IF($B24<>"",AM24*$AN24," ") -> 0 | AN24: =AO24 -> 468991.9 | AO24: =RESUMO!H27 -> 468991.9 | AR24: =E24+G24+I24+K24+M24+O24+Q24+S24+U24+W24+Y24+AA24+AC24+AE24+AG24+AI24+AK24+AM24 -> 1
A25: 15 | B25: =RESUMO!C28 -> INSTALAÇÕES ELÉTRICAS - PREVENÇÃO DE INCÊNDIO | C25: =IFERROR(AN25/$AN$46,0) -> 0.0060354454 | D25: =IF(B25<>"",E25*AN25," ") -> 0 | F25: =IF(B25<>"",G25*AN25," ") -> 0 | H25: =IF(B25<>"",I25*AN25," ") -> 0 | J25: =IF(B25<>"",K25*AN25," ") -> 0 | L25: =IF(B25<>"",M25*AN25," ") -> 0 | N25: =IF(B25<>"",O25*AN25," ") -> 5576.9712 | O25: 0.2 | P25: =IF($B25<>"",Q25*$AN25," ") -> 5576.9712 | Q25: 0.2 | R25: =IF($B25<>"",S25*$AN25," ") -> 5576.9712 | S25: 0.2 | T25: =IF($B25<>"",U25*$AN25," ") -> 5576.9712 | U25: 0.2 | V25: =IF($B25<>"",W25*$AN25," ") -> 5576.9712 | W25: 0.2 | X25: =IF($B25<>"",Y25*$AN25," ") -> 0 | Z25: =IF($B25<>"",AA25*$AN25," ") -> 0 | AB25: =IF($B25<>"",AC25*$AN25," ") -> 0 | AD25: =IF($B25<>"",AE25*$AN25," ") -> 0 | AF25: =IF($B25<>"",AG25*$AN25," ") -> 0 | AH25: =IF($B25<>"",AI25*$AN25," ") -> 0 | AJ25: =IF($B25<>"",AK25*$AN25," ") -> 0 | AL25: =IF($B25<>"",AM25*$AN25," ") -> 0 | AN25: =(IF(B25<>"",AO25*(1+$AO$7)," ")) -> 27884.856 | AO25: =RESUMO!H28 -> 22872.36 | AR25: =E25+G25+I25+K25+M25+O25+Q25+S25+U25+W25+Y25+AA25+AC25+AE25+AG25+AI25+AK25+AM25 -> 1
A26: 16 | B26: =RESUMO!C29 -> INSTALAÇÕES HIDROSSANITÁRIAS - ESGOTO | C26: =IFERROR(AN26/$AN$46,0) -> 0.0084155721 | D26: =IF(B26<>"",E26*AN26," ") -> 0 | F26: =IF(B26<>"",G26*AN26," ") -> 0 | H26: =IF(B26<>"",I26*AN26," ") -> 0 | J26: =IF(B26<>"",K26*AN26," ") -> 0 | L26: =IF(B26<>"",M26*AN26," ") -> 0 | N26: =IF(B26<>"",O26*AN26," ") -> 7776.2948 | O26: 0.2 | P26: =IF($B26<>"",Q26*$AN26," ") -> 7776.2948 | Q26: 0.2 | R26: =IF($B26<>"",S26*$AN26," ") -> 7776.2948 | S26: 0.2 | T26: =IF($B26<>"",U26*$AN26," ") -> 7776.2948 | U26: 0.2 | V26: =IF($B26<>"",W26*$AN26," ") -> 7776.2948 | W26: 0.2 | X26: =IF($B26<>"",Y26*$AN26," ") -> 0 | Z26: =IF($B26<>"",AA26*$AN26," ") -> 0 | AB26: =IF($B26<>"",AC26*$AN26," ") -> 0 | AD26: =IF($B26<>"",AE26*$AN26," ") -> 0 | AF26: =IF($B26<>"",AG26*$AN26," ") -> 0 | AH26: =IF($B26<>"",AI26*$AN26," ") -> 0 | AJ26: =IF($B26<>"",AK26*$AN26," ") -> 0 | AL26: =IF($B26<>"",AM26*$AN26," ") -> 0 | AN26: =(IF(B26<>"",AO26*(1+$AO$7)," ")) -> 38881.474 | AO26: =RESUMO!H29 -> 31892.26 | AR26: =E26+G26+I26+K26+M26+O26+Q26+S26+U26+W26+Y26+AA26+AC26+AE26+AG26+AI26+AK26+AM26 -> 1
